Workbook

Sheet Раздел I
A1: =CONCATENATE("Реализация субъектами Российской Федерации мероприятий сводного плана в ",'Data Import'!$A$1) -> Реализация субъектами Российской Федерации мероприятий сводного плана в 2025 г.
A2: № | B2: Субьект Российской Федерации | C2: I. Нормативное правовое регулирование в сфере обеспечения доступности для инвалидовобъектов транспортной инфраструктуры, транспортных средств и предоставляемых на них транспортных услуг
C3: 4. Определение и нормативно-правовое закрепление базовых требований доступности транспортного комплекса для инвалидов с учетом современных технических решений
C4: Ожидаемый результат: Принятие региональных нормативных правовых актов и других документов нормативного характера, включая при необходимости актуализацию региональной нормативной, правовой и методической базы в сфере транспорта в части обеспечения доступности для инвалидов объектов транспортной инфраструктуры, транспортных средств и предоставляемых на них транспортных услуг в соответствии с вновь принятыми нормативными правовыми актами федерального уровня
C5: Наличие в региональном сводном плане или ином документе соответствующего мероприятия | E5: =CONCATENATE("Велась ли в ",'Data Import'!$A$1," работа по данному направлению") -> Велась ли в 2025 г. работа по данному направлению
C6: Нет | D6: Да | E6: Нет | F6: Отсутствовала необходимость (обоснование) | G6: Да
G7: Направление регулирования* | H7: Реквизиты актуализированных документов (вид документа, наименование, дата и номер принятия или плантруемые сроки принятия)
A8: 1 | B8: 2 | C8: 3 | D8: 4 | E8: 5 | F8: 6 | G8: 7 | H8: 8
A9: 1 | B9: Амурская область | C9: =IF('Data Import'!$D$2="Нет","+","") | D9: =IF('Data Import'!$D$2="Да","+","") -> + | E9: =IF('Data Import'!$D$3="Нет","+","") | F9: =IF('Data Import'!$D$4<>"",'Data Import'!$D$4,"") | G9: =IF('Data Import'!$D$5<>"",'Data Import'!$D$5,"") | H9: =IF('Data Import'!$D$6<>"",'Data Import'!$D$6,"")
A10: 2 | B10: Еврейская автономная область | C10: =IF('Data Import'!$E$2="Нет","+","") | D10: =IF('Data Import'!$E$2="Да","+","") | E10: =IF('Data Import'!$E$3="Нет","+","") | F10: =IF('Data Import'!$E$4<>"",'Data Import'!$E$4,"") | G10: =IF('Data Import'!$E$5<>"",'Data Import'!$E$5,"") | H10: =IF('Data Import'!$E$6<>"",'Data Import'!$E$6,"")
A11: 3 | B11: Камчатский край | C11: =IF('Data Import'!$F$2="Нет","+","") | D11: =IF('Data Import'!$F$2="Да","+","") | E11: =IF('Data Import'!$F$3="Нет","+","") | F11: =IF('Data Import'!$F$4<>"",'Data Import'!$F$4,"") | G11: =IF('Data Import'!$F$5<>"",'Data Import'!$F$5,"") | H11: =IF('Data Import'!$F$6<>"",'Data Import'!$F$6,"")
A12: 4 | B12: Магаданская область | C12: =IF('Data Import'!$G$2="Нет","+","") | D12: =IF('Data Import'!$G$2="Да","+","") -> + | E12: =IF('Data Import'!$G$3="Нет","+","") | F12: =IF('Data Import'!$G$4<>"",'Data Import'!$G$4,"") | G12: =IF('Data Import'!$G$5<>"",'Data Import'!$G$5,"") -> Предоставление транспортной услуги "социальное такси" маломобильным категориям гражданам, проживающим в Магаданской области, а также гражданам, нуждающимся в заместительной почечной терапии в амбулаторных условиях медицинских организаций Магаданской области | H12: =IF('Data Import'!$G$6<>"",'Data Import'!$G$6,"") -> Постановление Правительства Магаданской области от 18.06.2014 N 509-пп (ред. от 17.06.2026) "Об утверждении Положения о предоставлении транспортной услуги "социальное такси" отдельным категориям граждан, проживающим в Магаданской области"
A13: 5 | B13: Приморский край | C13: =IF('Data Import'!$H$2="Нет","+","") -> + | D13: =IF('Data Import'!$H$2="Да","+","") | E13: =IF('Data Import'!$H$3="Нет","+","") -> + | F13: =IF('Data Import'!$H$4<>"",'Data Import'!$H$4,"") | G13: =IF('Data Import'!$H$5<>"",'Data Import'!$H$5,"") | H13: =IF('Data Import'!$H$6<>"",'Data Import'!$H$6,"")
A14: 6 | B14: Республика Саха (Якутия) | C14: =IF('Data Import'!$I$2="Нет","+","") | D14: =IF('Data Import'!$I$2="Да","+","") -> + | E14: =IF('Data Import'!$I$3="Нет","+","") | F14: =IF('Data Import'!$I$4<>"",'Data Import'!$I$4,"") -> вновь принятые акты федерального уровня не поступали | G14: =IF('Data Import'!$I$5<>"",'Data Import'!$I$5,"") | H14: =IF('Data Import'!$I$6<>"",'Data Import'!$I$6,"")
A15: 7 | B15: Сахалинская область | C15: =IF('Data Import'!$J$2="Нет","+","") | D15: =IF('Data Import'!$J$2="Да","+","") -> + | E15: =IF('Data Import'!$J$3="Нет","+","") | F15: =IF('Data Import'!$J$4<>"",'Data Import'!$J$4,"") -> В связи с отсутствием разработанных новых правовых актов федерального уровня актуализация действующей региональной нормативной, правовой и методической базы в сфере транспорта в части обеспечения доступности для инвалидов объектов транспортной инфраструктуры, транспортных средств и предоставляемых на них транспортных услуг, не потребовалась. | G15: =IF('Data Import'!$J$5<>"",'Data Import'!$J$5,"") | H15: =IF('Data Import'!$J$6<>"",'Data Import'!$J$6,"")
A16: 8 | B16: Хабаровский край | C16: =IF('Data Import'!$K$2="Нет","+","") | D16: =IF('Data Import'!$K$2="Да","+","") -> + | E16: =IF('Data Import'!$K$3="Нет","+","") | F16: =IF('Data Import'!$K$4<>"",'Data Import'!$K$4,"") | G16: =IF('Data Import'!$K$5<>"",'Data Import'!$K$5,"") -> постановление Правительства Хабаровского края от 30.12.2015 № 491-пр "Об утверждении государственной программы Хабаровского края "Доступная среда" | H16: =IF('Data Import'!$K$6<>"",'Data Import'!$K$6,"") -> постановление Правительства Хабаровского края от 30.12.2015 № 491-пр "Об утверждении государственной программы Хабаровского края "Доступная среда"
A17: 9 | B17: Чукотский автономный округ | C17: =IF('Data Import'!$L$2="Нет","+","") | D17: =IF('Data Import'!$L$2="Да","+","") -> + | E17: =IF('Data Import'!$L$3="Нет","+","") -> + | F17: =IF('Data Import'!$L$4<>"",'Data Import'!$L$4,"") | G17: =IF('Data Import'!$L$5<>"",'Data Import'!$L$5,"") | H17: =IF('Data Import'!$L$6<>"",'Data Import'!$L$6,"")
A18: 10 | B18: Кировская область | C18: =IF('Data Import'!$M$2="Нет","+","") | D18: =IF('Data Import'!$M$2="Да","+","") -> + | E18: =IF('Data Import'!$M$3="Нет","+","") | F18: =IF('Data Import'!$M$4<>"",'Data Import'!$M$4,"") | G18: =IF('Data Import'!$M$5<>"",'Data Import'!$M$5,"") -> Предоставление льготного проезда для инвалидов на автомобильном и электрифицированном транспорте городского сообщения и автомобильном транспорте пригородного сообщения на территории Кировской области | H18: =IF('Data Import'!$M$6<>"",'Data Import'!$M$6,"") -> Постановление Правительства Кировской области от 30.12.2014 № 19/273 "О льготном проезде отдельных категорий граждан, проживающих на территории Кировской области"
A19: 11 | B19: Нижегородская область | C19: =IF('Data Import'!$N$2="Нет","+","") -> + | D19: =IF('Data Import'!$N$2="Да","+","") | E19: =IF('Data Import'!$N$3="Нет","+","") -> + | F19: =IF('Data Import'!$N$4<>"",'Data Import'!$N$4,"") | G19: =IF('Data Import'!$N$5<>"",'Data Import'!$N$5,"") | H19: =IF('Data Import'!$N$6<>"",'Data Import'!$N$6,"") -> Закон Нижегородской области от 1 февраля 2017 г. № 11-З "Об организации регулярных перевозок пассажиров и багажа автомобильным транспортом и городским наземным электрическим транспортом в Нижегородской области"
A20: 12 | B20: Оренбургская область | C20: =IF('Data Import'!$O$2="Нет","+","") -> + | D20: =IF('Data Import'!$O$2="Да","+","") | E20: =IF('Data Import'!$O$3="Нет","+","") -> + | F20: =IF('Data Import'!$O$4<>"",'Data Import'!$O$4,"") | G20: =IF('Data Import'!$O$5<>"",'Data Import'!$O$5,"") | H20: =IF('Data Import'!$O$6<>"",'Data Import'!$O$6,"")
A21: 13 | B21: Пензенская область | C21: =IF('Data Import'!$P$2="Нет","+","") -> + | D21: =IF('Data Import'!$P$2="Да","+","") | E21: =IF('Data Import'!$P$3="Нет","+","") -> + | F21: =IF('Data Import'!$P$4<>"",'Data Import'!$P$4,"") | G21: =IF('Data Import'!$P$5<>"",'Data Import'!$P$5,"") | H21: =IF('Data Import'!$P$6<>"",'Data Import'!$P$6,"")
A22: 14 | B22: Пермский край | C22: =IF('Data Import'!$Q$2="Нет","+","") | D22: =IF('Data Import'!$Q$2="Да","+","") -> + | E22: =IF('Data Import'!$Q$3="Нет","+","") | F22: =IF('Data Import'!$Q$4<>"",'Data Import'!$Q$4,"") -> Базовые требования доступности транспортного комплекса для инвалидов с учетом современных технических решений закреплены распоряжением Правительства Пермского края от 21 октября 2015 г. № 350-рп «Об утверждении плана мероприятий («дорожной карты») по повышению значений показателей доступности для инвалидов объектов и услуг в Пермском крае на 2015-2030 годы». | G22: =IF('Data Import'!$Q$5<>"",'Data Import'!$Q$5,"") | H22: =IF('Data Import'!$Q$6<>"",'Data Import'!$Q$6,"")
A23: 15 | B23: Республика Башкортостан | C23: =IF('Data Import'!$R$2="Нет","+","") -> + | D23: =IF('Data Import'!$R$2="Да","+","") | E23: =IF('Data Import'!$R$3="Нет","+","") -> + | F23: =IF('Data Import'!$R$4<>"",'Data Import'!$R$4,"") | G23: =IF('Data Import'!$R$5<>"",'Data Import'!$R$5,"") | H23: =IF('Data Import'!$R$6<>"",'Data Import'!$R$6,"")
A24: 16 | B24: Республика Марий Эл | C24: =IF('Data Import'!$S$2="Нет","+","") | D24: =IF('Data Import'!$S$2="Да","+","") -> + | E24: =IF('Data Import'!$S$3="Нет","+","") | F24: =IF('Data Import'!$S$4<>"",'Data Import'!$S$4,"") -> актуализация региональной нормативной, правовой и методической базы в сфере транспорта в части обеспечения доступности для инвалидов объектов транспортной инфраструктуры, транспортных средств и предоставляемых на них транспортных услуг в соответствии с вновь принятыми нормативными правовыми актами федерального уровня в 2025 г. не требовалась | G24: =IF('Data Import'!$S$5<>"",'Data Import'!$S$5,"") | H24: =IF('Data Import'!$S$6<>"",'Data Import'!$S$6,"")
A25: 17 | B25: Республика Мордовия | C25: =IF('Data Import'!$T$2="Нет","+","") | D25: =IF('Data Import'!$T$2="Да","+","") | E25: =IF('Data Import'!$T$3="Нет","+","") | F25: =IF('Data Import'!$T$4<>"",'Data Import'!$T$4,"") | G25: =IF('Data Import'!$T$5<>"",'Data Import'!$T$5,"") | H25: =IF('Data Import'!$T$6<>"",'Data Import'!$T$6,"")
A26: 18 | B26: Республика Татарстан | C26: =IF('Data Import'!$U$2="Нет","+","") | D26: =IF('Data Import'!$U$2="Да","+","") | E26: =IF('Data Import'!$U$3="Нет","+","") | F26: =IF('Data Import'!$U$4<>"",'Data Import'!$U$4,"") | G26: =IF('Data Import'!$U$5<>"",'Data Import'!$U$5,"") | H26: =IF('Data Import'!$U$6<>"",'Data Import'!$U$6,"")
A27: 19 | B27: Самарская область | C27: =IF('Data Import'!$V$2="Нет","+","") | D27: =IF('Data Import'!$V$2="Да","+","") | E27: =IF('Data Import'!$V$3="Нет","+","") | F27: =IF('Data Import'!$V$4<>"",'Data Import'!$V$4,"") | G27: =IF('Data Import'!$V$5<>"",'Data Import'!$V$5,"") | H27: =IF('Data Import'!$V$6<>"",'Data Import'!$V$6,"")
A28: 20 | B28: Саратовская область | C28: =IF('Data Import'!$W$2="Нет","+","") -> + | D28: =IF('Data Import'!$W$2="Да","+","") | E28: =IF('Data Import'!$W$3="Нет","+","") -> + | F28: =IF('Data Import'!$W$4<>"",'Data Import'!$W$4,"") | G28: =IF('Data Import'!$W$5<>"",'Data Import'!$W$5,"") | H28: =IF('Data Import'!$W$6<>"",'Data Import'!$W$6,"")
A29: 21 | B29: Удмуртская Республика | C29: =IF('Data Import'!$X$2="Нет","+","") | D29: =IF('Data Import'!$X$2="Да","+","") | E29: =IF('Data Import'!$X$3="Нет","+","") | F29: =IF('Data Import'!$X$4<>"",'Data Import'!$X$4,"") | G29: =IF('Data Import'!$X$5<>"",'Data Import'!$X$5,"") | H29: =IF('Data Import'!$X$6<>"",'Data Import'!$X$6,"")
A30: 22 | B30: Ульяновская область | C30: =IF('Data Import'!$Y$2="Нет","+","") | D30: =IF('Data Import'!$Y$2="Да","+","") -> + | E30: =IF('Data Import'!$Y$3="Нет","+","") | F30: =IF('Data Import'!$Y$4<>"",'Data Import'!$Y$4,"") | G30: =IF('Data Import'!$Y$5<>"",'Data Import'!$Y$5,"") -> 1. Для повышения комфортности и качества жизни населения Ульяновской области посредством обеспечения устойчивого функционирования транспортной системы, обеспечения доступности общественного транспорта для населения. 2. Утверждён региональный стандарт транспортного обслуживания населения Ульяновской области на период 2026-2030 годо, включающий показатели, характеризующие комфортность регулярных перевозок пассажиров в части передвижения, в том числе для инвалидов и других групп маломобильных пассажиров. | H30: =IF('Data Import'!$Y$6<>"",'Data Import'!$Y$6,"") -> 1. Распоряжение Министерства транспорта Ульяновской области от 18.09.2025 № 130-од "Об утверждении программы развития (модернизации) общественного транспорта Ульяновской области". 2. Постановление Правительства Ульяновской области от 18.12.2025 № 734-П "Об утверждении регионального стандарта транспортного обслуживания населения Ульяновской области на период 2026-2030 годов".
A31: 23 | B31: Чувашская Республика - Чувашия | C31: =IF('Data Import'!$Z$2="Нет","+","") | D31: =IF('Data Import'!$Z$2="Да","+","") -> + | E31: =IF('Data Import'!$Z$3="Нет","+","") | F31: =IF('Data Import'!$Z$4<>"",'Data Import'!$Z$4,"") | G31: =IF('Data Import'!$Z$5<>"",'Data Import'!$Z$5,"") | H31: =IF('Data Import'!$Z$6<>"",'Data Import'!$Z$6,"")
A32: 24 | B32: Архангельская область | C32: =IF('Data Import'!$AA$2="Нет","+","") -> + | D32: =IF('Data Import'!$AA$2="Да","+","") | E32: =IF('Data Import'!$AA$3="Нет","+","") -> + | F32: =IF('Data Import'!$AA$4<>"",'Data Import'!$AA$4,"") | G32: =IF('Data Import'!$AA$5<>"",'Data Import'!$AA$5,"") | H32: =IF('Data Import'!$AA$6<>"",'Data Import'!$AA$6,"")
A33: 25 | B33: Вологодская область | C33: =IF('Data Import'!$AB$2="Нет","+","") | D33: =IF('Data Import'!$AB$2="Да","+","") -> + | E33: =IF('Data Import'!$AB$3="Нет","+","") | F33: =IF('Data Import'!$AB$4<>"",'Data Import'!$AB$4,"") | G33: =IF('Data Import'!$AB$5<>"",'Data Import'!$AB$5,"") -> Транспортное обслуживание | H33: =IF('Data Import'!$AB$6<>"",'Data Import'!$AB$6,"") -> Постановление правительства Вологодской области от 16 апреля 2025 г. N 589 "ОБ УТВЕРЖДЕНИИ РЕГИОНАЛЬНОГО КОМПЛЕКСНОГО ПЛАНА ТРАНСПОРТНОГО ОБСЛУЖИВАНИЯ НАСЕЛЕНИЯ ВОЛОГОДСКОЙ ОБЛАСТИ" Постановление правительства Вологодской области от 17 июня 2024 г. N 712 ОБ УТВЕРЖДЕНИИ РЕГИОНАЛЬНОГО СТАНДАРТА ТРАНСПОРТНОГО ОБСЛУЖИВАНИЯ НАСЕЛЕНИЯ ВОЛОГОДСКОЙ ОБЛАСТИ
A34: 26 | B34: г. Санкт-Петербург | C34: =IF('Data Import'!$AC$2="Нет","+","") | D34: =IF('Data Import'!$AC$2="Да","+","") -> + | E34: =IF('Data Import'!$AC$3="Нет","+","") | F34: =IF('Data Import'!$AC$4<>"",'Data Import'!$AC$4,"") | G34: =IF('Data Import'!$AC$5<>"",'Data Import'!$AC$5,"") -> 1. Оснащение подвижного состава городского наземного транспорта общего пользования с учетом требований ГОСТ Р 59431-2024. 2. Предоставление льготного проезда. | H34: =IF('Data Import'!$AC$6<>"",'Data Import'!$AC$6,"") -> 1. ВРИО председателя Комитета по транспорту Львовым А.В. 18.04.2025 утверждены Методические рекомендации по установлению требований к подвижному составу в целях заключения государственного контракта на выполнение работ, связанных с осуществлением регулярных перевозок пассажиров и багажа автомобильным транспортом по регулируемым тарифам, с Санкт-Петербургским государственным унитарным предприятием пассажирского автомобильного транспорта в соответствии с решением протокола заседания Правительства Российской Федерации от 18.12.2024 № 39 (включено требование об обязательном наличии в автобусах система радиоинформирования и звукового ориентирования для инвалидов по зрению). 2.Постановление Правительства Санкт-Петербурга от 26.08.2025 № 615 «О внесении изменений в постановление Правительства Санкт-Петербурга от 20.05.2016 № 385».
A35: 27 | B35: Калининградская область | C35: =IF('Data Import'!$AD$2="Нет","+","") | D35: =IF('Data Import'!$AD$2="Да","+","") -> + | E35: =IF('Data Import'!$AD$3="Нет","+","") | F35: =IF('Data Import'!$AD$4<>"",'Data Import'!$AD$4,"") | G35: =IF('Data Import'!$AD$5<>"",'Data Import'!$AD$5,"") -> Повышение доступности дорожной и транспортной инфраструктуры региона | H35: =IF('Data Import'!$AD$6<>"",'Data Import'!$AD$6,"") -> Распоряжение Правительства Калининградской области от 25 декабря 2015 г. N 169-рп "Об утверждении плана мероприятий ("дорожной карты") "Повышение доступности приоритетных объектов и услуг в приоритетных сферах жизнедеятельности инвалидов и других маломобильных групп населения (формирование доступной среды) в Калининградской области на 2015-2025 годы"
A36: 28 | B36: Ленинградская область | C36: =IF('Data Import'!$AE$2="Нет","+","") | D36: =IF('Data Import'!$AE$2="Да","+","") -> + | E36: =IF('Data Import'!$AE$3="Нет","+","") | F36: =IF('Data Import'!$AE$4<>"",'Data Import'!$AE$4,"") | G36: =IF('Data Import'!$AE$5<>"",'Data Import'!$AE$5,"") -> Предоставление субсидий автотранспортным организациям на закупку автобусов, обеспечивающих доступность маломобильных групп граждан | H36: =IF('Data Import'!$AE$6<>"",'Data Import'!$AE$6,"") -> Постановление Правительства Ленинградской области от 29 июня 2020 года № 455 "Об утверждении Порядка предоставления субсидии на возмещение части затрат юридическим лицам, индивидуальным предпринимателям, осуществляющим деятельность на территории Ленинградской области, на закупку автобусов в рамках государственной программы Ленинградской области «Социальная поддержка отдельных категорий граждан в Ленинградской области»"
A37: 29 | B37: Мурманская область | C37: =IF('Data Import'!$AF$2="Нет","+","") | D37: =IF('Data Import'!$AF$2="Да","+","") -> + | E37: =IF('Data Import'!$AF$3="Нет","+","") -> + | F37: =IF('Data Import'!$AF$4<>"",'Data Import'!$AF$4,"") -> Все нормативно-правовые акты приведены в соответствие. | G37: =IF('Data Import'!$AF$5<>"",'Data Import'!$AF$5,"") | H37: =IF('Data Import'!$AF$6<>"",'Data Import'!$AF$6,"")
A38: 30 | B38: Ненецкий автономный округ | C38: =IF('Data Import'!$AG$2="Нет","+","") | D38: =IF('Data Import'!$AG$2="Да","+","") -> + | E38: =IF('Data Import'!$AG$3="Нет","+","") -> + | F38: =IF('Data Import'!$AG$4<>"",'Data Import'!$AG$4,"") | G38: =IF('Data Import'!$AG$5<>"",'Data Import'!$AG$5,"") | H38: =IF('Data Import'!$AG$6<>"",'Data Import'!$AG$6,"")
A39: 31 | B39: Новгородская область | C39: =IF('Data Import'!$AH$2="Нет","+","") -> + | D39: =IF('Data Import'!$AH$2="Да","+","") | E39: =IF('Data Import'!$AH$3="Нет","+","") -> + | F39: =IF('Data Import'!$AH$4<>"",'Data Import'!$AH$4,"") | G39: =IF('Data Import'!$AH$5<>"",'Data Import'!$AH$5,"") | H39: =IF('Data Import'!$AH$6<>"",'Data Import'!$AH$6,"")
A40: 32 | B40: Псковская область | C40: =IF('Data Import'!$AI$2="Нет","+","") -> + | D40: =IF('Data Import'!$AI$2="Да","+","") | E40: =IF('Data Import'!$AI$3="Нет","+","") -> + | F40: =IF('Data Import'!$AI$4<>"",'Data Import'!$AI$4,"") | G40: =IF('Data Import'!$AI$5<>"",'Data Import'!$AI$5,"") | H40: =IF('Data Import'!$AI$6<>"",'Data Import'!$AI$6,"")
A41: 33 | B41: Республика Карелия | C41: =IF('Data Import'!$AJ$2="Нет","+","") | D41: =IF('Data Import'!$AJ$2="Да","+","") -> + | E41: =IF('Data Import'!$AJ$3="Нет","+","") | F41: =IF('Data Import'!$AJ$4<>"",'Data Import'!$AJ$4,"") | G41: =IF('Data Import'!$AJ$5<>"",'Data Import'!$AJ$5,"") -> Утвержден региональный стандарт транспортного обслуживания населения Республики Карелия на 2025-2029 годы, предусматривающий установление показателей доступности для МГН подвижного состава автомобильного и городского электрического транспорта. | H41: =IF('Data Import'!$AJ$6<>"",'Data Import'!$AJ$6,"") -> Постановление Правительства РК от 18.07.2025 N 262-П
A42: 34 | B42: Республика Коми | C42: =IF('Data Import'!$AK$2="Нет","+","") -> + | D42: =IF('Data Import'!$AK$2="Да","+","") | E42: =IF('Data Import'!$AK$3="Нет","+","") -> + | F42: =IF('Data Import'!$AK$4<>"",'Data Import'!$AK$4,"") | G42: =IF('Data Import'!$AK$5<>"",'Data Import'!$AK$5,"") | H42: =IF('Data Import'!$AK$6<>"",'Data Import'!$AK$6,"")
A43: 35 | B43: Кабардино-Балкарская Республика | C43: =IF('Data Import'!$AL$2="Нет","+","") | D43: =IF('Data Import'!$AL$2="Да","+","") -> + | E43: =IF('Data Import'!$AL$3="Нет","+","") -> + | F43: =IF('Data Import'!$AL$4<>"",'Data Import'!$AL$4,"") | G43: =IF('Data Import'!$AL$5<>"",'Data Import'!$AL$5,"") -> Актуализация состава рабочей группы | H43: =IF('Data Import'!$AL$6<>"",'Data Import'!$AL$6,"") -> Приказом Минтранса КБР от 26.11.2024 г. № 218-пр актуализирован состав рабочей группы по мониторингу и вопросам повышения доступности для инвалидов и иных категорий маломобильных граждан объектов транспортной инфраструктуры, транспортных средств и предоставляемых транспортных услуг, утвержденного приказом Минтранса КБР от 28.10.2022 № 187-П.
A44: 36 | B44: Карачаево-Черкесская Республика | C44: =IF('Data Import'!$AM$2="Нет","+","") | D44: =IF('Data Import'!$AM$2="Да","+","") | E44: =IF('Data Import'!$AM$3="Нет","+","") | F44: =IF('Data Import'!$AM$4<>"",'Data Import'!$AM$4,"") | G44: =IF('Data Import'!$AM$5<>"",'Data Import'!$AM$5,"") | H44: =IF('Data Import'!$AM$6<>"",'Data Import'!$AM$6,"")
A45: 37 | B45: Республика Дагестан | C45: =IF('Data Import'!$AN$2="Нет","+","") | D45: =IF('Data Import'!$AN$2="Да","+","") -> + | E45: =IF('Data Import'!$AN$3="Нет","+","") | F45: =IF('Data Import'!$AN$4<>"",'Data Import'!$AN$4,"") | G45: =IF('Data Import'!$AN$5<>"",'Data Import'!$AN$5,"") -> региональный государственный контроль (надзор) в сфере перевозок пассажиров и багажа легковым такси на территории Республики Дагестан в том числе за обеспечением доступности для инвалидов услуг в сфере такси | H45: =IF('Data Import'!$AN$6<>"",'Data Import'!$AN$6,"") -> Постановление Правительства Республики Дагестан от 24 ноября 2022 года №400 "Об утверждении Положения о региональном государственном контроле (надзоре) в сфере перевозок пассажиров и багажа легковым такси на территории Республики Дагестан и о внесении изменения в Положение о Министерстве транспорта и дорожного хозяйства Республики Дагестан"
A46: 38 | B46: Республика Ингушетия | C46: =IF('Data Import'!$AO$2="Нет","+","") -> + | D46: =IF('Data Import'!$AO$2="Да","+","") | E46: =IF('Data Import'!$AO$3="Нет","+","") -> + | F46: =IF('Data Import'!$AO$4<>"",'Data Import'!$AO$4,"") | G46: =IF('Data Import'!$AO$5<>"",'Data Import'!$AO$5,"") | H46: =IF('Data Import'!$AO$6<>"",'Data Import'!$AO$6,"")
A47: 39 | B47: Республика Северная Осетия-Алания | C47: =IF('Data Import'!$AP$2="Нет","+","") -> + | D47: =IF('Data Import'!$AP$2="Да","+","") | E47: =IF('Data Import'!$AP$3="Нет","+","") -> + | F47: =IF('Data Import'!$AP$4<>"",'Data Import'!$AP$4,"") | G47: =IF('Data Import'!$AP$5<>"",'Data Import'!$AP$5,"") | H47: =IF('Data Import'!$AP$6<>"",'Data Import'!$AP$6,"")
A48: 40 | B48: Ставропольский край | C48: =IF('Data Import'!$AQ$2="Нет","+","") -> + | D48: =IF('Data Import'!$AQ$2="Да","+","") | E48: =IF('Data Import'!$AQ$3="Нет","+","") -> + | F48: =IF('Data Import'!$AQ$4<>"",'Data Import'!$AQ$4,"") | G48: =IF('Data Import'!$AQ$5<>"",'Data Import'!$AQ$5,"") | H48: =IF('Data Import'!$AQ$6<>"",'Data Import'!$AQ$6,"")
A49: 41 | B49: Чеченская Республика | C49: =IF('Data Import'!$AR$2="Нет","+","") | D49: =IF('Data Import'!$AR$2="Да","+","") -> + | E49: =IF('Data Import'!$AR$3="Нет","+","") | F49: =IF('Data Import'!$AR$4<>"",'Data Import'!$AR$4,"") | G49: =IF('Data Import'!$AR$5<>"",'Data Import'!$AR$5,"") -> Определение и нормативно-правовое закрепление базовых требований доступности транспортного комплекса для инвалидов с учетом современных технических решений. | H49: =IF('Data Import'!$AR$6<>"",'Data Import'!$AR$6,"") -> Распоряжение Правительства Чеченской Республики от 10.02.2025 № 20-р «Об утверждении Сводного плана мероприятий по повышению доступности для инвалидов объектов транспортной инфраструктуры, транспортных средств и предоставляемых на них транспортных услуг на период с 2025 по 2030 годы на территории Чеченской Республики».
A50: 42 | B50: Алтайский край | C50: =IF('Data Import'!$AS$2="Нет","+","") -> + | D50: =IF('Data Import'!$AS$2="Да","+","") | E50: =IF('Data Import'!$AS$3="Нет","+","") | F50: =IF('Data Import'!$AS$4<>"",'Data Import'!$AS$4,"") | G50: =IF('Data Import'!$AS$5<>"",'Data Import'!$AS$5,"") -> обеспечение условий индивидуальной мобильности инвалидов на объектах железнодорожного транспорта; обеспечение условий индивидуальной мобильности инвалидов на железнодорожном транспорте и железнодорожных вокзалах; обеспечение условий индивидуальной мобильности инвалидов на авиационном транспорте; обеспечение условий индивидуальной мобильности инвалидов на речном транспорте | H50: =IF('Data Import'!$AS$6<>"",'Data Import'!$AS$6,"") -> Постановление Администрации Алтайского края от 25.09.2015 № 373, "Об утверждении плана мероприятий ("дорожной карты") Алтайского края "Повышение значений показателей доступности для инвалидов объектов и услуг в сферах социальной защиты, труда и занятости, здравоохранения, образования, культуры, транспорта, связи, физической культуры и спорта, торговли, жилищно-коммунального хозяйства и градостроительства" Постановление Правительства Алтайского края от 07.11.2023 N 413 "Об утверждении государственной программы Алтайского края "Доступная среда в Алтайском крае"
A51: 43 | B51: Забайкальский край | C51: =IF('Data Import'!$AT$2="Нет","+","") | D51: =IF('Data Import'!$AT$2="Да","+","") | E51: =IF('Data Import'!$AT$3="Нет","+","") | F51: =IF('Data Import'!$AT$4<>"",'Data Import'!$AT$4,"") | G51: =IF('Data Import'!$AT$5<>"",'Data Import'!$AT$5,"") | H51: =IF('Data Import'!$AT$6<>"",'Data Import'!$AT$6,"")
A52: 44 | B52: Иркутская область | C52: =IF('Data Import'!$AU$2="Нет","+","") -> + | D52: =IF('Data Import'!$AU$2="Да","+","") | E52: =IF('Data Import'!$AU$3="Нет","+","") | F52: =IF('Data Import'!$AU$4<>"",'Data Import'!$AU$4,"") -> На территории региона утвержден Сводный план мероприятий по повышению доступности для инвалидов объектов транспортной инфраструктуры, транспортных средств и предоставляемых на них транспортных услуг на период с 2024 по 2030 годы на территории Иркутской области от 9 декабря 2024 года № 298-рзп | G52: =IF('Data Import'!$AU$5<>"",'Data Import'!$AU$5,"") | H52: =IF('Data Import'!$AU$6<>"",'Data Import'!$AU$6,"")
A53: 45 | B53: Кемеровская область | C53: =IF('Data Import'!$AV$2="Нет","+","") | D53: =IF('Data Import'!$AV$2="Да","+","") -> + | E53: =IF('Data Import'!$AV$3="Нет","+","") | F53: =IF('Data Import'!$AV$4<>"",'Data Import'!$AV$4,"") -> В рамках текущей деятельности, с учетом действующего законодательства: Постановление Коллегии Администрации Кемеровской области от 27.05.2016 № 196 (ред. от 18.12.2023) "Об утверждении комплексной программы "Доступная среда в Кузбассе" на 2016 - 2026 годы" Распоряжение Коллегии Администрации Кемеровской области от 27.10.2015 № 585-р (ред. от 17.03.2023) "Об утверждении плана мероприятий по повышению значений показателей доступности для инвалидов объектов и услуг ("дорожной карты") на 2016 - 2030 годы" Распоряжение Правительства Кемеровской области - Кузбасса от 23.07.2020 № 473-р (ред. от 13.07.2022) "Об утверждении плана мероприятий по реализации рекомендаций, содержащихся в заключительных замечаниях Комитета по правам инвалидов ООН по первоначальному докладу Российской Федерации о ходе выполнения Конвенции о правах инвалидов" Федеральный закон от 24.11.1995 № 181-ФЗ (ред. от 29.10.2024) "О социальной защите инвалидов в Российской Федерации"; Постановление Правительства Кемеровской области - Кузбасса от 31.10.2023 № 705 "Об утверждении государственной программы Кемеровской области - Кузбасса "Развитие жилищно-коммунального и дорожного комплекса Кузбасса"; Постановление Правительства Кемеровской области - Кузбасса от 05.10.2023 № 657 "Об утверждении государственной программы Кемеровской области - Кузбасса "Развитие транспорта Кузбасса"; Приказ Министерства транспорта Кузбасса от 07.02.2024 №01-06-07 "Об утверждении форм документов, применяемых Министерством транспорта Кузбасса при осуществлении регионального государственного контроля (надзора) в сфере перевозок пассажиров и багажа легковым такси на территории Кемеровской области - Кузбасса" Постановление Правительства Кемеровской области - Кузбасса от 05.08.2025 № 495 "Об утверждении регионального стандарта транспортного обслуживания населения Кемеровской области – Кузбасса на период 2026–2030 годов" | G53: =IF('Data Import'!$AV$5<>"",'Data Import'!$AV$5,"") | H53: =IF('Data Import'!$AV$6<>"",'Data Import'!$AV$6,"") -> Постановление Правительства Кемеровской области - Кузбасса от 05.08.2025 № 495 "Об утверждении регионального стандарта транспортного обслуживания населения Кемеровской области – Кузбасса на период 2026–2030 годов"
A54: 46 | B54: Красноярский край | C54: =IF('Data Import'!$AW$2="Нет","+","") -> + | D54: =IF('Data Import'!$AW$2="Да","+","") | E54: =IF('Data Import'!$AW$3="Нет","+","") -> + | F54: =IF('Data Import'!$AW$4<>"",'Data Import'!$AW$4,"") | G54: =IF('Data Import'!$AW$5<>"",'Data Import'!$AW$5,"") | H54: =IF('Data Import'!$AW$6<>"",'Data Import'!$AW$6,"")
A55: 47 | B55: Новосибирская область | C55: =IF('Data Import'!$AX$2="Нет","+","") -> + | D55: =IF('Data Import'!$AX$2="Да","+","") | E55: =IF('Data Import'!$AX$3="Нет","+","") | F55: =IF('Data Import'!$AX$4<>"",'Data Import'!$AX$4,"") | G55: =IF('Data Import'!$AX$5<>"",'Data Import'!$AX$5,"") -> оценка состояния доступности объектов, включение показателей наличия транспорта, оборудованного для маломобильных групп населения, в критерии оценки перевозчиков, организация мест для ожидания и отдыха собак-проводников, предоставление субсидий на обновление подвижного состава | H55: =IF('Data Import'!$AX$6<>"",'Data Import'!$AX$6,"") -> Распоряжение Правительства Новосибирской области от 30.09.2015 № 401-рп «О плане мероприятий («дорожной карте») по повышению значений показателей доступности для инвалидов объектов и услуг на 2016–2030 годы в Новосибирской области».
A56: 48 | B56: Омская область | C56: =IF('Data Import'!$AY$2="Нет","+","") | D56: =IF('Data Import'!$AY$2="Да","+","") -> + | E56: =IF('Data Import'!$AY$3="Нет","+","") | F56: =IF('Data Import'!$AY$4<>"",'Data Import'!$AY$4,"") | G56: =IF('Data Import'!$AY$5<>"",'Data Import'!$AY$5,"") -> Совершенствование нормативно-правовой базы в области транспортного обслуживания с целью повышения значений показателей доступности для инвалидов объектов транспортной инфраструктуры и предоставляемых услуг | H56: =IF('Data Import'!$AY$6<>"",'Data Import'!$AY$6,"") -> пункт 8 распоряжения Правительства Омской области от 5 октября 2015 г. № 158-рп "Об утверждении плана мероприятий ("дорожной карты") "Перечень мероприятий, реализуемых для достижения запланированных значений показателей доступности для инвалидов объектов и услуг Омской области (2016 - 2030 годы)". С последними изменениями и дополнениями от 30 апреля 2025 г.
A57: 49 | B57: Республика Алтай | C57: =IF('Data Import'!$AZ$2="Нет","+","") | D57: =IF('Data Import'!$AZ$2="Да","+","") | E57: =IF('Data Import'!$AZ$3="Нет","+","") | F57: =IF('Data Import'!$AZ$4<>"",'Data Import'!$AZ$4,"") | G57: =IF('Data Import'!$AZ$5<>"",'Data Import'!$AZ$5,"") | H57: =IF('Data Import'!$AZ$6<>"",'Data Import'!$AZ$6,"")
A58: 50 | B58: Республика Бурятия | C58: =IF('Data Import'!$BA$2="Нет","+","") -> + | D58: =IF('Data Import'!$BA$2="Да","+","") | E58: =IF('Data Import'!$BA$3="Нет","+","") -> + | F58: =IF('Data Import'!$BA$4<>"",'Data Import'!$BA$4,"") | G58: =IF('Data Import'!$BA$5<>"",'Data Import'!$BA$5,"") | H58: =IF('Data Import'!$BA$6<>"",'Data Import'!$BA$6,"")
A59: 51 | B59: Республика Тыва | C59: =IF('Data Import'!$BB$2="Нет","+","") | D59: =IF('Data Import'!$BB$2="Да","+","") | E59: =IF('Data Import'!$BB$3="Нет","+","") | F59: =IF('Data Import'!$BB$4<>"",'Data Import'!$BB$4,"") | G59: =IF('Data Import'!$BB$5<>"",'Data Import'!$BB$5,"") | H59: =IF('Data Import'!$BB$6<>"",'Data Import'!$BB$6,"")
A60: 52 | B60: Республика Хакасия | C60: =IF('Data Import'!$BC$2="Нет","+","") | D60: =IF('Data Import'!$BC$2="Да","+","") -> + | E60: =IF('Data Import'!$BC$3="Нет","+","") | F60: =IF('Data Import'!$BC$4<>"",'Data Import'!$BC$4,"") | G60: =IF('Data Import'!$BC$5<>"",'Data Import'!$BC$5,"") -> "1. Предоставление инвалидам льготного проезда (бесплатно на всех видах транспорта общего пользования (кроме такси), осуществляющего перевозки по маршрутам в границах населенных пунктов Республики Хакасия. Оплата в размере 50 процентов стоимости проезда на автомобильном транспорте общего пользования (кроме такси) пригородного сообщения в пределах территории Республики Хакасия) 2. План мероприятий (""Дорожной карты"") по повышению значений показателей доступности для инвалидов объектов и услуг в Республике Хакасия. 3. Внесение изменения в состав рабочей группы по вопросам повышения доступности для инвалидов объектов транспортной инфраструктуры, транспортных средств и предоставляемых транспортных услуг на территории Республики Хакасия, утвержденный постановлением Президиума Правительства Республики Хакасия от 12.05.2023 № 86-п " | H60: =IF('Data Import'!$BC$6<>"",'Data Import'!$BC$6,"") -> " 1. Закон Республики Хакасия № 72-ЗРХ от 30.09.2011 ""О мерах социальной поддержки отдельных категорий граждан по оплате проезда на транспорте общего пользования"" (с изм.от 14.07.2023). 2. Постановление Президиума Правительства Республики Хакасия от 15.06.2023 № 114-п ""Об утверждении Плана мероприятий (""Дорожной карты"") по повышению значений показателей доступности для инвалидов объектов и услуг в Республике Хакасия и признании утратишими силу некоторых постановлений Президиума Правительства Республики Хакасия"" (с изм.от 24.09.2025). 3. Постановление Президиума Правительства Республики Хакасия от 12.05.2023 № 86-п ""О создании рабочей группы по вопросам повышения доступности для инвалидов объектов транспортной инфраструктуры, транспортных средств и предоставляемых транспортных услуг на территории Республики Хакасия"" (с изм.от 30.05.2025). 4. Постановление Правительства Республики Хакасия от 14.03.2014 № 105 ""О создании Совета при Правительстве Республики Хакасия по делам инвалидов и граждан старшего поколения"" (с изм.от 18.04.2025) "
A61: 53 | B61: Томская область | C61: =IF('Data Import'!$BD$2="Нет","+","") | D61: =IF('Data Import'!$BD$2="Да","+","") -> + | E61: =IF('Data Import'!$BD$3="Нет","+","") | F61: =IF('Data Import'!$BD$4<>"",'Data Import'!$BD$4,"") | G61: =IF('Data Import'!$BD$5<>"",'Data Import'!$BD$5,"") -> Во исполнение пункта 12 раздела 1 протокола заседания Комиссии при Президенте Российской Федерации по делам инвалидов от 07.06.2023 №27 сообщаю, что план мероприятий («дорожная карта») по повышению значений показателей доступности для инвалидов объектов и услуг в Томской области на 2015 - 2030 годы утвержден распоряжением Администрации Томской области от 30.09.2015 № 734-ра. Проведена работа по внесению изменений и корректировке "дорожной карты" на предмет соответствия сводному плану мероприятий Минтранса России по повышению доступности для инвалидов и иных маломобильных групп населения объектов транспортной инфраструктуры, транспортных средств и предоставляемых на них транспортных услуг на период с 2023 по 2030 годы. Региональный сводный план мероприятий Томской области по повышению по повышению доступности для инвалидов объектов транспортной инфраструктуры, транспортных средств и предоставляемых на них услуг на период с 2025 по 2030 годы, утвержден распоряжением Департамента транспорта, дорожной деятельности и связи Томской области от 13.08.2025 №127. Установлены минимальные требования количества подвижного состава с низким уровнем пола. Утверждена дорожная карта по повышению значений показателей доступности для инвалидов на уровне муниципалитета | H61: =IF('Data Import'!$BD$6<>"",'Data Import'!$BD$6,"") -> Распоряжение Департамента транспорта, дорожной деятельности и связи Томской области от 13.08.2025 №127 "Об утверждении регионального сводного плана мероприятий Томской области по повышению по повышению доступности для инвалидов объектов транспортной инфраструктуры, транспортных средств и предоставляемых на них услуг на период с 2025 по 2030 годы Проект распоряжения Администрации Томской области о внесении изменений в распоряжение Администрации Томской области от 30.09.2015 № 734-ра (ред. от 21.06.2022) "Об утверждении Плана мероприятий ("дорожной карты") по повышению значений показателей доступности для инвалидов объектов и услуг в Томской области на 2015 - 2030 годы" Постановление администрации Города Томска от 29.04.2016 № 351 "Об утверждении Стандартов качества перевозки пассажиров автомобильным и городским наземным электрическим транспортом общего пользования в муниципальном образовании "Город Томск" и Постановление администрации Города Томска от 25.01.2016 № 34 "Об утверждении реестра муниципальных маршрутов регулярных перевозок на территории муниципального образования "Город Томск" Распоряжение администрации Города Томска от 30.12.2015 № 1468р "Об утверждении плана мероприятий ("дорожной карты") по повышению значений показателей доступности для инвалидов объектов и услуг на территории муниципального образования "Город Томск" на 2015 - 2030 годы"
A62: 54 | B62: Курганская область | C62: =IF('Data Import'!$BE$2="Нет","+","") -> + | D62: =IF('Data Import'!$BE$2="Да","+","") | E62: =IF('Data Import'!$BE$3="Нет","+","") -> + | F62: =IF('Data Import'!$BE$4<>"",'Data Import'!$BE$4,"") | G62: =IF('Data Import'!$BE$5<>"",'Data Import'!$BE$5,"") | H62: =IF('Data Import'!$BE$6<>"",'Data Import'!$BE$6,"")
A63: 55 | B63: Свердловская область | C63: =IF('Data Import'!$BF$2="Нет","+","") -> + | D63: =IF('Data Import'!$BF$2="Да","+","") | E63: =IF('Data Import'!$BF$3="Нет","+","") -> + | F63: =IF('Data Import'!$BF$4<>"",'Data Import'!$BF$4,"") | G63: =IF('Data Import'!$BF$5<>"",'Data Import'!$BF$5,"") | H63: =IF('Data Import'!$BF$6<>"",'Data Import'!$BF$6,"")
A64: 56 | B64: Тюменская область | C64: =IF('Data Import'!$BG$2="Нет","+","") | D64: =IF('Data Import'!$BG$2="Да","+","") -> + | E64: =IF('Data Import'!$BG$3="Нет","+","") | F64: =IF('Data Import'!$BG$4<>"",'Data Import'!$BG$4,"") | G64: =IF('Data Import'!$BG$5<>"",'Data Import'!$BG$5,"") -> Обеспечение доступности приоритетных объектов и услуг в приоритетных сферах жизнедеятельности инвалидов и других маломобильных групп населения | H64: =IF('Data Import'!$BG$6<>"",'Data Import'!$BG$6,"") -> Распоряжение Правительства Тюменской области от 05.07.2021 №583-рп «Об утверждении региональной программы Тюменской области «Обеспечение доступности приоритетных объектов и услуг в приоритетных сферах жизнедеятельности инвалидов и других маломобильных групп населения (Доступная среда)» и о признании утратившими силу некоторых правовых актов»
A65: 57 | B65: Ханты-Мансийский автономный округ - Югра | C65: =IF('Data Import'!$BH$2="Нет","+","") | D65: =IF('Data Import'!$BH$2="Да","+","") | E65: =IF('Data Import'!$BH$3="Нет","+","") | F65: =IF('Data Import'!$BH$4<>"",'Data Import'!$BH$4,"") | G65: =IF('Data Import'!$BH$5<>"",'Data Import'!$BH$5,"") | H65: =IF('Data Import'!$BH$6<>"",'Data Import'!$BH$6,"")
A66: 58 | B66: Челябинская область | C66: =IF('Data Import'!$BI$2="Нет","+","") | D66: =IF('Data Import'!$BI$2="Да","+","") -> + | E66: =IF('Data Import'!$BI$3="Нет","+","") | F66: =IF('Data Import'!$BI$4<>"",'Data Import'!$BI$4,"") | G66: =IF('Data Import'!$BI$5<>"",'Data Import'!$BI$5,"") -> Организована работа по внесению изменений в План мероприятий («дорожной карты») по повышению значений показателей доступности для инвалидов объектов социальной, инженерной, транспортной инфраструктур и услуг Челябинской области, утвержденного распоряжением Правительства Челябинской области от 05.11.2019 г. № 855-рп, в части повышения значения показателя доступности для инвалидов оказываемых транспортных услуг («доля единиц общественного транспорта, приспособленных для использования инвалидами от общего числа соответствующих транспортных средств»). | H66: =IF('Data Import'!$BI$6<>"",'Data Import'!$BI$6,"") -> Распоряжение Правительства Челябинской области от 18.03.2026 г. № 187-рп - О внесении изменений в распоряжение Правительства Челябинской области от 05.11.2019 г. № 855-рп.
A67: 59 | B67: Ямало-Ненецкий автономный округ | C67: =IF('Data Import'!$BJ$2="Нет","+","") -> + | D67: =IF('Data Import'!$BJ$2="Да","+","") | E67: =IF('Data Import'!$BJ$3="Нет","+","") | F67: =IF('Data Import'!$BJ$4<>"",'Data Import'!$BJ$4,"") -> Обеспечение доступности для инвалидов объектов транспортной инфраструктуры, транспортных средств и предоставляемых на них транспортных услуг, осуществляется в соответствии с федеральной нормативно-правовой и методической базой | G67: =IF('Data Import'!$BJ$5<>"",'Data Import'!$BJ$5,"") | H67: =IF('Data Import'!$BJ$6<>"",'Data Import'!$BJ$6,"")
A68: 60 | B68: Белгородская область | C68: =IF('Data Import'!$BK$2="Нет","+","") | D68: =IF('Data Import'!$BK$2="Да","+","") -> + | E68: =IF('Data Import'!$BK$3="Нет","+","") -> + | F68: =IF('Data Import'!$BK$4<>"",'Data Import'!$BK$4,"") | G68: =IF('Data Import'!$BK$5<>"",'Data Import'!$BK$5,"") | H68: =IF('Data Import'!$BK$6<>"",'Data Import'!$BK$6,"")
A69: 61 | B69: Брянская область | C69: =IF('Data Import'!$BL$2="Нет","+","") | D69: =IF('Data Import'!$BL$2="Да","+","") -> + | E69: =IF('Data Import'!$BL$3="Нет","+","") -> + | F69: =IF('Data Import'!$BL$4<>"",'Data Import'!$BL$4,"") -> Отсутствовала необходимость | G69: =IF('Data Import'!$BL$5<>"",'Data Import'!$BL$5,"") | H69: =IF('Data Import'!$BL$6<>"",'Data Import'!$BL$6,"")
A70: 62 | B70: Владимирская область | C70: =IF('Data Import'!$BM$2="Нет","+","") | D70: =IF('Data Import'!$BM$2="Да","+","") -> + | E70: =IF('Data Import'!$BM$3="Нет","+","") | F70: =IF('Data Import'!$BM$4<>"",'Data Import'!$BM$4,"") | G70: =IF('Data Import'!$BM$5<>"",'Data Import'!$BM$5,"") -> Утвержден план мероприятий ("дорожная карта") Владимирской области по повышению значений показателей доступности для инвалидов объектов и предоставляемых на них услуг | H70: =IF('Data Import'!$BM$6<>"",'Data Import'!$BM$6,"") -> Распоряжение администрации Владимирской области от 15 июня 2018 г. N 402-р "Об утверждении плана мероприятий ("дорожной карты") по повышению значений показателей доступности для инвалидов объектов и предоставляемых на них услуг"
A71: 63 | B71: Воронежская область | C71: =IF('Data Import'!$BN$2="Нет","+","") -> + | D71: =IF('Data Import'!$BN$2="Да","+","") | E71: =IF('Data Import'!$BN$3="Нет","+","") | F71: =IF('Data Import'!$BN$4<>"",'Data Import'!$BN$4,"") | G71: =IF('Data Import'!$BN$5<>"",'Data Import'!$BN$5,"") -> Предоставлени беспланого проезда на пригородном автомобильном транспорте отдельным категриям граждан, включая ивалидов | H71: =IF('Data Import'!$BN$6<>"",'Data Import'!$BN$6,"") -> Постановление Администрации Воронежской обл. от 30.01.2006 N 49 (ред. от 28.08.2020) " О ЛЬГОТНОМ ПРОЕЗДЕ ОТДЕЛЬНЫХ КАТЕГОРИЙ ГРАЖДАН НА АВТОМОБИЛЬНОМ ТРАНСПОРТЕ ПРИГОРОДНОГО СООБЩЕНИЯ"
A72: 64 | B72: г. Москва | C72: =IF('Data Import'!$BO$2="Нет","+","") -> + | D72: =IF('Data Import'!$BO$2="Да","+","") | E72: =IF('Data Import'!$BO$3="Нет","+","") -> + | F72: =IF('Data Import'!$BO$4<>"",'Data Import'!$BO$4,"") | G72: =IF('Data Import'!$BO$5<>"",'Data Import'!$BO$5,"") | H72: =IF('Data Import'!$BO$6<>"",'Data Import'!$BO$6,"")
A73: 65 | B73: Ивановская область | C73: =IF('Data Import'!$BP$2="Нет","+","") | D73: =IF('Data Import'!$BP$2="Да","+","") -> + | E73: =IF('Data Import'!$BP$3="Нет","+","") | F73: =IF('Data Import'!$BP$4<>"",'Data Import'!$BP$4,"") | G73: =IF('Data Import'!$BP$5<>"",'Data Import'!$BP$5,"") -> Добавлены показатели в соответствии с рекомендациями: Доля оборудованных объектов транспортной инфраструктуры специализированными средствами, необходимыми для обслуживания всех категорий инвалидов; Доля обустроенных тротуаров и пешеходных путей передвижения для инвалидов в соответствии с требованиями по обеспечению их доступности для инвалидов; Доля установленных и модернизированных светофорных объектов с учетом их оснащения устройствами звукового сопровождения пешеходов; Доля обустроенных остановочных пунктов пассажирского транспорта на автомобильных дорогах общего пользования и трамвайных остановок специальными средствами для инвалидов, передвигающихся в креслах-колясках, инвалидов с нарушениями зрения и слуха; Доля оборудованных на автомобильных стоянках (парковках) мест для автотранспортных средств инвалидов, в том числе с установкой дорожных знаков, и нанесение дорожной разметки для обозначения мест парковки для инвалидов; Доля транспортных маршрутов, обеспечивающих доступность социально значимых объектов (поликлиники, больницы, школы, МФЦ и т.д.), разработанных совместно с общественными организациями инвалидов; Доля транспортных средств автомобильного и городского наземного электрического транспорта, оборудованного для перевозки инвалидов, а также оснащение транспортных средств специализированными устройствами, необходимыми для перевозки всех категорий инвалидов; Обеспечение доступности для инвалидов административных зданий исполнительных органов Ивановской области и органов местного самоуправления в сфере транспорта; Доля государственных/муниципальных служащих, исполнение должностных обязанностей которых связано с созданием на транспорте условий доступности для инвалидов, повысивших квалификацию. | H73: =IF('Data Import'!$BP$6<>"",'Data Import'!$BP$6,"") -> Распоряжение Правительства Ивановской области от 17.12.2015 N 286-рп "Об утверждении плана мероприятий ("дорожной карты") по повышению значений показателей доступности для инвалидов объектов и предоставляемых в них услуг в Ивановской области" (внесение изменений от 05.02.2026 № 12-рп)
A74: 66 | B74: Калужская область | C74: =IF('Data Import'!$BQ$2="Нет","+","") -> + | D74: =IF('Data Import'!$BQ$2="Да","+","") | E74: =IF('Data Import'!$BQ$3="Нет","+","") -> + | F74: =IF('Data Import'!$BQ$4<>"",'Data Import'!$BQ$4,"") | G74: =IF('Data Import'!$BQ$5<>"",'Data Import'!$BQ$5,"") | H74: =IF('Data Import'!$BQ$6<>"",'Data Import'!$BQ$6,"")
A75: 67 | B75: Костромская область | C75: =IF('Data Import'!$BR$2="Нет","+","") | D75: =IF('Data Import'!$BR$2="Да","+","") -> + | E75: =IF('Data Import'!$BR$3="Нет","+","") -> + | F75: =IF('Data Import'!$BR$4<>"",'Data Import'!$BR$4,"") | G75: =IF('Data Import'!$BR$5<>"",'Data Import'!$BR$5,"") | H75: =IF('Data Import'!$BR$6<>"",'Data Import'!$BR$6,"")
A76: 68 | B76: Курская область | C76: =IF('Data Import'!$BS$2="Нет","+","") | D76: =IF('Data Import'!$BS$2="Да","+","") -> + | E76: =IF('Data Import'!$BS$3="Нет","+","") | F76: =IF('Data Import'!$BS$4<>"",'Data Import'!$BS$4,"") -> Отсутствовала необходимость актуализации региональных нормативных правовых актов, регулирующих вопросы обеспечения доступности для инвалидов объектов транспортной инфраструктуры, транспортных средств и предоставляемых на них транспортных услуг, в связи с отсутствием вновь принятых правовых актов федерального уровня. | G76: =IF('Data Import'!$BS$5<>"",'Data Import'!$BS$5,"") | H76: =IF('Data Import'!$BS$6<>"",'Data Import'!$BS$6,"")
A77: 69 | B77: Липецкая область | C77: =IF('Data Import'!$BT$2="Нет","+","") -> + | D77: =IF('Data Import'!$BT$2="Да","+","") | E77: =IF('Data Import'!$BT$3="Нет","+","") -> + | F77: =IF('Data Import'!$BT$4<>"",'Data Import'!$BT$4,"") | G77: =IF('Data Import'!$BT$5<>"",'Data Import'!$BT$5,"") | H77: =IF('Data Import'!$BT$6<>"",'Data Import'!$BT$6,"")
A78: 70 | B78: Московская область | C78: =IF('Data Import'!$BU$2="Нет","+","") | D78: =IF('Data Import'!$BU$2="Да","+","") -> + | E78: =IF('Data Import'!$BU$3="Нет","+","") | F78: =IF('Data Import'!$BU$4<>"",'Data Import'!$BU$4,"") | G78: =IF('Data Import'!$BU$5<>"",'Data Import'!$BU$5,"") -> Доступность для инвалидов объектов и услуг в Московской области | H78: =IF('Data Import'!$BU$6<>"",'Data Import'!$BU$6,"") -> Постановление Правительства Московской области от 20.10.2015 № 968 утвержден План мероприятий («дорожная карта») «Повышение значений показателей доступности для инвалидов объектов и услуг в Московской области» Постановление Правительства МО от 24.05.2019 N 292/15 (ред. от 25.11.2024) "Об утверждении Положения о Координационном совете по делам инвалидов при Правительстве Московской области и о признании утратившими силу некоторых постановлений Правительства Московской области"
A79: 71 | B79: Орловская область | C79: =IF('Data Import'!$BV$2="Нет","+","") | D79: =IF('Data Import'!$BV$2="Да","+","") -> + | E79: =IF('Data Import'!$BV$3="Нет","+","") | F79: =IF('Data Import'!$BV$4<>"",'Data Import'!$BV$4,"") | G79: =IF('Data Import'!$BV$5<>"",'Data Import'!$BV$5,"") -> Удельный вес транспортных средств, используемых для предоставления услуг населению, соответствующих требованиям по обеспечению их доступности для инвалидов (от общего количества транспортных средств, на которых осуществляются перевозки пассажиров по регулярным муниципальным маршрутам города Орла) | H79: =IF('Data Import'!$BV$6<>"",'Data Import'!$BV$6,"") -> Распоряжение Правительства Орловской области от 01.04.2026 N 156-р <Об утверждении Плана мероприятий ("дорожной карты") "Повышение значений показателей доступности для инвалидов объектов и услуг в Орловской области (2026 - 2030 годы)"
A80: 72 | B80: Рязанская область | C80: =IF('Data Import'!$BW$2="Нет","+","") -> + | D80: =IF('Data Import'!$BW$2="Да","+","") | E80: =IF('Data Import'!$BW$3="Нет","+","") -> + | F80: =IF('Data Import'!$BW$4<>"",'Data Import'!$BW$4,"") -> Распоряжение Правительства Рязанской области от 30.09.2015 № 477-р (ред. от 18.12.2020) "Об утверждении плана мероприятий ("дорожной карты") по повышению значений показателей доступности для инвалидов объектов и услуг на территории Рязанской области" | G80: =IF('Data Import'!$BW$5<>"",'Data Import'!$BW$5,"") | H80: =IF('Data Import'!$BW$6<>"",'Data Import'!$BW$6,"")
A81: 73 | B81: Смоленская область | C81: =IF('Data Import'!$BX$2="Нет","+","") | D81: =IF('Data Import'!$BX$2="Да","+","") | E81: =IF('Data Import'!$BX$3="Нет","+","") | F81: =IF('Data Import'!$BX$4<>"",'Data Import'!$BX$4,"") | G81: =IF('Data Import'!$BX$5<>"",'Data Import'!$BX$5,"") | H81: =IF('Data Import'!$BX$6<>"",'Data Import'!$BX$6,"")
A82: 74 | B82: Тамбовская область | C82: =IF('Data Import'!$BY$2="Нет","+","") | D82: =IF('Data Import'!$BY$2="Да","+","") -> + | E82: =IF('Data Import'!$BY$3="Нет","+","") -> + | F82: =IF('Data Import'!$BY$4<>"",'Data Import'!$BY$4,"") | G82: =IF('Data Import'!$BY$5<>"",'Data Import'!$BY$5,"") | H82: =IF('Data Import'!$BY$6<>"",'Data Import'!$BY$6,"")
A83: 75 | B83: Тверская область | C83: =IF('Data Import'!$BZ$2="Нет","+","") | D83: =IF('Data Import'!$BZ$2="Да","+","") | E83: =IF('Data Import'!$BZ$3="Нет","+","") | F83: =IF('Data Import'!$BZ$4<>"",'Data Import'!$BZ$4,"") | G83: =IF('Data Import'!$BZ$5<>"",'Data Import'!$BZ$5,"") | H83: =IF('Data Import'!$BZ$6<>"",'Data Import'!$BZ$6,"")
A84: 76 | B84: Тульская область | C84: =IF('Data Import'!$CA$2="Нет","+","") | D84: =IF('Data Import'!$CA$2="Да","+","") -> + | E84: =IF('Data Import'!$CA$3="Нет","+","") | F84: =IF('Data Import'!$CA$4<>"",'Data Import'!$CA$4,"") | G84: =IF('Data Import'!$CA$5<>"",'Data Import'!$CA$5,"") -> Социальное такси | H84: =IF('Data Import'!$CA$6<>"",'Data Import'!$CA$6,"") -> Приказ Министерства здравоохранения Тульской области и Министерства труда и социальной защиты Тульской области от 24 ноября 2025 года №1156-осн/679-осн «Об утверждении Порядка предоставления дополнительной меры социальной поддержки отдельным категориям граждан специального транспортного обслуживания. ПОСТАНОВЛЕНИЕ ПРАВИТЕЛЬСТВА ТУЛЬСКОЙ ОБЛАСТИ от 18.06.2025 № 355 «Об установлении дополнительной меры социальной поддержки отдельных категорий граждан в виде специального транспортного обслуживания (предоставление услуг социального такси)»
A85: 77 | B85: Ярославская область | C85: =IF('Data Import'!$CB$2="Нет","+","") | D85: =IF('Data Import'!$CB$2="Да","+","") -> + | E85: =IF('Data Import'!$CB$3="Нет","+","") | F85: =IF('Data Import'!$CB$4<>"",'Data Import'!$CB$4,"") | G85: =IF('Data Import'!$CB$5<>"",'Data Import'!$CB$5,"") | H85: =IF('Data Import'!$CB$6<>"",'Data Import'!$CB$6,"")
A86: 78 | B86: Астраханская область | C86: =IF('Data Import'!$CC$2="Нет","+","") | D86: =IF('Data Import'!$CC$2="Да","+","") -> + | E86: =IF('Data Import'!$CC$3="Нет","+","") -> + | F86: =IF('Data Import'!$CC$4<>"",'Data Import'!$CC$4,"") | G86: =IF('Data Import'!$CC$5<>"",'Data Import'!$CC$5,"") | H86: =IF('Data Import'!$CC$6<>"",'Data Import'!$CC$6,"")
A87: 79 | B87: Волгоградская область | C87: =IF('Data Import'!$CD$2="Нет","+","") | D87: =IF('Data Import'!$CD$2="Да","+","") -> + | E87: =IF('Data Import'!$CD$3="Нет","+","") | F87: =IF('Data Import'!$CD$4<>"",'Data Import'!$CD$4,"") | G87: =IF('Data Import'!$CD$5<>"",'Data Import'!$CD$5,"") -> Предоставление льготного проезда | H87: =IF('Data Import'!$CD$6<>"",'Data Import'!$CD$6,"") -> Закон Волгоградской области от 31.12.2015 № 246-ОД "Социальный кодекс Волгоградской области", Постановление Администрации Волгоградской области от 25 сентября 2015 г. № 579-п "Об утверждении плана мероприятий ("дорожной карты") по повышению значений показателей доступности для инвалидов объектов и услуг в Волгоградской области на 2016-2030 годы"
A88: 80 | B88: г. Севастополь | C88: =IF('Data Import'!$CE$2="Нет","+","") | D88: =IF('Data Import'!$CE$2="Да","+","") -> + | E88: =IF('Data Import'!$CE$3="Нет","+","") | F88: =IF('Data Import'!$CE$4<>"",'Data Import'!$CE$4,"") | G88: =IF('Data Import'!$CE$5<>"",'Data Import'!$CE$5,"") -> Социальная политика | H88: =IF('Data Import'!$CE$6<>"",'Data Import'!$CE$6,"") -> Постановление Правительства Севастополя от 01.11.2021 № 558-ПП "Об утверждении Плана мероприятий ("дорожной карты") по повышению значений показателей доступности для инвалидов объектов и услуг в городе Севастополе"
A89: 81 | B89: Донецкая Народная Республика | C89: =IF('Data Import'!$CF$2="Нет","+","") | D89: =IF('Data Import'!$CF$2="Да","+","") | E89: =IF('Data Import'!$CF$3="Нет","+","") | F89: =IF('Data Import'!$CF$4<>"",'Data Import'!$CF$4,"") | G89: =IF('Data Import'!$CF$5<>"",'Data Import'!$CF$5,"") | H89: =IF('Data Import'!$CF$6<>"",'Data Import'!$CF$6,"")
A90: 82 | B90: Запорожская область | C90: =IF('Data Import'!$CG$2="Нет","+","") | D90: =IF('Data Import'!$CG$2="Да","+","") | E90: =IF('Data Import'!$CG$3="Нет","+","") | F90: =IF('Data Import'!$CG$4<>"",'Data Import'!$CG$4,"") | G90: =IF('Data Import'!$CG$5<>"",'Data Import'!$CG$5,"") | H90: =IF('Data Import'!$CG$6<>"",'Data Import'!$CG$6,"")
A91: 83 | B91: Краснодарский край | C91: =IF('Data Import'!$CH$2="Нет","+","") | D91: =IF('Data Import'!$CH$2="Да","+","") -> + | E91: =IF('Data Import'!$CH$3="Нет","+","") | F91: =IF('Data Import'!$CH$4<>"",'Data Import'!$CH$4,"") | G91: =IF('Data Import'!$CH$5<>"",'Data Import'!$CH$5,"") -> Ведется на постоянной основе для обеспечения доступности для инвалидов объектов и услуг в Краснодарском крае | H91: =IF('Data Import'!$CH$6<>"",'Data Import'!$CH$6,"") -> План мероприятий («дорожная карта») «Повышение значений показателей доступности для инвалидов объектов и услуг в Краснодарском крае», утвержденным постановлением главы администрации (губернатора) Краснодарского края от 10.12.2015 № 1178
A92: 84 | B92: Луганская Народная Республика | C92: =IF('Data Import'!$CI$2="Нет","+","") | D92: =IF('Data Import'!$CI$2="Да","+","") | E92: =IF('Data Import'!$CI$3="Нет","+","") | F92: =IF('Data Import'!$CI$4<>"",'Data Import'!$CI$4,"") | G92: =IF('Data Import'!$CI$5<>"",'Data Import'!$CI$5,"") | H92: =IF('Data Import'!$CI$6<>"",'Data Import'!$CI$6,"")
A93: 85 | B93: Республика Адыгея | C93: =IF('Data Import'!$CJ$2="Нет","+","") | D93: =IF('Data Import'!$CJ$2="Да","+","") | E93: =IF('Data Import'!$CJ$3="Нет","+","") | F93: =IF('Data Import'!$CJ$4<>"",'Data Import'!$CJ$4,"") | G93: =IF('Data Import'!$CJ$5<>"",'Data Import'!$CJ$5,"") | H93: =IF('Data Import'!$CJ$6<>"",'Data Import'!$CJ$6,"")
A94: 86 | B94: Республика Калмыкия | C94: =IF('Data Import'!$CK$2="Нет","+","") | D94: =IF('Data Import'!$CK$2="Да","+","") | E94: =IF('Data Import'!$CK$3="Нет","+","") | F94: =IF('Data Import'!$CK$4<>"",'Data Import'!$CK$4,"") | G94: =IF('Data Import'!$CK$5<>"",'Data Import'!$CK$5,"") | H94: =IF('Data Import'!$CK$6<>"",'Data Import'!$CK$6,"")
A95: 87 | B95: Республика Крым | C95: =IF('Data Import'!$CL$2="Нет","+","") | D95: =IF('Data Import'!$CL$2="Да","+","") -> + | E95: =IF('Data Import'!$CL$3="Нет","+","") | F95: =IF('Data Import'!$CL$4<>"",'Data Import'!$CL$4,"") -> Все учтено ранее | G95: =IF('Data Import'!$CL$5<>"",'Data Import'!$CL$5,"") | H95: =IF('Data Import'!$CL$6<>"",'Data Import'!$CL$6,"")
A96: 88 | B96: Ростовская область | C96: =IF('Data Import'!$CM$2="Нет","+","") | D96: =IF('Data Import'!$CM$2="Да","+","") -> + | E96: =IF('Data Import'!$CM$3="Нет","+","") | F96: =IF('Data Import'!$CM$4<>"",'Data Import'!$CM$4,"") -> Постановлением правительства Ростовской области 490 от 22 июня 2021 утвержден План мероприятий ("дорожная карта") "Повышения значений показателей доступности для инвалидов объектов социальной, инженерной и транспортной инфраструктур и предоставляемых услуг в установленных сферах деятельности на 2021 - 2030 годы» | G96: =IF('Data Import'!$CM$5<>"",'Data Import'!$CM$5,"") | H96: =IF('Data Import'!$CM$6<>"",'Data Import'!$CM$6,"")
A97: 89 | B97: Херсонская область | C97: =IF('Data Import'!$CN$2="Нет","+","") | D97: =IF('Data Import'!$CN$2="Да","+","") | E97: =IF('Data Import'!$CN$3="Нет","+","") | F97: =IF('Data Import'!$CN$4<>"",'Data Import'!$CN$4,"") | G97: =IF('Data Import'!$CN$5<>"",'Data Import'!$CN$5,"") | H97: =IF('Data Import'!$CN$6<>"",'Data Import'!$CN$6,"")
A99: * | B99: Например, предоставление льготного проезда, качество транспортного обслуживания и т.д.

Sheet Раздел II 
A1: =CONCATENATE("Реализация субъектами Российской Федерации мероприятий сводного плана в ",'Data Import'!$A$1) -> Реализация субъектами Российской Федерации мероприятий сводного плана в 2025 г.
A2: № | B2: Субьект Российской Федерации | C2: II. Внедрение новых организационно-управленческих решений в сфере создания доступной среды на транспорте
C3: 6. Создание и развитие служб «социального такси» во всех субъектах Российской Федерации
C4: Ожидаемый результат: Субъектами Российской Федерации и органами местного самоуправления установлены правила предоставления лицам с инвалидностью услуг «социального такси», а также приняты меры по их реализации
C5: Наличие в регионе службы "социальное такси" | K5: =CONCATENATE("Велась ли в ",'Data Import'!$A$1," работа по данному направлению") -> Велась ли в 2025 г. работа по данному направлению | N5: Реквизиты документов, определяющих правила оказания услуг «социального такси» (вид документа, наименование, дата и номер принятия) | O5: Количество муниципальных образований в регионе | P5: Количество муниципальных образований в регионе, в которых предоставляются услуги «социального такси» | Q5: Количество транспортных средств, шт | S5: Количество совершенных поездок лицами - получателями услуг «социального такси», ед. | U5: Количество водителей, чел
C6: Нет | D6: Не требуется | E6: Да
E7: Наличие в региональном сводном плане или ином документе соответствующего мероприятия
E8: Нет | F8: Да | U8: Всего | W8: Прошедших обучение / инструктирование по оказанию инвалидам ситуационной помощи на транспорте | Y8: =CONCATENATE("Планируемых к обучению / инструктированию по оказанию инвалидам ситуационной помощи на транспорте в ",LEFT('Data Import'!$A$1,4)+1," году") -> Планируемых к обучению / инструктированию по оказанию инвалидам ситуационной помощи на транспорте в 2026 году
F9: Наличие целевого показателя в региональном сводном плане или ином документе
F10: Нет | G10: Да | K10: Нет | L10: Отсутствовала необходимость (обоснование) | M10: Да
G11: Наименование целевого показателя | H11: Единицы измерения | I11: =CONCATENATE("Плановое значение целевого показателя на ",'Data Import'!$A$1) -> Плановое значение целевого показателя на 2025 г. | J11: =CONCATENATE("Фактическое значение целевого показателя на ",'Data Import'!$A$1) -> Фактическое значение целевого показателя на 2025 г. | Q11: =CONCATENATE("в ",LEFT('Data Import'!$A$1,4)-1," году") -> в 2024 году | R11: =CONCATENATE("в ",LEFT('Data Import'!$A$1,4)," году") -> в 2025 году | S11: =CONCATENATE("в ",LEFT('Data Import'!$A$1,4)-1," году") -> в 2024 году | T11: =CONCATENATE("в ",LEFT('Data Import'!$A$1,4)," году") -> в 2025 году | U11: =CONCATENATE("в ",LEFT('Data Import'!$A$1,4)-1," году") -> в 2024 году | V11: =CONCATENATE("в ",LEFT('Data Import'!$A$1,4)," году") -> в 2025 году | W11: =CONCATENATE("в ",LEFT('Data Import'!$A$1,4)-1," году") -> в 2024 году | X11: =CONCATENATE("в ",LEFT('Data Import'!$A$1,4)," году") -> в 2025 году
A12: 1 | B12: 2 | C12: 3 | D12: 4 | E12: 5 | F12: 6 | G12: 7 | H12: 8 | I12: 9 | J12: 10 | K12: 11 | L12: 12 | M12: 13 | N12: 14 | O12: 15 | P12: 16 | Q12: 17 | R12: 18 | S12: 19 | T12: 20 | U12: 21 | V12: 22 | W12: 23 | X12: 24 | Y12: 25
A13: 1 | B13: Амурская область | C13: =IF('Data Import'!$D$7="Нет","+","") | D13: =IF('Data Import'!$D$7="Не требуется","+","") | E13: =IF('Data Import'!$D$8="Нет","+","") | F13: =IF('Data Import'!$D$9="Нет","+","") -> + | G13: =IF('Data Import'!$D$10<>"",'Data Import'!$D$10,"") | H13: =IF('Data Import'!$D$11<>"",'Data Import'!$D$11,"") | I13: =IF('Data Import'!$D$12<>"",'Data Import'!$D$12,"") | J13: =IF('Data Import'!$D$13<>"",'Data Import'!$D$13,"") | K13: =IF('Data Import'!$D$14="Нет","+","") | L13: =IF('Data Import'!$D$15<>"",'Data Import'!$D$15,"") | M13: =IF('Data Import'!$D$14="Да","+","") -> + | N13: =IF('Data Import'!$D$16<>"",'Data Import'!$D$16,"") -> Постановлением Правительства Амурской области от 08.08.2019 № 443 | O13: =IF('Data Import'!$D$17<>"",'Data Import'!$D$17,"") -> 29 | P13: =IF('Data Import'!$D$18<>"",'Data Import'!$D$18,"") -> 2 | Q13: =IF('Data Import'!$D$19<>"",'Data Import'!$D$19,"") -> 14 | R13: =IF('Data Import'!$D$20<>"",'Data Import'!$D$20,"") -> 14 | S13: =IF('Data Import'!$D$21<>"",'Data Import'!$D$21,"") | T13: =IF('Data Import'!$D$22<>"",'Data Import'!$D$22,"") | U13: =IF('Data Import'!$D$23<>"",'Data Import'!$D$23,"") | V13: =IF('Data Import'!$D$24<>"",'Data Import'!$D$24,"") | W13: =IF('Data Import'!$D$25<>"",'Data Import'!$D$25,"") | X13: =IF('Data Import'!$D$26<>"",'Data Import'!$D$26,"") | Y13: =IF('Data Import'!$D$27<>"",'Data Import'!$D$27,"")
A14: 2 | B14: Еврейская автономная область | C14: =IF('Data Import'!$E$7="Нет","+","") | D14: =IF('Data Import'!$E$7="Не требуется","+","") | E14: =IF('Data Import'!$E$8="Нет","+","") | F14: =IF('Data Import'!$E$9="Нет","+","") | G14: =IF('Data Import'!$E$10<>"",'Data Import'!$E$10,"") | H14: =IF('Data Import'!$E$11<>"",'Data Import'!$E$11,"") | I14: =IF('Data Import'!$E$12<>"",'Data Import'!$E$12,"") | J14: =IF('Data Import'!$E$13<>"",'Data Import'!$E$13,"") | K14: =IF('Data Import'!$E$14="Нет","+","") | L14: =IF('Data Import'!$E$15<>"",'Data Import'!$E$15,"") | M14: =IF('Data Import'!$E$14="Да","+","") | N14: =IF('Data Import'!$E$16<>"",'Data Import'!$E$16,"") | O14: =IF('Data Import'!$E$17<>"",'Data Import'!$E$17,"") | P14: =IF('Data Import'!$E$18<>"",'Data Import'!$E$18,"") | Q14: =IF('Data Import'!$E$19<>"",'Data Import'!$E$19,"") | R14: =IF('Data Import'!$E$20<>"",'Data Import'!$E$20,"") | S14: =IF('Data Import'!$E$21<>"",'Data Import'!$E$21,"") | T14: =IF('Data Import'!$E$22<>"",'Data Import'!$E$22,"") | U14: =IF('Data Import'!$E$23<>"",'Data Import'!$E$23,"") | V14: =IF('Data Import'!$E$24<>"",'Data Import'!$E$24,"") | W14: =IF('Data Import'!$E$25<>"",'Data Import'!$E$25,"") | X14: =IF('Data Import'!$E$26<>"",'Data Import'!$E$26,"") | Y14: =IF('Data Import'!$E$27<>"",'Data Import'!$E$27,"")
A15: 3 | B15: Камчатский край | C15: =IF('Data Import'!$F$7="Нет","+","") | D15: =IF('Data Import'!$F$7="Не требуется","+","") | E15: =IF('Data Import'!$F$8="Нет","+","") | F15: =IF('Data Import'!$F$9="Нет","+","") | G15: =IF('Data Import'!$F$10<>"",'Data Import'!$F$10,"") | H15: =IF('Data Import'!$F$11<>"",'Data Import'!$F$11,"") | I15: =IF('Data Import'!$F$12<>"",'Data Import'!$F$12,"") | J15: =IF('Data Import'!$F$13<>"",'Data Import'!$F$13,"") | K15: =IF('Data Import'!$F$14="Нет","+","") | L15: =IF('Data Import'!$F$15<>"",'Data Import'!$F$15,"") | M15: =IF('Data Import'!$F$14="Да","+","") | N15: =IF('Data Import'!$F$16<>"",'Data Import'!$F$16,"") | O15: =IF('Data Import'!$F$17<>"",'Data Import'!$F$17,"") | P15: =IF('Data Import'!$F$18<>"",'Data Import'!$F$18,"") | Q15: =IF('Data Import'!$F$19<>"",'Data Import'!$F$19,"") | R15: =IF('Data Import'!$F$20<>"",'Data Import'!$F$20,"") | S15: =IF('Data Import'!$F$21<>"",'Data Import'!$F$21,"") | T15: =IF('Data Import'!$F$22<>"",'Data Import'!$F$22,"") | U15: =IF('Data Import'!$F$23<>"",'Data Import'!$F$23,"") | V15: =IF('Data Import'!$F$24<>"",'Data Import'!$F$24,"") | W15: =IF('Data Import'!$F$25<>"",'Data Import'!$F$25,"") | X15: =IF('Data Import'!$F$26<>"",'Data Import'!$F$26,"") | Y15: =IF('Data Import'!$F$27<>"",'Data Import'!$F$27,"")
A16: 4 | B16: Магаданская область | C16: =IF('Data Import'!$G$7="Нет","+","") | D16: =IF('Data Import'!$G$7="Не требуется","+","") | E16: =IF('Data Import'!$G$8="Нет","+","") | F16: =IF('Data Import'!$G$9="Нет","+","") | G16: =IF('Data Import'!$G$10<>"",'Data Import'!$G$10,"") -> Создание и развитие служб "социального такси" в Магаданской области | H16: =IF('Data Import'!$G$11<>"",'Data Import'!$G$11,"") -> чел. | I16: =IF('Data Import'!$G$12<>"",'Data Import'!$G$12,"") -> 820 | J16: =IF('Data Import'!$G$13<>"",'Data Import'!$G$13,"") -> 998 | K16: =IF('Data Import'!$G$14="Нет","+","") | L16: =IF('Data Import'!$G$15<>"",'Data Import'!$G$15,"") | M16: =IF('Data Import'!$G$14="Да","+","") -> + | N16: =IF('Data Import'!$G$16<>"",'Data Import'!$G$16,"") -> Постановление Правительства Магаданской области от 18.06.2014 N 509-пп "Об утверждении Положения о предоставлении транспортной услуги "социальное такси" отдельным категориям граждан, проживающим в Магаданской области" | O16: =IF('Data Import'!$G$17<>"",'Data Import'!$G$17,"") -> 9 | P16: =IF('Data Import'!$G$18<>"",'Data Import'!$G$18,"") -> 1 | Q16: =IF('Data Import'!$G$19<>"",'Data Import'!$G$19,"") -> 3 | R16: =IF('Data Import'!$G$20<>"",'Data Import'!$G$20,"") -> 3 | S16: =IF('Data Import'!$G$21<>"",'Data Import'!$G$21,"") -> 26476 | T16: =IF('Data Import'!$G$22<>"",'Data Import'!$G$22,"") -> 28538 | U16: =IF('Data Import'!$G$23<>"",'Data Import'!$G$23,"") -> 4 | V16: =IF('Data Import'!$G$24<>"",'Data Import'!$G$24,"") -> 4 | W16: =IF('Data Import'!$G$25<>"",'Data Import'!$G$25,"") -> 0 | X16: =IF('Data Import'!$G$26<>"",'Data Import'!$G$26,"") -> 0 | Y16: =IF('Data Import'!$G$27<>"",'Data Import'!$G$27,"") -> 0
A17: 5 | B17: Приморский край | C17: =IF('Data Import'!$H$7="Нет","+","") | D17: =IF('Data Import'!$H$7="Не требуется","+","") | E17: =IF('Data Import'!$H$8="Нет","+","") -> + | F17: =IF('Data Import'!$H$9="Нет","+","") | G17: =IF('Data Import'!$H$10<>"",'Data Import'!$H$10,"") | H17: =IF('Data Import'!$H$11<>"",'Data Import'!$H$11,"") | I17: =IF('Data Import'!$H$12<>"",'Data Import'!$H$12,"") | J17: =IF('Data Import'!$H$13<>"",'Data Import'!$H$13,"") | K17: =IF('Data Import'!$H$14="Нет","+","") | L17: =IF('Data Import'!$H$15<>"",'Data Import'!$H$15,"") | M17: =IF('Data Import'!$H$14="Да","+","") | N17: =IF('Data Import'!$H$16<>"",'Data Import'!$H$16,"") -> от 14 декабря 2021 года № 698 «Об утверждении Порядка предоставления срочной социальной услуги «Предоставление транспортной услуги «Социальное такси» получателям социальных услуг поставщиками социальных услуг в Приморском крае» | O17: =IF('Data Import'!$H$17<>"",'Data Import'!$H$17,"") -> 34 | P17: =IF('Data Import'!$H$18<>"",'Data Import'!$H$18,"") -> 33 | Q17: =IF('Data Import'!$H$19<>"",'Data Import'!$H$19,"") -> 247 | R17: =IF('Data Import'!$H$20<>"",'Data Import'!$H$20,"") -> 247 | S17: =IF('Data Import'!$H$21<>"",'Data Import'!$H$21,"") -> 39976 | T17: =IF('Data Import'!$H$22<>"",'Data Import'!$H$22,"") -> 53804 | U17: =IF('Data Import'!$H$23<>"",'Data Import'!$H$23,"") -> 259 | V17: =IF('Data Import'!$H$24<>"",'Data Import'!$H$24,"") -> 247 | W17: =IF('Data Import'!$H$25<>"",'Data Import'!$H$25,"") -> 6 | X17: =IF('Data Import'!$H$26<>"",'Data Import'!$H$26,"") -> 11 | Y17: =IF('Data Import'!$H$27<>"",'Data Import'!$H$27,"") -> 20
A18: 6 | B18: Республика Саха (Якутия) | C18: =IF('Data Import'!$I$7="Нет","+","") | D18: =IF('Data Import'!$I$7="Не требуется","+","") | E18: =IF('Data Import'!$I$8="Нет","+","") -> + | F18: =IF('Data Import'!$I$9="Нет","+","") | G18: =IF('Data Import'!$I$10<>"",'Data Import'!$I$10,"") | H18: =IF('Data Import'!$I$11<>"",'Data Import'!$I$11,"") | I18: =IF('Data Import'!$I$12<>"",'Data Import'!$I$12,"") | J18: =IF('Data Import'!$I$13<>"",'Data Import'!$I$13,"") | K18: =IF('Data Import'!$I$14="Нет","+","") | L18: =IF('Data Import'!$I$15<>"",'Data Import'!$I$15,"") | M18: =IF('Data Import'!$I$14="Да","+","") | N18: =IF('Data Import'!$I$16<>"",'Data Import'!$I$16,"") | O18: =IF('Data Import'!$I$17<>"",'Data Import'!$I$17,"") -> 36 | P18: =IF('Data Import'!$I$18<>"",'Data Import'!$I$18,"") -> 1 | Q18: =IF('Data Import'!$I$19<>"",'Data Import'!$I$19,"") -> 6 | R18: =IF('Data Import'!$I$20<>"",'Data Import'!$I$20,"") -> 6 | S18: =IF('Data Import'!$I$21<>"",'Data Import'!$I$21,"") -> 3483 | T18: =IF('Data Import'!$I$22<>"",'Data Import'!$I$22,"") -> 3913 | U18: =IF('Data Import'!$I$23<>"",'Data Import'!$I$23,"") -> 6 | V18: =IF('Data Import'!$I$24<>"",'Data Import'!$I$24,"") -> 6 | W18: =IF('Data Import'!$I$25<>"",'Data Import'!$I$25,"") | X18: =IF('Data Import'!$I$26<>"",'Data Import'!$I$26,"") | Y18: =IF('Data Import'!$I$27<>"",'Data Import'!$I$27,"")
A19: 7 | B19: Сахалинская область | C19: =IF('Data Import'!$J$7="Нет","+","") | D19: =IF('Data Import'!$J$7="Не требуется","+","") | E19: =IF('Data Import'!$J$8="Нет","+","") | F19: =IF('Data Import'!$J$9="Нет","+","") | G19: =IF('Data Import'!$J$10<>"",'Data Import'!$J$10,"") -> Создание и развитие служб «социального такси» в Сахалинской области | H19: =IF('Data Import'!$J$11<>"",'Data Import'!$J$11,"") -> ед. | I19: =IF('Data Import'!$J$12<>"",'Data Import'!$J$12,"") -> 1370 | J19: =IF('Data Import'!$J$13<>"",'Data Import'!$J$13,"") -> 7008 | K19: =IF('Data Import'!$J$14="Нет","+","") | L19: =IF('Data Import'!$J$15<>"",'Data Import'!$J$15,"") | M19: =IF('Data Import'!$J$14="Да","+","") -> + | N19: =IF('Data Import'!$J$16<>"",'Data Import'!$J$16,"") -> Приказ Министерства социальной защиты Сахалинской области от 09.09.2021 N 272-н "Об утверждении Порядка предоставления социальных услуг поставщиками социальных услуг в Сахалинской области" | O19: =IF('Data Import'!$J$17<>"",'Data Import'!$J$17,"") -> 18 | P19: =IF('Data Import'!$J$18<>"",'Data Import'!$J$18,"") -> 3 | Q19: =IF('Data Import'!$J$19<>"",'Data Import'!$J$19,"") -> 9 | R19: =IF('Data Import'!$J$20<>"",'Data Import'!$J$20,"") -> 10 | S19: =IF('Data Import'!$J$21<>"",'Data Import'!$J$21,"") -> 6702 | T19: =IF('Data Import'!$J$22<>"",'Data Import'!$J$22,"") -> 7008 | U19: =IF('Data Import'!$J$23<>"",'Data Import'!$J$23,"") -> 9 | V19: =IF('Data Import'!$J$24<>"",'Data Import'!$J$24,"") -> 10 | W19: =IF('Data Import'!$J$25<>"",'Data Import'!$J$25,"") -> 0 | X19: =IF('Data Import'!$J$26<>"",'Data Import'!$J$26,"") -> 0 | Y19: =IF('Data Import'!$J$27<>"",'Data Import'!$J$27,"") -> 0
A20: 8 | B20: Хабаровский край | C20: =IF('Data Import'!$K$7="Нет","+","") -> + | D20: =IF('Data Import'!$K$7="Не требуется","+","") | E20: =IF('Data Import'!$K$8="Нет","+","") | F20: =IF('Data Import'!$K$9="Нет","+","") | G20: =IF('Data Import'!$K$10<>"",'Data Import'!$K$10,"") | H20: =IF('Data Import'!$K$11<>"",'Data Import'!$K$11,"") | I20: =IF('Data Import'!$K$12<>"",'Data Import'!$K$12,"") | J20: =IF('Data Import'!$K$13<>"",'Data Import'!$K$13,"") | K20: =IF('Data Import'!$K$14="Нет","+","") | L20: =IF('Data Import'!$K$15<>"",'Data Import'!$K$15,"") | M20: =IF('Data Import'!$K$14="Да","+","") | N20: =IF('Data Import'!$K$16<>"",'Data Import'!$K$16,"") | O20: =IF('Data Import'!$K$17<>"",'Data Import'!$K$17,"") | P20: =IF('Data Import'!$K$18<>"",'Data Import'!$K$18,"") | Q20: =IF('Data Import'!$K$19<>"",'Data Import'!$K$19,"") | R20: =IF('Data Import'!$K$20<>"",'Data Import'!$K$20,"") | S20: =IF('Data Import'!$K$21<>"",'Data Import'!$K$21,"") | T20: =IF('Data Import'!$K$22<>"",'Data Import'!$K$22,"") | U20: =IF('Data Import'!$K$23<>"",'Data Import'!$K$23,"") | V20: =IF('Data Import'!$K$24<>"",'Data Import'!$K$24,"") | W20: =IF('Data Import'!$K$25<>"",'Data Import'!$K$25,"") | X20: =IF('Data Import'!$K$26<>"",'Data Import'!$K$26,"") | Y20: =IF('Data Import'!$K$27<>"",'Data Import'!$K$27,"")
A21: 9 | B21: Чукотский автономный округ | C21: =IF('Data Import'!$L$7="Нет","+","") | D21: =IF('Data Import'!$L$7="Не требуется","+","") | E21: =IF('Data Import'!$L$8="Нет","+","") | F21: =IF('Data Import'!$L$9="Нет","+","") -> + | G21: =IF('Data Import'!$L$10<>"",'Data Import'!$L$10,"") | H21: =IF('Data Import'!$L$11<>"",'Data Import'!$L$11,"") | I21: =IF('Data Import'!$L$12<>"",'Data Import'!$L$12,"") | J21: =IF('Data Import'!$L$13<>"",'Data Import'!$L$13,"") | K21: =IF('Data Import'!$L$14="Нет","+","") -> + | L21: =IF('Data Import'!$L$15<>"",'Data Import'!$L$15,"") | M21: =IF('Data Import'!$L$14="Да","+","") | N21: =IF('Data Import'!$L$16<>"",'Data Import'!$L$16,"") -> Приказ Департамента социальной политики Чукотского автономного округа от 27 ноября 2025 г. N 1882 "Об утверждении Порядка оказания дополнительной меры социальной поддержки по транспортному обслуживанию маломобильных граждан с использованием специальных автотранспортных средств" | O21: =IF('Data Import'!$L$17<>"",'Data Import'!$L$17,"") -> 7 | P21: =IF('Data Import'!$L$18<>"",'Data Import'!$L$18,"") | Q21: =IF('Data Import'!$L$19<>"",'Data Import'!$L$19,"") | R21: =IF('Data Import'!$L$20<>"",'Data Import'!$L$20,"") | S21: =IF('Data Import'!$L$21<>"",'Data Import'!$L$21,"") | T21: =IF('Data Import'!$L$22<>"",'Data Import'!$L$22,"") | U21: =IF('Data Import'!$L$23<>"",'Data Import'!$L$23,"") | V21: =IF('Data Import'!$L$24<>"",'Data Import'!$L$24,"") | W21: =IF('Data Import'!$L$25<>"",'Data Import'!$L$25,"") | X21: =IF('Data Import'!$L$26<>"",'Data Import'!$L$26,"") | Y21: =IF('Data Import'!$L$27<>"",'Data Import'!$L$27,"")
A22: 10 | B22: Кировская область | C22: =IF('Data Import'!$M$7="Нет","+","") -> + | D22: =IF('Data Import'!$M$7="Не требуется","+","") | E22: =IF('Data Import'!$M$8="Нет","+","") | F22: =IF('Data Import'!$M$9="Нет","+","") | G22: =IF('Data Import'!$M$10<>"",'Data Import'!$M$10,"") | H22: =IF('Data Import'!$M$11<>"",'Data Import'!$M$11,"") | I22: =IF('Data Import'!$M$12<>"",'Data Import'!$M$12,"") | J22: =IF('Data Import'!$M$13<>"",'Data Import'!$M$13,"") | K22: =IF('Data Import'!$M$14="Нет","+","") | L22: =IF('Data Import'!$M$15<>"",'Data Import'!$M$15,"") | M22: =IF('Data Import'!$M$14="Да","+","") | N22: =IF('Data Import'!$M$16<>"",'Data Import'!$M$16,"") | O22: =IF('Data Import'!$M$17<>"",'Data Import'!$M$17,"") | P22: =IF('Data Import'!$M$18<>"",'Data Import'!$M$18,"") | Q22: =IF('Data Import'!$M$19<>"",'Data Import'!$M$19,"") | R22: =IF('Data Import'!$M$20<>"",'Data Import'!$M$20,"") | S22: =IF('Data Import'!$M$21<>"",'Data Import'!$M$21,"") | T22: =IF('Data Import'!$M$22<>"",'Data Import'!$M$22,"") | U22: =IF('Data Import'!$M$23<>"",'Data Import'!$M$23,"") | V22: =IF('Data Import'!$M$24<>"",'Data Import'!$M$24,"") | W22: =IF('Data Import'!$M$25<>"",'Data Import'!$M$25,"") | X22: =IF('Data Import'!$M$26<>"",'Data Import'!$M$26,"") | Y22: =IF('Data Import'!$M$27<>"",'Data Import'!$M$27,"")
A23: 11 | B23: Нижегородская область | C23: =IF('Data Import'!$N$7="Нет","+","") | D23: =IF('Data Import'!$N$7="Не требуется","+","") | E23: =IF('Data Import'!$N$8="Нет","+","") | F23: =IF('Data Import'!$N$9="Нет","+","") -> + | G23: =IF('Data Import'!$N$10<>"",'Data Import'!$N$10,"") -> 2.12. Организация транспортного обслуживания инвалидов ("социальное такси") | H23: =IF('Data Import'!$N$11<>"",'Data Import'!$N$11,"") | I23: =IF('Data Import'!$N$12<>"",'Data Import'!$N$12,"") | J23: =IF('Data Import'!$N$13<>"",'Data Import'!$N$13,"") | K23: =IF('Data Import'!$N$14="Нет","+","") | L23: =IF('Data Import'!$N$15<>"",'Data Import'!$N$15,"") | M23: =IF('Data Import'!$N$14="Да","+","") -> + | N23: =IF('Data Import'!$N$16<>"",'Data Import'!$N$16,"") -> Услуга регулируется Порядком предоставления отдельным категориям граждан специализированной транспортной услуги службой «Социальное такси», утвержденным внутренними приказами учреждений социального обслуживания. | O23: =IF('Data Import'!$N$17<>"",'Data Import'!$N$17,"") -> 50 | P23: =IF('Data Import'!$N$18<>"",'Data Import'!$N$18,"") -> 7 | Q23: =IF('Data Import'!$N$19<>"",'Data Import'!$N$19,"") -> 14 | R23: =IF('Data Import'!$N$20<>"",'Data Import'!$N$20,"") -> 14 | S23: =IF('Data Import'!$N$21<>"",'Data Import'!$N$21,"") -> 1499 | T23: =IF('Data Import'!$N$22<>"",'Data Import'!$N$22,"") -> 1630 | U23: =IF('Data Import'!$N$23<>"",'Data Import'!$N$23,"") -> 14 | V23: =IF('Data Import'!$N$24<>"",'Data Import'!$N$24,"") -> 14 | W23: =IF('Data Import'!$N$25<>"",'Data Import'!$N$25,"") -> 1 | X23: =IF('Data Import'!$N$26<>"",'Data Import'!$N$26,"") -> 0 | Y23: =IF('Data Import'!$N$27<>"",'Data Import'!$N$27,"") -> 7
A24: 12 | B24: Оренбургская область | C24: =IF('Data Import'!$O$7="Нет","+","") | D24: =IF('Data Import'!$O$7="Не требуется","+","") | E24: =IF('Data Import'!$O$8="Нет","+","") | F24: =IF('Data Import'!$O$9="Нет","+","") -> + | G24: =IF('Data Import'!$O$10<>"",'Data Import'!$O$10,"") | H24: =IF('Data Import'!$O$11<>"",'Data Import'!$O$11,"") | I24: =IF('Data Import'!$O$12<>"",'Data Import'!$O$12,"") | J24: =IF('Data Import'!$O$13<>"",'Data Import'!$O$13,"") | K24: =IF('Data Import'!$O$14="Нет","+","") | L24: =IF('Data Import'!$O$15<>"",'Data Import'!$O$15,"") | M24: =IF('Data Import'!$O$14="Да","+","") -> + | N24: =IF('Data Import'!$O$16<>"",'Data Import'!$O$16,"") | O24: =IF('Data Import'!$O$17<>"",'Data Import'!$O$17,"") -> 42 | P24: =IF('Data Import'!$O$18<>"",'Data Import'!$O$18,"") -> 2 | Q24: =IF('Data Import'!$O$19<>"",'Data Import'!$O$19,"") -> 3 | R24: =IF('Data Import'!$O$20<>"",'Data Import'!$O$20,"") -> 3 | S24: =IF('Data Import'!$O$21<>"",'Data Import'!$O$21,"") -> 54 | T24: =IF('Data Import'!$O$22<>"",'Data Import'!$O$22,"") -> 446 | U24: =IF('Data Import'!$O$23<>"",'Data Import'!$O$23,"") -> 5 | V24: =IF('Data Import'!$O$24<>"",'Data Import'!$O$24,"") -> 7 | W24: =IF('Data Import'!$O$25<>"",'Data Import'!$O$25,"") -> 2 | X24: =IF('Data Import'!$O$26<>"",'Data Import'!$O$26,"") -> 2 | Y24: =IF('Data Import'!$O$27<>"",'Data Import'!$O$27,"") -> 1
A25: 13 | B25: Пензенская область | C25: =IF('Data Import'!$P$7="Нет","+","") | D25: =IF('Data Import'!$P$7="Не требуется","+","") | E25: =IF('Data Import'!$P$8="Нет","+","") | F25: =IF('Data Import'!$P$9="Нет","+","") | G25: =IF('Data Import'!$P$10<>"",'Data Import'!$P$10,"") -> Доля граждан, охваченных услугами, из числа граждан, имеющих право на данную услугу, и обратившихся за оказанием услуги - 100% | H25: =IF('Data Import'!$P$11<>"",'Data Import'!$P$11,"") -> % | I25: =IF('Data Import'!$P$12<>"",'Data Import'!$P$12,"") -> 100 | J25: =IF('Data Import'!$P$13<>"",'Data Import'!$P$13,"") -> 100 | K25: =IF('Data Import'!$P$14="Нет","+","") | L25: =IF('Data Import'!$P$15<>"",'Data Import'!$P$15,"") | M25: =IF('Data Import'!$P$14="Да","+","") -> + | N25: =IF('Data Import'!$P$16<>"",'Data Import'!$P$16,"") -> "Постановление Правительства Пензенской обл. от 30.10.2013 № 805-п ""Об утверждении государственной программы Пензенской области ""Социальная поддержка граждан в Пензенской области""; постановление администрации г. Пензы от 30.12.2021 № 2015 ""Об утверждении Порядка предоставления дополнительных мер социальной поддержки гражданам, имеющим заболевания опорно-двигательного аппарата, в виде оказания транспортных услуг к объектам социальной инфраструктуры и к объектам регионального значения, расположенным на территории г. Пензы""; постановление Администрации г.Заречного от 06.07.2020 № 1027 «Об утверждении Порядка предоставления трансполртных услуг гражданам, имеющим заболевания опорно-двигательного аппарата, к объектам социальной инфраструктуры»; постановление Администрации г. Кузнецка от 28.02.2023 № 296 (ред. от 04.03.2024) ""Об утверждении Порядка об условиях предоставления и порядке учета использования социального такси в городе Кузнецке"" (вместе с ""Порядком организации мероприятий по созданию условий для предоставления транспортных услуг гражданам, имеющим заболевания опорно-двигательного аппарата, к объектам социальной инфраструктуры"")" | O25: =IF('Data Import'!$P$17<>"",'Data Import'!$P$17,"") -> 30 | P25: =IF('Data Import'!$P$18<>"",'Data Import'!$P$18,"") -> 4 | Q25: =IF('Data Import'!$P$19<>"",'Data Import'!$P$19,"") -> 4 | R25: =IF('Data Import'!$P$20<>"",'Data Import'!$P$20,"") -> 4 | S25: =IF('Data Import'!$P$21<>"",'Data Import'!$P$21,"") -> 2233 | T25: =IF('Data Import'!$P$22<>"",'Data Import'!$P$22,"") -> 1600 | U25: =IF('Data Import'!$P$23<>"",'Data Import'!$P$23,"") -> 7 | V25: =IF('Data Import'!$P$24<>"",'Data Import'!$P$24,"") -> 8 | W25: =IF('Data Import'!$P$25<>"",'Data Import'!$P$25,"") -> 7 | X25: =IF('Data Import'!$P$26<>"",'Data Import'!$P$26,"") -> 8 | Y25: =IF('Data Import'!$P$27<>"",'Data Import'!$P$27,"") -> 8
A26: 14 | B26: Пермский край | C26: =IF('Data Import'!$Q$7="Нет","+","") | D26: =IF('Data Import'!$Q$7="Не требуется","+","") | E26: =IF('Data Import'!$Q$8="Нет","+","") | F26: =IF('Data Import'!$Q$9="Нет","+","") -> + | G26: =IF('Data Import'!$Q$10<>"",'Data Import'!$Q$10,"") | H26: =IF('Data Import'!$Q$11<>"",'Data Import'!$Q$11,"") | I26: =IF('Data Import'!$Q$12<>"",'Data Import'!$Q$12,"") | J26: =IF('Data Import'!$Q$13<>"",'Data Import'!$Q$13,"") | K26: =IF('Data Import'!$Q$14="Нет","+","") | L26: =IF('Data Import'!$Q$15<>"",'Data Import'!$Q$15,"") | M26: =IF('Data Import'!$Q$14="Да","+","") -> + | N26: =IF('Data Import'!$Q$16<>"",'Data Import'!$Q$16,"") -> ПРИКАЗ Министерства социального развития Пермского края от 26 мая 2021 г. N 33-01-03-338 «Об утверждении положения о предоставлении транспортных услуг отдельным категориям инвалидов для обеспечения доступа к объектам социальной инфраструктуры» | O26: =IF('Data Import'!$Q$17<>"",'Data Import'!$Q$17,"") -> 43 | P26: =IF('Data Import'!$Q$18<>"",'Data Import'!$Q$18,"") -> 14 | Q26: =IF('Data Import'!$Q$19<>"",'Data Import'!$Q$19,"") -> 27 | R26: =IF('Data Import'!$Q$20<>"",'Data Import'!$Q$20,"") -> 28 | S26: =IF('Data Import'!$Q$21<>"",'Data Import'!$Q$21,"") -> 10599 | T26: =IF('Data Import'!$Q$22<>"",'Data Import'!$Q$22,"") -> 9399 | U26: =IF('Data Import'!$Q$23<>"",'Data Import'!$Q$23,"") -> 27 | V26: =IF('Data Import'!$Q$24<>"",'Data Import'!$Q$24,"") -> 28 | W26: =IF('Data Import'!$Q$25<>"",'Data Import'!$Q$25,"") -> 27 | X26: =IF('Data Import'!$Q$26<>"",'Data Import'!$Q$26,"") -> 28 | Y26: =IF('Data Import'!$Q$27<>"",'Data Import'!$Q$27,"") -> 0
A27: 15 | B27: Республика Башкортостан | C27: =IF('Data Import'!$R$7="Нет","+","") | D27: =IF('Data Import'!$R$7="Не требуется","+","") | E27: =IF('Data Import'!$R$8="Нет","+","") -> + | F27: =IF('Data Import'!$R$9="Нет","+","") | G27: =IF('Data Import'!$R$10<>"",'Data Import'!$R$10,"") | H27: =IF('Data Import'!$R$11<>"",'Data Import'!$R$11,"") | I27: =IF('Data Import'!$R$12<>"",'Data Import'!$R$12,"") | J27: =IF('Data Import'!$R$13<>"",'Data Import'!$R$13,"") | K27: =IF('Data Import'!$R$14="Нет","+","") -> + | L27: =IF('Data Import'!$R$15<>"",'Data Import'!$R$15,"") | M27: =IF('Data Import'!$R$14="Да","+","") | N27: =IF('Data Import'!$R$16<>"",'Data Import'!$R$16,"") -> "1. Постановление Правительства Республики Башкортостан от 22.11.2024 №488 «Об утверждении Порядка организации предоставления услуги по перевозке детей-инвалидов, инвалидов I группы, проживающих на территории Республики Башкортостан»; 2. Постановление Республики Башкортостан от 31.12.2014 № 664 ""Об утверждении порядка предоставления срочных социальных услуг поставщиками социальных услуг""; 3. Закон Республики Башкортостан от 22.11.2020 №,359-з ""О внесении изменений в закон Республики Башкортостан ""О Социальном обслуживании граждан в Республике Башкортостан""" | O27: =IF('Data Import'!$R$17<>"",'Data Import'!$R$17,"") -> 63 | P27: =IF('Data Import'!$R$18<>"",'Data Import'!$R$18,"") -> 1 | Q27: =IF('Data Import'!$R$19<>"",'Data Import'!$R$19,"") | R27: =IF('Data Import'!$R$20<>"",'Data Import'!$R$20,"") | S27: =IF('Data Import'!$R$21<>"",'Data Import'!$R$21,"") | T27: =IF('Data Import'!$R$22<>"",'Data Import'!$R$22,"") | U27: =IF('Data Import'!$R$23<>"",'Data Import'!$R$23,"") | V27: =IF('Data Import'!$R$24<>"",'Data Import'!$R$24,"") | W27: =IF('Data Import'!$R$25<>"",'Data Import'!$R$25,"") | X27: =IF('Data Import'!$R$26<>"",'Data Import'!$R$26,"") | Y27: =IF('Data Import'!$R$27<>"",'Data Import'!$R$27,"")
A28: 16 | B28: Республика Марий Эл | C28: =IF('Data Import'!$S$7="Нет","+","") | D28: =IF('Data Import'!$S$7="Не требуется","+","") | E28: =IF('Data Import'!$S$8="Нет","+","") | F28: =IF('Data Import'!$S$9="Нет","+","") | G28: =IF('Data Import'!$S$10<>"",'Data Import'!$S$10,"") -> обслужено человек службой "Социальное такси" | H28: =IF('Data Import'!$S$11<>"",'Data Import'!$S$11,"") -> чел. | I28: =IF('Data Import'!$S$12<>"",'Data Import'!$S$12,"") -> 800 | J28: =IF('Data Import'!$S$13<>"",'Data Import'!$S$13,"") -> 884 | K28: =IF('Data Import'!$S$14="Нет","+","") | L28: =IF('Data Import'!$S$15<>"",'Data Import'!$S$15,"") | M28: =IF('Data Import'!$S$14="Да","+","") -> + | N28: =IF('Data Import'!$S$16<>"",'Data Import'!$S$16,"") -> приказ Министерства социального развития Республики Марий Эл от 18 сентября 2018 г. № 347 "Об утверждении Типового положения о порядке предоставления дополнительной (платной) социальной услуги "Социальное такси" | O28: =IF('Data Import'!$S$17<>"",'Data Import'!$S$17,"") -> 17 | P28: =IF('Data Import'!$S$18<>"",'Data Import'!$S$18,"") -> 3 | Q28: =IF('Data Import'!$S$19<>"",'Data Import'!$S$19,"") -> 2 | R28: =IF('Data Import'!$S$20<>"",'Data Import'!$S$20,"") -> 3 | S28: =IF('Data Import'!$S$21<>"",'Data Import'!$S$21,"") -> 617 | T28: =IF('Data Import'!$S$22<>"",'Data Import'!$S$22,"") -> 884 | U28: =IF('Data Import'!$S$23<>"",'Data Import'!$S$23,"") -> 2 | V28: =IF('Data Import'!$S$24<>"",'Data Import'!$S$24,"") -> 3 | W28: =IF('Data Import'!$S$25<>"",'Data Import'!$S$25,"") -> 2 | X28: =IF('Data Import'!$S$26<>"",'Data Import'!$S$26,"") -> 3 | Y28: =IF('Data Import'!$S$27<>"",'Data Import'!$S$27,"") -> 0
A29: 17 | B29: Республика Мордовия | C29: =IF('Data Import'!$T$7="Нет","+","") | D29: =IF('Data Import'!$T$7="Не требуется","+","") | E29: =IF('Data Import'!$T$8="Нет","+","") | F29: =IF('Data Import'!$T$9="Нет","+","") | G29: =IF('Data Import'!$T$10<>"",'Data Import'!$T$10,"") | H29: =IF('Data Import'!$T$11<>"",'Data Import'!$T$11,"") | I29: =IF('Data Import'!$T$12<>"",'Data Import'!$T$12,"") | J29: =IF('Data Import'!$T$13<>"",'Data Import'!$T$13,"") | K29: =IF('Data Import'!$T$14="Нет","+","") | L29: =IF('Data Import'!$T$15<>"",'Data Import'!$T$15,"") | M29: =IF('Data Import'!$T$14="Да","+","") | N29: =IF('Data Import'!$T$16<>"",'Data Import'!$T$16,"") | O29: =IF('Data Import'!$T$17<>"",'Data Import'!$T$17,"") | P29: =IF('Data Import'!$T$18<>"",'Data Import'!$T$18,"") | Q29: =IF('Data Import'!$T$19<>"",'Data Import'!$T$19,"") | R29: =IF('Data Import'!$T$20<>"",'Data Import'!$T$20,"") | S29: =IF('Data Import'!$T$21<>"",'Data Import'!$T$21,"") | T29: =IF('Data Import'!$T$22<>"",'Data Import'!$T$22,"") | U29: =IF('Data Import'!$T$23<>"",'Data Import'!$T$23,"") | V29: =IF('Data Import'!$T$24<>"",'Data Import'!$T$24,"") | W29: =IF('Data Import'!$T$25<>"",'Data Import'!$T$25,"") | X29: =IF('Data Import'!$T$26<>"",'Data Import'!$T$26,"") | Y29: =IF('Data Import'!$T$27<>"",'Data Import'!$T$27,"")
A30: 18 | B30: Республика Татарстан | C30: =IF('Data Import'!$U$7="Нет","+","") | D30: =IF('Data Import'!$U$7="Не требуется","+","") | E30: =IF('Data Import'!$U$8="Нет","+","") | F30: =IF('Data Import'!$U$9="Нет","+","") | G30: =IF('Data Import'!$U$10<>"",'Data Import'!$U$10,"") | H30: =IF('Data Import'!$U$11<>"",'Data Import'!$U$11,"") | I30: =IF('Data Import'!$U$12<>"",'Data Import'!$U$12,"") | J30: =IF('Data Import'!$U$13<>"",'Data Import'!$U$13,"") | K30: =IF('Data Import'!$U$14="Нет","+","") | L30: =IF('Data Import'!$U$15<>"",'Data Import'!$U$15,"") | M30: =IF('Data Import'!$U$14="Да","+","") | N30: =IF('Data Import'!$U$16<>"",'Data Import'!$U$16,"") | O30: =IF('Data Import'!$U$17<>"",'Data Import'!$U$17,"") | P30: =IF('Data Import'!$U$18<>"",'Data Import'!$U$18,"") | Q30: =IF('Data Import'!$U$19<>"",'Data Import'!$U$19,"") | R30: =IF('Data Import'!$U$20<>"",'Data Import'!$U$20,"") | S30: =IF('Data Import'!$U$21<>"",'Data Import'!$U$21,"") | T30: =IF('Data Import'!$U$22<>"",'Data Import'!$U$22,"") | U30: =IF('Data Import'!$U$23<>"",'Data Import'!$U$23,"") | V30: =IF('Data Import'!$U$24<>"",'Data Import'!$U$24,"") | W30: =IF('Data Import'!$U$25<>"",'Data Import'!$U$25,"") | X30: =IF('Data Import'!$U$26<>"",'Data Import'!$U$26,"") | Y30: =IF('Data Import'!$U$27<>"",'Data Import'!$U$27,"")
A31: 19 | B31: Самарская область | C31: =IF('Data Import'!$V$7="Нет","+","") | D31: =IF('Data Import'!$V$7="Не требуется","+","") | E31: =IF('Data Import'!$V$8="Нет","+","") | F31: =IF('Data Import'!$V$9="Нет","+","") | G31: =IF('Data Import'!$V$10<>"",'Data Import'!$V$10,"") | H31: =IF('Data Import'!$V$11<>"",'Data Import'!$V$11,"") | I31: =IF('Data Import'!$V$12<>"",'Data Import'!$V$12,"") | J31: =IF('Data Import'!$V$13<>"",'Data Import'!$V$13,"") | K31: =IF('Data Import'!$V$14="Нет","+","") | L31: =IF('Data Import'!$V$15<>"",'Data Import'!$V$15,"") | M31: =IF('Data Import'!$V$14="Да","+","") | N31: =IF('Data Import'!$V$16<>"",'Data Import'!$V$16,"") | O31: =IF('Data Import'!$V$17<>"",'Data Import'!$V$17,"") | P31: =IF('Data Import'!$V$18<>"",'Data Import'!$V$18,"") | Q31: =IF('Data Import'!$V$19<>"",'Data Import'!$V$19,"") | R31: =IF('Data Import'!$V$20<>"",'Data Import'!$V$20,"") | S31: =IF('Data Import'!$V$21<>"",'Data Import'!$V$21,"") | T31: =IF('Data Import'!$V$22<>"",'Data Import'!$V$22,"") | U31: =IF('Data Import'!$V$23<>"",'Data Import'!$V$23,"") | V31: =IF('Data Import'!$V$24<>"",'Data Import'!$V$24,"") | W31: =IF('Data Import'!$V$25<>"",'Data Import'!$V$25,"") | X31: =IF('Data Import'!$V$26<>"",'Data Import'!$V$26,"") | Y31: =IF('Data Import'!$V$27<>"",'Data Import'!$V$27,"")
A32: 20 | B32: Саратовская область | C32: =IF('Data Import'!$W$7="Нет","+","") | D32: =IF('Data Import'!$W$7="Не требуется","+","") | E32: =IF('Data Import'!$W$8="Нет","+","") -> + | F32: =IF('Data Import'!$W$9="Нет","+","") | G32: =IF('Data Import'!$W$10<>"",'Data Import'!$W$10,"") | H32: =IF('Data Import'!$W$11<>"",'Data Import'!$W$11,"") | I32: =IF('Data Import'!$W$12<>"",'Data Import'!$W$12,"") | J32: =IF('Data Import'!$W$13<>"",'Data Import'!$W$13,"") | K32: =IF('Data Import'!$W$14="Нет","+","") | L32: =IF('Data Import'!$W$15<>"",'Data Import'!$W$15,"") | M32: =IF('Data Import'!$W$14="Да","+","") | N32: =IF('Data Import'!$W$16<>"",'Data Import'!$W$16,"") -> . | O32: =IF('Data Import'!$W$17<>"",'Data Import'!$W$17,"") -> 41 | P32: =IF('Data Import'!$W$18<>"",'Data Import'!$W$18,"") -> 1 | Q32: =IF('Data Import'!$W$19<>"",'Data Import'!$W$19,"") -> 11 | R32: =IF('Data Import'!$W$20<>"",'Data Import'!$W$20,"") -> 11 | S32: =IF('Data Import'!$W$21<>"",'Data Import'!$W$21,"") -> 5208 | T32: =IF('Data Import'!$W$22<>"",'Data Import'!$W$22,"") -> 5460 | U32: =IF('Data Import'!$W$23<>"",'Data Import'!$W$23,"") -> 11 | V32: =IF('Data Import'!$W$24<>"",'Data Import'!$W$24,"") -> 11 | W32: =IF('Data Import'!$W$25<>"",'Data Import'!$W$25,"") -> 11 | X32: =IF('Data Import'!$W$26<>"",'Data Import'!$W$26,"") -> 11 | Y32: =IF('Data Import'!$W$27<>"",'Data Import'!$W$27,"") -> 11
A33: 21 | B33: Удмуртская Республика | C33: =IF('Data Import'!$X$7="Нет","+","") | D33: =IF('Data Import'!$X$7="Не требуется","+","") | E33: =IF('Data Import'!$X$8="Нет","+","") | F33: =IF('Data Import'!$X$9="Нет","+","") | G33: =IF('Data Import'!$X$10<>"",'Data Import'!$X$10,"") -> Мероприятие (результат) «Работа службы "Социальное такси" в городах Удмуртской Республики» | H33: =IF('Data Import'!$X$11<>"",'Data Import'!$X$11,"") -> ед. | I33: =IF('Data Import'!$X$12<>"",'Data Import'!$X$12,"") -> 1 | J33: =IF('Data Import'!$X$13<>"",'Data Import'!$X$13,"") -> 1 | K33: =IF('Data Import'!$X$14="Нет","+","") | L33: =IF('Data Import'!$X$15<>"",'Data Import'!$X$15,"") | M33: =IF('Data Import'!$X$14="Да","+","") -> + | N33: =IF('Data Import'!$X$16<>"",'Data Import'!$X$16,"") -> Постановление Правительства Удмуртской Республики от 20.07.2015 № 353 "Об утверждении Положения о порядке предоставления и оплаты услуг социального такси" | O33: =IF('Data Import'!$X$17<>"",'Data Import'!$X$17,"") -> 30 | P33: =IF('Data Import'!$X$18<>"",'Data Import'!$X$18,"") -> 3 | Q33: =IF('Data Import'!$X$19<>"",'Data Import'!$X$19,"") -> 3 | R33: =IF('Data Import'!$X$20<>"",'Data Import'!$X$20,"") -> 3 | S33: =IF('Data Import'!$X$21<>"",'Data Import'!$X$21,"") -> 2400 | T33: =IF('Data Import'!$X$22<>"",'Data Import'!$X$22,"") -> 2096 | U33: =IF('Data Import'!$X$23<>"",'Data Import'!$X$23,"") -> 3 | V33: =IF('Data Import'!$X$24<>"",'Data Import'!$X$24,"") -> 3 | W33: =IF('Data Import'!$X$25<>"",'Data Import'!$X$25,"") -> 0 | X33: =IF('Data Import'!$X$26<>"",'Data Import'!$X$26,"") -> 0 | Y33: =IF('Data Import'!$X$27<>"",'Data Import'!$X$27,"") -> 0
A34: 22 | B34: Ульяновская область | C34: =IF('Data Import'!$Y$7="Нет","+","") | D34: =IF('Data Import'!$Y$7="Не требуется","+","") | E34: =IF('Data Import'!$Y$8="Нет","+","") | F34: =IF('Data Import'!$Y$9="Нет","+","") -> + | G34: =IF('Data Import'!$Y$10<>"",'Data Import'!$Y$10,"") | H34: =IF('Data Import'!$Y$11<>"",'Data Import'!$Y$11,"") | I34: =IF('Data Import'!$Y$12<>"",'Data Import'!$Y$12,"") | J34: =IF('Data Import'!$Y$13<>"",'Data Import'!$Y$13,"") | K34: =IF('Data Import'!$Y$14="Нет","+","") | L34: =IF('Data Import'!$Y$15<>"",'Data Import'!$Y$15,"") | M34: =IF('Data Import'!$Y$14="Да","+","") -> + | N34: =IF('Data Import'!$Y$16<>"",'Data Import'!$Y$16,"") -> 1.Решение Ульяновской Городской Думы от 26.02.2014 № 19 "Об установлении меры социальной поддержки инвалидов и других маломобильных групп населения в муниципальном образовании "Город Ульяновск". Постановление Администрации города Ульяновска от 04.09.2014 № 4380 "Об утверждении Порядка предоставления меры социальной поддержки инвалидов и других маломобильных групп населения в муниципальном образовании "город Ульяновск". 2. Решение Городской Думы города Димитровграда Ульяновской области от 14.12.2016 №55671 "Об утверждении Комплекса мер по социальной поддержке отдельных категорий граждан города Димитровграда Ульяновской области". | O34: =IF('Data Import'!$Y$17<>"",'Data Import'!$Y$17,"") -> 24 | P34: =IF('Data Import'!$Y$18<>"",'Data Import'!$Y$18,"") -> 2 | Q34: =IF('Data Import'!$Y$19<>"",'Data Import'!$Y$19,"") -> 12 | R34: =IF('Data Import'!$Y$20<>"",'Data Import'!$Y$20,"") -> 11 | S34: =IF('Data Import'!$Y$21<>"",'Data Import'!$Y$21,"") -> 6124 | T34: =IF('Data Import'!$Y$22<>"",'Data Import'!$Y$22,"") -> 6035 | U34: =IF('Data Import'!$Y$23<>"",'Data Import'!$Y$23,"") -> 13 | V34: =IF('Data Import'!$Y$24<>"",'Data Import'!$Y$24,"") -> 12 | W34: =IF('Data Import'!$Y$25<>"",'Data Import'!$Y$25,"") -> 13 | X34: =IF('Data Import'!$Y$26<>"",'Data Import'!$Y$26,"") -> 12 | Y34: =IF('Data Import'!$Y$27<>"",'Data Import'!$Y$27,"") -> 12
A35: 23 | B35: Чувашская Республика - Чувашия | C35: =IF('Data Import'!$Z$7="Нет","+","") -> + | D35: =IF('Data Import'!$Z$7="Не требуется","+","") | E35: =IF('Data Import'!$Z$8="Нет","+","") | F35: =IF('Data Import'!$Z$9="Нет","+","") | G35: =IF('Data Import'!$Z$10<>"",'Data Import'!$Z$10,"") | H35: =IF('Data Import'!$Z$11<>"",'Data Import'!$Z$11,"") | I35: =IF('Data Import'!$Z$12<>"",'Data Import'!$Z$12,"") | J35: =IF('Data Import'!$Z$13<>"",'Data Import'!$Z$13,"") | K35: =IF('Data Import'!$Z$14="Нет","+","") | L35: =IF('Data Import'!$Z$15<>"",'Data Import'!$Z$15,"") | M35: =IF('Data Import'!$Z$14="Да","+","") | N35: =IF('Data Import'!$Z$16<>"",'Data Import'!$Z$16,"") | O35: =IF('Data Import'!$Z$17<>"",'Data Import'!$Z$17,"") | P35: =IF('Data Import'!$Z$18<>"",'Data Import'!$Z$18,"") | Q35: =IF('Data Import'!$Z$19<>"",'Data Import'!$Z$19,"") | R35: =IF('Data Import'!$Z$20<>"",'Data Import'!$Z$20,"") | S35: =IF('Data Import'!$Z$21<>"",'Data Import'!$Z$21,"") | T35: =IF('Data Import'!$Z$22<>"",'Data Import'!$Z$22,"") | U35: =IF('Data Import'!$Z$23<>"",'Data Import'!$Z$23,"") | V35: =IF('Data Import'!$Z$24<>"",'Data Import'!$Z$24,"") | W35: =IF('Data Import'!$Z$25<>"",'Data Import'!$Z$25,"") | X35: =IF('Data Import'!$Z$26<>"",'Data Import'!$Z$26,"") | Y35: =IF('Data Import'!$Z$27<>"",'Data Import'!$Z$27,"")
A36: 24 | B36: Архангельская область | C36: =IF('Data Import'!$AA$7="Нет","+","") | D36: =IF('Data Import'!$AA$7="Не требуется","+","") | E36: =IF('Data Import'!$AA$8="Нет","+","") -> + | F36: =IF('Data Import'!$AA$9="Нет","+","") | G36: =IF('Data Import'!$AA$10<>"",'Data Import'!$AA$10,"") | H36: =IF('Data Import'!$AA$11<>"",'Data Import'!$AA$11,"") | I36: =IF('Data Import'!$AA$12<>"",'Data Import'!$AA$12,"") | J36: =IF('Data Import'!$AA$13<>"",'Data Import'!$AA$13,"") | K36: =IF('Data Import'!$AA$14="Нет","+","") | L36: =IF('Data Import'!$AA$15<>"",'Data Import'!$AA$15,"") | M36: =IF('Data Import'!$AA$14="Да","+","") | N36: =IF('Data Import'!$AA$16<>"",'Data Import'!$AA$16,"") -> Постановление Правительства Архангельской области от 12 октября 2012 г. № 464-пп "О государственной программе Архангельской области "Социальная поддержка граждан в Архангельской области" | O36: =IF('Data Import'!$AA$17<>"",'Data Import'!$AA$17,"") -> 26 | P36: =IF('Data Import'!$AA$18<>"",'Data Import'!$AA$18,"") -> 1 | Q36: =IF('Data Import'!$AA$19<>"",'Data Import'!$AA$19,"") -> 7 | R36: =IF('Data Import'!$AA$20<>"",'Data Import'!$AA$20,"") -> 7 | S36: =IF('Data Import'!$AA$21<>"",'Data Import'!$AA$21,"") -> 1021 | T36: =IF('Data Import'!$AA$22<>"",'Data Import'!$AA$22,"") -> 1033 | U36: =IF('Data Import'!$AA$23<>"",'Data Import'!$AA$23,"") -> 7 | V36: =IF('Data Import'!$AA$24<>"",'Data Import'!$AA$24,"") -> 7 | W36: =IF('Data Import'!$AA$25<>"",'Data Import'!$AA$25,"") -> 0 | X36: =IF('Data Import'!$AA$26<>"",'Data Import'!$AA$26,"") -> 0 | Y36: =IF('Data Import'!$AA$27<>"",'Data Import'!$AA$27,"") -> 0
A37: 25 | B37: Вологодская область | C37: =IF('Data Import'!$AB$7="Нет","+","") -> + | D37: =IF('Data Import'!$AB$7="Не требуется","+","") | E37: =IF('Data Import'!$AB$8="Нет","+","") -> + | F37: =IF('Data Import'!$AB$9="Нет","+","") | G37: =IF('Data Import'!$AB$10<>"",'Data Import'!$AB$10,"") | H37: =IF('Data Import'!$AB$11<>"",'Data Import'!$AB$11,"") | I37: =IF('Data Import'!$AB$12<>"",'Data Import'!$AB$12,"") | J37: =IF('Data Import'!$AB$13<>"",'Data Import'!$AB$13,"") | K37: =IF('Data Import'!$AB$14="Нет","+","") | L37: =IF('Data Import'!$AB$15<>"",'Data Import'!$AB$15,"") | M37: =IF('Data Import'!$AB$14="Да","+","") | N37: =IF('Data Import'!$AB$16<>"",'Data Import'!$AB$16,"") -> Приказ Департамента социальной защиты населения Вологодской области от 26.12.2014 N 594 "Об утверждении стандартов социальных услуг"; Закон Вологодской области от 01.12.2014 N 3492-ОЗ "О перечне социальных услуг по видам социальных услуг, предоставляемых поставщиками социальных услуг в Вологодской области"** | O37: =IF('Data Import'!$AB$17<>"",'Data Import'!$AB$17,"") -> 28 | P37: =IF('Data Import'!$AB$18<>"",'Data Import'!$AB$18,"") | Q37: =IF('Data Import'!$AB$19<>"",'Data Import'!$AB$19,"") | R37: =IF('Data Import'!$AB$20<>"",'Data Import'!$AB$20,"") | S37: =IF('Data Import'!$AB$21<>"",'Data Import'!$AB$21,"") | T37: =IF('Data Import'!$AB$22<>"",'Data Import'!$AB$22,"") | U37: =IF('Data Import'!$AB$23<>"",'Data Import'!$AB$23,"") | V37: =IF('Data Import'!$AB$24<>"",'Data Import'!$AB$24,"") | W37: =IF('Data Import'!$AB$25<>"",'Data Import'!$AB$25,"") | X37: =IF('Data Import'!$AB$26<>"",'Data Import'!$AB$26,"") | Y37: =IF('Data Import'!$AB$27<>"",'Data Import'!$AB$27,"")
A38: 26 | B38: г. Санкт-Петербург | C38: =IF('Data Import'!$AC$7="Нет","+","") | D38: =IF('Data Import'!$AC$7="Не требуется","+","") | E38: =IF('Data Import'!$AC$8="Нет","+","") | F38: =IF('Data Import'!$AC$9="Нет","+","") -> + | G38: =IF('Data Import'!$AC$10<>"",'Data Import'!$AC$10,"") | H38: =IF('Data Import'!$AC$11<>"",'Data Import'!$AC$11,"") | I38: =IF('Data Import'!$AC$12<>"",'Data Import'!$AC$12,"") | J38: =IF('Data Import'!$AC$13<>"",'Data Import'!$AC$13,"") | K38: =IF('Data Import'!$AC$14="Нет","+","") | L38: =IF('Data Import'!$AC$15<>"",'Data Import'!$AC$15,"") | M38: =IF('Data Import'!$AC$14="Да","+","") -> + | N38: =IF('Data Import'!$AC$16<>"",'Data Import'!$AC$16,"") -> Глава 19 Закона Санкт-Петербурга от 09.11.2011 № 728-132 «Социальный кодекс Санкт-Петербурга» (ред. от 20.05.2026); - постановление Правительства Санкт-Петербурга от 23.06.2014 № 497 «О государственной программе Санкт-Петербурга «Социальная поддержка граждан в Санкт-Петербурге» (ред. от 27.05.2026); - постановление Правительства Санкт-Петербурга от 15.07.2016 № 584 «О мерах по реализации главы 19 «Специальное транспортное обслуживание отдельных категорий граждан в Санкт-Петербурге» Закона Санкт-Петербурга «Социальный кодекс Санкт-Петербурга» (ред. от 22.04.2024); - распоряжение Комитета по социальной политике Санкт-Петербурга от 14.09.2016 № 265-р «О реализации постановления Правительства Санкт-Петербурга от 15.07.2016 № 584» (ред. от 04.06.2026); - распоряжение Комитета по социальной политике Санкт-Петербурга от 01.11.2016 № 340-р «Об утверждении Порядка оформления заявок на предоставление специального транспортного обслуживания отдельных категорий граждан в Санкт-Петербурге» (ред. от 04.06.2026); - распоряжение Комитета по транспорту Правительства Санкт-Петербурга от 01.08.2016 № 87-р «Об утверждении порядка проведения квалификационного отбора на право специального транспортного обслуживания отдельных категорий граждан» (ред. от 16.07.2025). | O38: =IF('Data Import'!$AC$17<>"",'Data Import'!$AC$17,"") -> 1 | P38: =IF('Data Import'!$AC$18<>"",'Data Import'!$AC$18,"") -> 1 | Q38: =IF('Data Import'!$AC$19<>"",'Data Import'!$AC$19,"") -> 1772 | R38: =IF('Data Import'!$AC$20<>"",'Data Import'!$AC$20,"") -> 1346 | S38: =IF('Data Import'!$AC$21<>"",'Data Import'!$AC$21,"") -> 828879 | T38: =IF('Data Import'!$AC$22<>"",'Data Import'!$AC$22,"") -> 852811 | U38: =IF('Data Import'!$AC$23<>"",'Data Import'!$AC$23,"") -> 1961 | V38: =IF('Data Import'!$AC$24<>"",'Data Import'!$AC$24,"") -> 1409 | W38: =IF('Data Import'!$AC$25<>"",'Data Import'!$AC$25,"") -> 1961 | X38: =IF('Data Import'!$AC$26<>"",'Data Import'!$AC$26,"") -> 1409 | Y38: =IF('Data Import'!$AC$27<>"",'Data Import'!$AC$27,"") -> 0
A39: 27 | B39: Калининградская область | C39: =IF('Data Import'!$AD$7="Нет","+","") | D39: =IF('Data Import'!$AD$7="Не требуется","+","") | E39: =IF('Data Import'!$AD$8="Нет","+","") -> + | F39: =IF('Data Import'!$AD$9="Нет","+","") | G39: =IF('Data Import'!$AD$10<>"",'Data Import'!$AD$10,"") | H39: =IF('Data Import'!$AD$11<>"",'Data Import'!$AD$11,"") | I39: =IF('Data Import'!$AD$12<>"",'Data Import'!$AD$12,"") | J39: =IF('Data Import'!$AD$13<>"",'Data Import'!$AD$13,"") | K39: =IF('Data Import'!$AD$14="Нет","+","") | L39: =IF('Data Import'!$AD$15<>"",'Data Import'!$AD$15,"") | M39: =IF('Data Import'!$AD$14="Да","+","") -> + | N39: =IF('Data Import'!$AD$16<>"",'Data Import'!$AD$16,"") -> Приказ Министерства социальной политики Калининградской области от 23.04.2018 N 222 (ред. от 12.01.2024) "Об утверждении Порядка предоставления социального обслуживания в полустационарной форме гражданам пожилого возраста и инвалидам". | O39: =IF('Data Import'!$AD$17<>"",'Data Import'!$AD$17,"") -> 22 | P39: =IF('Data Import'!$AD$18<>"",'Data Import'!$AD$18,"") -> 19 | Q39: =IF('Data Import'!$AD$19<>"",'Data Import'!$AD$19,"") -> 11 | R39: =IF('Data Import'!$AD$20<>"",'Data Import'!$AD$20,"") -> 11 | S39: =IF('Data Import'!$AD$21<>"",'Data Import'!$AD$21,"") -> 3719 | T39: =IF('Data Import'!$AD$22<>"",'Data Import'!$AD$22,"") -> 3140 | U39: =IF('Data Import'!$AD$23<>"",'Data Import'!$AD$23,"") -> 9 | V39: =IF('Data Import'!$AD$24<>"",'Data Import'!$AD$24,"") -> 9 | W39: =IF('Data Import'!$AD$25<>"",'Data Import'!$AD$25,"") -> 6 | X39: =IF('Data Import'!$AD$26<>"",'Data Import'!$AD$26,"") -> 6 | Y39: =IF('Data Import'!$AD$27<>"",'Data Import'!$AD$27,"") -> 6
A40: 28 | B40: Ленинградская область | C40: =IF('Data Import'!$AE$7="Нет","+","") | D40: =IF('Data Import'!$AE$7="Не требуется","+","") | E40: =IF('Data Import'!$AE$8="Нет","+","") | F40: =IF('Data Import'!$AE$9="Нет","+","") | G40: =IF('Data Import'!$AE$10<>"",'Data Import'!$AE$10,"") -> Удовлетворенность граждан специальным транспортным обслуживанием | H40: =IF('Data Import'!$AE$11<>"",'Data Import'!$AE$11,"") -> % | I40: =IF('Data Import'!$AE$12<>"",'Data Import'!$AE$12,"") -> 0.5 | J40: =IF('Data Import'!$AE$13<>"",'Data Import'!$AE$13,"") -> 0.1 | K40: =IF('Data Import'!$AE$14="Нет","+","") | L40: =IF('Data Import'!$AE$15<>"",'Data Import'!$AE$15,"") | M40: =IF('Data Import'!$AE$14="Да","+","") -> + | N40: =IF('Data Import'!$AE$16<>"",'Data Import'!$AE$16,"") -> Постановление Правительства Ленинградской области от 11.11.2021 № 711 "О дополнительной мере социальной поддержки в виде специального транспортного обслуживания отдельных категорий граждан"; Постановление Правительства Ленинградской области от 28.01.2022 №53 "Об утверждении Порядка предоставления субсидии из областного бюджета Ленинградской области юридическим лицам (за исключением государственных (муниципальных) учреждений), индивидуальным предпринимателям в целях возмещения затрат в связи с предоставлением дополнительной меры социальной поддержки отдельным категориям граждан в виде специального транспортного обслуживания"; Административный регламент предоставления государственной услуги по определению права на дополнительную меру социальной поддержки в виде специального транспортного обслуживания отдельных категорий граждан Приказ комитета по социальной защите населения Ленинградской области от 08.02.2022 № 04-8 "Об утверждении Перечня социально значимых объектов и Условий предоставления дополнительной меры социальной поддержки в виде специального транспортного обслуживания"; Приказ комитета по социальной защите населения Ленинградской области от 02.03.2022 № 04-11 "Об утверждении административного регламента предоставления государственной услуги по определению права на дополнительную меру социальной поддержки в виде специального транспортного обслуживания отдельных категорий граждан"; Приказ Комитета по тарифам и ценовой политике Ленинградской области от 18.02.2026 № 22-п «Об утверждении норматива финансирования расходов за один километр пробега в рамках специального транспортного обслуживания отдельных категорий граждан в Ленинградской области» | O40: =IF('Data Import'!$AE$17<>"",'Data Import'!$AE$17,"") -> 18 | P40: =IF('Data Import'!$AE$18<>"",'Data Import'!$AE$18,"") -> 18 | Q40: =IF('Data Import'!$AE$19<>"",'Data Import'!$AE$19,"") | R40: =IF('Data Import'!$AE$20<>"",'Data Import'!$AE$20,"") | S40: =IF('Data Import'!$AE$21<>"",'Data Import'!$AE$21,"") | T40: =IF('Data Import'!$AE$22<>"",'Data Import'!$AE$22,"") | U40: =IF('Data Import'!$AE$23<>"",'Data Import'!$AE$23,"") | V40: =IF('Data Import'!$AE$24<>"",'Data Import'!$AE$24,"") | W40: =IF('Data Import'!$AE$25<>"",'Data Import'!$AE$25,"") | X40: =IF('Data Import'!$AE$26<>"",'Data Import'!$AE$26,"") | Y40: =IF('Data Import'!$AE$27<>"",'Data Import'!$AE$27,"")
A41: 29 | B41: Мурманская область | C41: =IF('Data Import'!$AF$7="Нет","+","") | D41: =IF('Data Import'!$AF$7="Не требуется","+","") | E41: =IF('Data Import'!$AF$8="Нет","+","") | F41: =IF('Data Import'!$AF$9="Нет","+","") | G41: =IF('Data Import'!$AF$10<>"",'Data Import'!$AF$10,"") -> Создание и развитие служб «социального такси» на территории Мурманской области | H41: =IF('Data Import'!$AF$11<>"",'Data Import'!$AF$11,"") -> % | I41: =IF('Data Import'!$AF$12<>"",'Data Import'!$AF$12,"") -> 100 | J41: =IF('Data Import'!$AF$13<>"",'Data Import'!$AF$13,"") -> 98 | K41: =IF('Data Import'!$AF$14="Нет","+","") | L41: =IF('Data Import'!$AF$15<>"",'Data Import'!$AF$15,"") | M41: =IF('Data Import'!$AF$14="Да","+","") -> + | N41: =IF('Data Import'!$AF$16<>"",'Data Import'!$AF$16,"") -> постановление Правительства Мурманской области от 24.08.2015 № 370-ПП «Об утверждении Положения о предоставлении услуги «Социальное такси» в Мурманской области» | O41: =IF('Data Import'!$AF$17<>"",'Data Import'!$AF$17,"") -> 17 | P41: =IF('Data Import'!$AF$18<>"",'Data Import'!$AF$18,"") -> 14 | Q41: =IF('Data Import'!$AF$19<>"",'Data Import'!$AF$19,"") -> 18 | R41: =IF('Data Import'!$AF$20<>"",'Data Import'!$AF$20,"") -> 18 | S41: =IF('Data Import'!$AF$21<>"",'Data Import'!$AF$21,"") -> 14209 | T41: =IF('Data Import'!$AF$22<>"",'Data Import'!$AF$22,"") -> 13085 | U41: =IF('Data Import'!$AF$23<>"",'Data Import'!$AF$23,"") -> 16 | V41: =IF('Data Import'!$AF$24<>"",'Data Import'!$AF$24,"") -> 16 | W41: =IF('Data Import'!$AF$25<>"",'Data Import'!$AF$25,"") -> 16 | X41: =IF('Data Import'!$AF$26<>"",'Data Import'!$AF$26,"") -> 16 | Y41: =IF('Data Import'!$AF$27<>"",'Data Import'!$AF$27,"") -> 16
A42: 30 | B42: Ненецкий автономный округ | C42: =IF('Data Import'!$AG$7="Нет","+","") | D42: =IF('Data Import'!$AG$7="Не требуется","+","") | E42: =IF('Data Import'!$AG$8="Нет","+","") -> + | F42: =IF('Data Import'!$AG$9="Нет","+","") | G42: =IF('Data Import'!$AG$10<>"",'Data Import'!$AG$10,"") | H42: =IF('Data Import'!$AG$11<>"",'Data Import'!$AG$11,"") | I42: =IF('Data Import'!$AG$12<>"",'Data Import'!$AG$12,"") | J42: =IF('Data Import'!$AG$13<>"",'Data Import'!$AG$13,"") | K42: =IF('Data Import'!$AG$14="Нет","+","") | L42: =IF('Data Import'!$AG$15<>"",'Data Import'!$AG$15,"") | M42: =IF('Data Import'!$AG$14="Да","+","") | N42: =IF('Data Import'!$AG$16<>"",'Data Import'!$AG$16,"") -> Приказ ГБУ СОН НАО «Комплексный центр социального обслуживания» от 29 декабря 2015 года № 604 "Об утверждении Положения о службе "социальное такси" | O42: =IF('Data Import'!$AG$17<>"",'Data Import'!$AG$17,"") -> 2 | P42: =IF('Data Import'!$AG$18<>"",'Data Import'!$AG$18,"") -> 2 | Q42: =IF('Data Import'!$AG$19<>"",'Data Import'!$AG$19,"") -> 2 | R42: =IF('Data Import'!$AG$20<>"",'Data Import'!$AG$20,"") -> 2 | S42: =IF('Data Import'!$AG$21<>"",'Data Import'!$AG$21,"") -> 3302 | T42: =IF('Data Import'!$AG$22<>"",'Data Import'!$AG$22,"") -> 4173 | U42: =IF('Data Import'!$AG$23<>"",'Data Import'!$AG$23,"") -> 2 | V42: =IF('Data Import'!$AG$24<>"",'Data Import'!$AG$24,"") -> 2 | W42: =IF('Data Import'!$AG$25<>"",'Data Import'!$AG$25,"") -> 2 | X42: =IF('Data Import'!$AG$26<>"",'Data Import'!$AG$26,"") -> 2 | Y42: =IF('Data Import'!$AG$27<>"",'Data Import'!$AG$27,"") -> 0
A43: 31 | B43: Новгородская область | C43: =IF('Data Import'!$AH$7="Нет","+","") | D43: =IF('Data Import'!$AH$7="Не требуется","+","") | E43: =IF('Data Import'!$AH$8="Нет","+","") | F43: =IF('Data Import'!$AH$9="Нет","+","") | G43: =IF('Data Import'!$AH$10<>"",'Data Import'!$AH$10,"") -> организовано транспортное обслуживание инвалидов («социальное такси») | H43: =IF('Data Import'!$AH$11<>"",'Data Import'!$AH$11,"") -> чел. | I43: =IF('Data Import'!$AH$12<>"",'Data Import'!$AH$12,"") -> 4719 | J43: =IF('Data Import'!$AH$13<>"",'Data Import'!$AH$13,"") -> 10524 | K43: =IF('Data Import'!$AH$14="Нет","+","") | L43: =IF('Data Import'!$AH$15<>"",'Data Import'!$AH$15,"") | M43: =IF('Data Import'!$AH$14="Да","+","") -> + | N43: =IF('Data Import'!$AH$16<>"",'Data Import'!$AH$16,"") -> приказ министерства труда и социальной защиты населения Новгородской области от 13.12.2021 №915 "Об утверждении Порядка предоставления услуг по транспортному обслуживанию инвалидов ("социальное такси") | O43: =IF('Data Import'!$AH$17<>"",'Data Import'!$AH$17,"") -> 22 | P43: =IF('Data Import'!$AH$18<>"",'Data Import'!$AH$18,"") -> 20 | Q43: =IF('Data Import'!$AH$19<>"",'Data Import'!$AH$19,"") -> 25 | R43: =IF('Data Import'!$AH$20<>"",'Data Import'!$AH$20,"") -> 25 | S43: =IF('Data Import'!$AH$21<>"",'Data Import'!$AH$21,"") -> 11219 | T43: =IF('Data Import'!$AH$22<>"",'Data Import'!$AH$22,"") -> 10524 | U43: =IF('Data Import'!$AH$23<>"",'Data Import'!$AH$23,"") -> 22 | V43: =IF('Data Import'!$AH$24<>"",'Data Import'!$AH$24,"") -> 25 | W43: =IF('Data Import'!$AH$25<>"",'Data Import'!$AH$25,"") -> 10 | X43: =IF('Data Import'!$AH$26<>"",'Data Import'!$AH$26,"") -> 11 | Y43: =IF('Data Import'!$AH$27<>"",'Data Import'!$AH$27,"") -> 9
A44: 32 | B44: Псковская область | C44: =IF('Data Import'!$AI$7="Нет","+","") | D44: =IF('Data Import'!$AI$7="Не требуется","+","") | E44: =IF('Data Import'!$AI$8="Нет","+","") | F44: =IF('Data Import'!$AI$9="Нет","+","") | G44: =IF('Data Import'!$AI$10<>"",'Data Import'!$AI$10,"") | H44: =IF('Data Import'!$AI$11<>"",'Data Import'!$AI$11,"") -> ед. | I44: =IF('Data Import'!$AI$12<>"",'Data Import'!$AI$12,"") | J44: =IF('Data Import'!$AI$13<>"",'Data Import'!$AI$13,"") | K44: =IF('Data Import'!$AI$14="Нет","+","") | L44: =IF('Data Import'!$AI$15<>"",'Data Import'!$AI$15,"") | M44: =IF('Data Import'!$AI$14="Да","+","") -> + | N44: =IF('Data Import'!$AI$16<>"",'Data Import'!$AI$16,"") -> Приказ ГБУСО «Центр социального обслуживания г. Пскова» от 05.07.2015 № 30 «Об утверждении положения о порядке оказания транспортных услуг инвалидам, гражданам пожилого возраста и другим социально незащищенным категориям населения» и Приказ ГБУСО «Центр социального обслуживания г. Великие Луки» от 03.10.2013 № 57 «Об утверждении положения о порядке оказания транспортных услуг инвалидам, гражданам пожилого возраста и другим социально незащищенным категориям населения» | O44: =IF('Data Import'!$AI$17<>"",'Data Import'!$AI$17,"") -> 26 | P44: =IF('Data Import'!$AI$18<>"",'Data Import'!$AI$18,"") -> 2 | Q44: =IF('Data Import'!$AI$19<>"",'Data Import'!$AI$19,"") -> 4 | R44: =IF('Data Import'!$AI$20<>"",'Data Import'!$AI$20,"") -> 5 | S44: =IF('Data Import'!$AI$21<>"",'Data Import'!$AI$21,"") -> 3120 | T44: =IF('Data Import'!$AI$22<>"",'Data Import'!$AI$22,"") -> 3364 | U44: =IF('Data Import'!$AI$23<>"",'Data Import'!$AI$23,"") -> 4 | V44: =IF('Data Import'!$AI$24<>"",'Data Import'!$AI$24,"") -> 5 | W44: =IF('Data Import'!$AI$25<>"",'Data Import'!$AI$25,"") -> 4 | X44: =IF('Data Import'!$AI$26<>"",'Data Import'!$AI$26,"") -> 5 | Y44: =IF('Data Import'!$AI$27<>"",'Data Import'!$AI$27,"") -> 0
A45: 33 | B45: Республика Карелия | C45: =IF('Data Import'!$AJ$7="Нет","+","") | D45: =IF('Data Import'!$AJ$7="Не требуется","+","") | E45: =IF('Data Import'!$AJ$8="Нет","+","") | F45: =IF('Data Import'!$AJ$9="Нет","+","") -> + | G45: =IF('Data Import'!$AJ$10<>"",'Data Import'!$AJ$10,"") | H45: =IF('Data Import'!$AJ$11<>"",'Data Import'!$AJ$11,"") | I45: =IF('Data Import'!$AJ$12<>"",'Data Import'!$AJ$12,"") | J45: =IF('Data Import'!$AJ$13<>"",'Data Import'!$AJ$13,"") | K45: =IF('Data Import'!$AJ$14="Нет","+","") | L45: =IF('Data Import'!$AJ$15<>"",'Data Import'!$AJ$15,"") | M45: =IF('Data Import'!$AJ$14="Да","+","") -> + | N45: =IF('Data Import'!$AJ$16<>"",'Data Import'!$AJ$16,"") -> Положение о Службе «Социальное такси» Утверждено приказом ГБУ СО «КЦСОН РК» от 01.08.2019 № 98/1-П. | O45: =IF('Data Import'!$AJ$17<>"",'Data Import'!$AJ$17,"") -> 18 | P45: =IF('Data Import'!$AJ$18<>"",'Data Import'!$AJ$18,"") -> 18 | Q45: =IF('Data Import'!$AJ$19<>"",'Data Import'!$AJ$19,"") -> 41 | R45: =IF('Data Import'!$AJ$20<>"",'Data Import'!$AJ$20,"") -> 41 | S45: =IF('Data Import'!$AJ$21<>"",'Data Import'!$AJ$21,"") -> 3639 | T45: =IF('Data Import'!$AJ$22<>"",'Data Import'!$AJ$22,"") -> 1861 | U45: =IF('Data Import'!$AJ$23<>"",'Data Import'!$AJ$23,"") -> 35 | V45: =IF('Data Import'!$AJ$24<>"",'Data Import'!$AJ$24,"") -> 36 | W45: =IF('Data Import'!$AJ$25<>"",'Data Import'!$AJ$25,"") -> 7 | X45: =IF('Data Import'!$AJ$26<>"",'Data Import'!$AJ$26,"") -> 0 | Y45: =IF('Data Import'!$AJ$27<>"",'Data Import'!$AJ$27,"") -> 0
A46: 34 | B46: Республика Коми | C46: =IF('Data Import'!$AK$7="Нет","+","") | D46: =IF('Data Import'!$AK$7="Не требуется","+","") | E46: =IF('Data Import'!$AK$8="Нет","+","") -> + | F46: =IF('Data Import'!$AK$9="Нет","+","") | G46: =IF('Data Import'!$AK$10<>"",'Data Import'!$AK$10,"") | H46: =IF('Data Import'!$AK$11<>"",'Data Import'!$AK$11,"") | I46: =IF('Data Import'!$AK$12<>"",'Data Import'!$AK$12,"") | J46: =IF('Data Import'!$AK$13<>"",'Data Import'!$AK$13,"") | K46: =IF('Data Import'!$AK$14="Нет","+","") | L46: =IF('Data Import'!$AK$15<>"",'Data Import'!$AK$15,"") | M46: =IF('Data Import'!$AK$14="Да","+","") -> + | N46: =IF('Data Import'!$AK$16<>"",'Data Import'!$AK$16,"") -> Приказы комплексных центров социальной защиты населения | O46: =IF('Data Import'!$AK$17<>"",'Data Import'!$AK$17,"") -> 20 | P46: =IF('Data Import'!$AK$18<>"",'Data Import'!$AK$18,"") -> 4 | Q46: =IF('Data Import'!$AK$19<>"",'Data Import'!$AK$19,"") -> 5 | R46: =IF('Data Import'!$AK$20<>"",'Data Import'!$AK$20,"") -> 6 | S46: =IF('Data Import'!$AK$21<>"",'Data Import'!$AK$21,"") -> 1548 | T46: =IF('Data Import'!$AK$22<>"",'Data Import'!$AK$22,"") -> 1711 | U46: =IF('Data Import'!$AK$23<>"",'Data Import'!$AK$23,"") -> 5 | V46: =IF('Data Import'!$AK$24<>"",'Data Import'!$AK$24,"") -> 6 | W46: =IF('Data Import'!$AK$25<>"",'Data Import'!$AK$25,"") -> 5 | X46: =IF('Data Import'!$AK$26<>"",'Data Import'!$AK$26,"") -> 6 | Y46: =IF('Data Import'!$AK$27<>"",'Data Import'!$AK$27,"") -> 0
A47: 35 | B47: Кабардино-Балкарская Республика | C47: =IF('Data Import'!$AL$7="Нет","+","") | D47: =IF('Data Import'!$AL$7="Не требуется","+","") | E47: =IF('Data Import'!$AL$8="Нет","+","") | F47: =IF('Data Import'!$AL$9="Нет","+","") | G47: =IF('Data Import'!$AL$10<>"",'Data Import'!$AL$10,"") -> Всем заявителям предоставлена услуга "социальное такси" (услуга предоставляется по заявкам) | H47: =IF('Data Import'!$AL$11<>"",'Data Import'!$AL$11,"") -> % | I47: =IF('Data Import'!$AL$12<>"",'Data Import'!$AL$12,"") -> 100 | J47: =IF('Data Import'!$AL$13<>"",'Data Import'!$AL$13,"") -> 100 | K47: =IF('Data Import'!$AL$14="Нет","+","") | L47: =IF('Data Import'!$AL$15<>"",'Data Import'!$AL$15,"") | M47: =IF('Data Import'!$AL$14="Да","+","") -> + | N47: =IF('Data Import'!$AL$16<>"",'Data Import'!$AL$16,"") -> Приказ Госкомтарифы КБР от 19 декабря 2016 г. № 65 "Об установлении тарифов на услуги службы "Социальное такси"; Приказ ГКУ "РКЦСОН" МТ и СЗ КБР-филиал по г.о.Нальчик от 28 октября 2024 г. №150-П., приказ ГКУ "РКЦСОН" -филиал по г.о.Прохладный от 10.01.2025г. № 12-П "Об утверждении Положения об организации предоставления услуги "Социальное такси" | O47: =IF('Data Import'!$AL$17<>"",'Data Import'!$AL$17,"") -> 13 | P47: =IF('Data Import'!$AL$18<>"",'Data Import'!$AL$18,"") -> 2 | Q47: =IF('Data Import'!$AL$19<>"",'Data Import'!$AL$19,"") -> 2 | R47: =IF('Data Import'!$AL$20<>"",'Data Import'!$AL$20,"") -> 2 | S47: =IF('Data Import'!$AL$21<>"",'Data Import'!$AL$21,"") -> 422 | T47: =IF('Data Import'!$AL$22<>"",'Data Import'!$AL$22,"") -> 562 | U47: =IF('Data Import'!$AL$23<>"",'Data Import'!$AL$23,"") -> 2 | V47: =IF('Data Import'!$AL$24<>"",'Data Import'!$AL$24,"") -> 2 | W47: =IF('Data Import'!$AL$25<>"",'Data Import'!$AL$25,"") -> 2 | X47: =IF('Data Import'!$AL$26<>"",'Data Import'!$AL$26,"") -> 2 | Y47: =IF('Data Import'!$AL$27<>"",'Data Import'!$AL$27,"") -> 0
A48: 36 | B48: Карачаево-Черкесская Республика | C48: =IF('Data Import'!$AM$7="Нет","+","") | D48: =IF('Data Import'!$AM$7="Не требуется","+","") | E48: =IF('Data Import'!$AM$8="Нет","+","") | F48: =IF('Data Import'!$AM$9="Нет","+","") | G48: =IF('Data Import'!$AM$10<>"",'Data Import'!$AM$10,"") | H48: =IF('Data Import'!$AM$11<>"",'Data Import'!$AM$11,"") | I48: =IF('Data Import'!$AM$12<>"",'Data Import'!$AM$12,"") | J48: =IF('Data Import'!$AM$13<>"",'Data Import'!$AM$13,"") | K48: =IF('Data Import'!$AM$14="Нет","+","") | L48: =IF('Data Import'!$AM$15<>"",'Data Import'!$AM$15,"") | M48: =IF('Data Import'!$AM$14="Да","+","") | N48: =IF('Data Import'!$AM$16<>"",'Data Import'!$AM$16,"") | O48: =IF('Data Import'!$AM$17<>"",'Data Import'!$AM$17,"") | P48: =IF('Data Import'!$AM$18<>"",'Data Import'!$AM$18,"") | Q48: =IF('Data Import'!$AM$19<>"",'Data Import'!$AM$19,"") | R48: =IF('Data Import'!$AM$20<>"",'Data Import'!$AM$20,"") | S48: =IF('Data Import'!$AM$21<>"",'Data Import'!$AM$21,"") | T48: =IF('Data Import'!$AM$22<>"",'Data Import'!$AM$22,"") | U48: =IF('Data Import'!$AM$23<>"",'Data Import'!$AM$23,"") | V48: =IF('Data Import'!$AM$24<>"",'Data Import'!$AM$24,"") | W48: =IF('Data Import'!$AM$25<>"",'Data Import'!$AM$25,"") | X48: =IF('Data Import'!$AM$26<>"",'Data Import'!$AM$26,"") | Y48: =IF('Data Import'!$AM$27<>"",'Data Import'!$AM$27,"")
A49: 37 | B49: Республика Дагестан | C49: =IF('Data Import'!$AN$7="Нет","+","") | D49: =IF('Data Import'!$AN$7="Не требуется","+","") | E49: =IF('Data Import'!$AN$8="Нет","+","") | F49: =IF('Data Import'!$AN$9="Нет","+","") -> + | G49: =IF('Data Import'!$AN$10<>"",'Data Import'!$AN$10,"") | H49: =IF('Data Import'!$AN$11<>"",'Data Import'!$AN$11,"") | I49: =IF('Data Import'!$AN$12<>"",'Data Import'!$AN$12,"") | J49: =IF('Data Import'!$AN$13<>"",'Data Import'!$AN$13,"") | K49: =IF('Data Import'!$AN$14="Нет","+","") | L49: =IF('Data Import'!$AN$15<>"",'Data Import'!$AN$15,"") | M49: =IF('Data Import'!$AN$14="Да","+","") -> + | N49: =IF('Data Import'!$AN$16<>"",'Data Import'!$AN$16,"") -> Постановление Правительства РД от 13.05.2024г. №120 "Об утверждении Порядка предоставления субсидий АНО- Центр социального обслуживания населения "Забота | O49: =IF('Data Import'!$AN$17<>"",'Data Import'!$AN$17,"") -> 51 | P49: =IF('Data Import'!$AN$18<>"",'Data Import'!$AN$18,"") -> 4 | Q49: =IF('Data Import'!$AN$19<>"",'Data Import'!$AN$19,"") -> 13 | R49: =IF('Data Import'!$AN$20<>"",'Data Import'!$AN$20,"") -> 13 | S49: =IF('Data Import'!$AN$21<>"",'Data Import'!$AN$21,"") -> 6768 | T49: =IF('Data Import'!$AN$22<>"",'Data Import'!$AN$22,"") -> 12226 | U49: =IF('Data Import'!$AN$23<>"",'Data Import'!$AN$23,"") -> 13 | V49: =IF('Data Import'!$AN$24<>"",'Data Import'!$AN$24,"") -> 13 | W49: =IF('Data Import'!$AN$25<>"",'Data Import'!$AN$25,"") -> 13 | X49: =IF('Data Import'!$AN$26<>"",'Data Import'!$AN$26,"") -> 13 | Y49: =IF('Data Import'!$AN$27<>"",'Data Import'!$AN$27,"") -> 13
A50: 38 | B50: Республика Ингушетия | C50: =IF('Data Import'!$AO$7="Нет","+","") -> + | D50: =IF('Data Import'!$AO$7="Не требуется","+","") | E50: =IF('Data Import'!$AO$8="Нет","+","") | F50: =IF('Data Import'!$AO$9="Нет","+","") | G50: =IF('Data Import'!$AO$10<>"",'Data Import'!$AO$10,"") | H50: =IF('Data Import'!$AO$11<>"",'Data Import'!$AO$11,"") | I50: =IF('Data Import'!$AO$12<>"",'Data Import'!$AO$12,"") | J50: =IF('Data Import'!$AO$13<>"",'Data Import'!$AO$13,"") | K50: =IF('Data Import'!$AO$14="Нет","+","") | L50: =IF('Data Import'!$AO$15<>"",'Data Import'!$AO$15,"") | M50: =IF('Data Import'!$AO$14="Да","+","") | N50: =IF('Data Import'!$AO$16<>"",'Data Import'!$AO$16,"") | O50: =IF('Data Import'!$AO$17<>"",'Data Import'!$AO$17,"") | P50: =IF('Data Import'!$AO$18<>"",'Data Import'!$AO$18,"") | Q50: =IF('Data Import'!$AO$19<>"",'Data Import'!$AO$19,"") | R50: =IF('Data Import'!$AO$20<>"",'Data Import'!$AO$20,"") | S50: =IF('Data Import'!$AO$21<>"",'Data Import'!$AO$21,"") | T50: =IF('Data Import'!$AO$22<>"",'Data Import'!$AO$22,"") | U50: =IF('Data Import'!$AO$23<>"",'Data Import'!$AO$23,"") | V50: =IF('Data Import'!$AO$24<>"",'Data Import'!$AO$24,"") | W50: =IF('Data Import'!$AO$25<>"",'Data Import'!$AO$25,"") | X50: =IF('Data Import'!$AO$26<>"",'Data Import'!$AO$26,"") | Y50: =IF('Data Import'!$AO$27<>"",'Data Import'!$AO$27,"")
A51: 39 | B51: Республика Северная Осетия-Алания | C51: =IF('Data Import'!$AP$7="Нет","+","") | D51: =IF('Data Import'!$AP$7="Не требуется","+","") | E51: =IF('Data Import'!$AP$8="Нет","+","") | F51: =IF('Data Import'!$AP$9="Нет","+","") -> + | G51: =IF('Data Import'!$AP$10<>"",'Data Import'!$AP$10,"") | H51: =IF('Data Import'!$AP$11<>"",'Data Import'!$AP$11,"") | I51: =IF('Data Import'!$AP$12<>"",'Data Import'!$AP$12,"") | J51: =IF('Data Import'!$AP$13<>"",'Data Import'!$AP$13,"") | K51: =IF('Data Import'!$AP$14="Нет","+","") | L51: =IF('Data Import'!$AP$15<>"",'Data Import'!$AP$15,"") | M51: =IF('Data Import'!$AP$14="Да","+","") -> + | N51: =IF('Data Import'!$AP$16<>"",'Data Import'!$AP$16,"") -> 1.Приказ Министерства труда и социального развития РСО-Алания от 19.06.2014 № 149-Да; 2.Положение о службе «Социальное такси», утверждено приказом директора ГБУ «Комплексный центр социального обслуживания населения Затеречного района г.Владикавказ» от 17.08.2020 № 80-Д. 3.Положение о службе «Социальное такси», утверждено приказом директора ГБУ «Комплексный центр социального обслуживания населения Северо-Западного района г.Владикавказ» от 03.08.2015 № 13/ДД. | O51: =IF('Data Import'!$AP$17<>"",'Data Import'!$AP$17,"") -> 9 | P51: =IF('Data Import'!$AP$18<>"",'Data Import'!$AP$18,"") -> 1 | Q51: =IF('Data Import'!$AP$19<>"",'Data Import'!$AP$19,"") -> 2 | R51: =IF('Data Import'!$AP$20<>"",'Data Import'!$AP$20,"") -> 2 | S51: =IF('Data Import'!$AP$21<>"",'Data Import'!$AP$21,"") -> 234 | T51: =IF('Data Import'!$AP$22<>"",'Data Import'!$AP$22,"") -> 162 | U51: =IF('Data Import'!$AP$23<>"",'Data Import'!$AP$23,"") -> 2 | V51: =IF('Data Import'!$AP$24<>"",'Data Import'!$AP$24,"") -> 2 | W51: =IF('Data Import'!$AP$25<>"",'Data Import'!$AP$25,"") -> 0 | X51: =IF('Data Import'!$AP$26<>"",'Data Import'!$AP$26,"") -> 0 | Y51: =IF('Data Import'!$AP$27<>"",'Data Import'!$AP$27,"") -> 2
A52: 40 | B52: Ставропольский край | C52: =IF('Data Import'!$AQ$7="Нет","+","") | D52: =IF('Data Import'!$AQ$7="Не требуется","+","") | E52: =IF('Data Import'!$AQ$8="Нет","+","") | F52: =IF('Data Import'!$AQ$9="Нет","+","") -> + | G52: =IF('Data Import'!$AQ$10<>"",'Data Import'!$AQ$10,"") | H52: =IF('Data Import'!$AQ$11<>"",'Data Import'!$AQ$11,"") | I52: =IF('Data Import'!$AQ$12<>"",'Data Import'!$AQ$12,"") | J52: =IF('Data Import'!$AQ$13<>"",'Data Import'!$AQ$13,"") | K52: =IF('Data Import'!$AQ$14="Нет","+","") -> + | L52: =IF('Data Import'!$AQ$15<>"",'Data Import'!$AQ$15,"") | M52: =IF('Data Import'!$AQ$14="Да","+","") | N52: =IF('Data Import'!$AQ$16<>"",'Data Import'!$AQ$16,"") -> Постановление администрации города Ставрополя от 16.02.2021 № 306 "Об утверждении Положения о порядке и условии предоставления отдельным категориям граждан социальных транспортных услуг и (или) услуг по сопровождению (в редакции от 05.04.2024 № 690) | O52: =IF('Data Import'!$AQ$17<>"",'Data Import'!$AQ$17,"") -> 33 | P52: =IF('Data Import'!$AQ$18<>"",'Data Import'!$AQ$18,"") -> 3 | Q52: =IF('Data Import'!$AQ$19<>"",'Data Import'!$AQ$19,"") -> 6 | R52: =IF('Data Import'!$AQ$20<>"",'Data Import'!$AQ$20,"") -> 6 | S52: =IF('Data Import'!$AQ$21<>"",'Data Import'!$AQ$21,"") -> 3676 | T52: =IF('Data Import'!$AQ$22<>"",'Data Import'!$AQ$22,"") -> 3311 | U52: =IF('Data Import'!$AQ$23<>"",'Data Import'!$AQ$23,"") -> 6 | V52: =IF('Data Import'!$AQ$24<>"",'Data Import'!$AQ$24,"") -> 6 | W52: =IF('Data Import'!$AQ$25<>"",'Data Import'!$AQ$25,"") -> 6 | X52: =IF('Data Import'!$AQ$26<>"",'Data Import'!$AQ$26,"") -> 5 | Y52: =IF('Data Import'!$AQ$27<>"",'Data Import'!$AQ$27,"") -> 1
A53: 41 | B53: Чеченская Республика | C53: =IF('Data Import'!$AR$7="Нет","+","") -> + | D53: =IF('Data Import'!$AR$7="Не требуется","+","") | E53: =IF('Data Import'!$AR$8="Нет","+","") | F53: =IF('Data Import'!$AR$9="Нет","+","") | G53: =IF('Data Import'!$AR$10<>"",'Data Import'!$AR$10,"") | H53: =IF('Data Import'!$AR$11<>"",'Data Import'!$AR$11,"") | I53: =IF('Data Import'!$AR$12<>"",'Data Import'!$AR$12,"") | J53: =IF('Data Import'!$AR$13<>"",'Data Import'!$AR$13,"") | K53: =IF('Data Import'!$AR$14="Нет","+","") | L53: =IF('Data Import'!$AR$15<>"",'Data Import'!$AR$15,"") | M53: =IF('Data Import'!$AR$14="Да","+","") | N53: =IF('Data Import'!$AR$16<>"",'Data Import'!$AR$16,"") | O53: =IF('Data Import'!$AR$17<>"",'Data Import'!$AR$17,"") | P53: =IF('Data Import'!$AR$18<>"",'Data Import'!$AR$18,"") | Q53: =IF('Data Import'!$AR$19<>"",'Data Import'!$AR$19,"") | R53: =IF('Data Import'!$AR$20<>"",'Data Import'!$AR$20,"") | S53: =IF('Data Import'!$AR$21<>"",'Data Import'!$AR$21,"") | T53: =IF('Data Import'!$AR$22<>"",'Data Import'!$AR$22,"") | U53: =IF('Data Import'!$AR$23<>"",'Data Import'!$AR$23,"") | V53: =IF('Data Import'!$AR$24<>"",'Data Import'!$AR$24,"") | W53: =IF('Data Import'!$AR$25<>"",'Data Import'!$AR$25,"") | X53: =IF('Data Import'!$AR$26<>"",'Data Import'!$AR$26,"") | Y53: =IF('Data Import'!$AR$27<>"",'Data Import'!$AR$27,"")
A54: 42 | B54: Алтайский край | C54: =IF('Data Import'!$AS$7="Нет","+","") | D54: =IF('Data Import'!$AS$7="Не требуется","+","") | E54: =IF('Data Import'!$AS$8="Нет","+","") -> + | F54: =IF('Data Import'!$AS$9="Нет","+","") | G54: =IF('Data Import'!$AS$10<>"",'Data Import'!$AS$10,"") | H54: =IF('Data Import'!$AS$11<>"",'Data Import'!$AS$11,"") | I54: =IF('Data Import'!$AS$12<>"",'Data Import'!$AS$12,"") | J54: =IF('Data Import'!$AS$13<>"",'Data Import'!$AS$13,"") | K54: =IF('Data Import'!$AS$14="Нет","+","") | L54: =IF('Data Import'!$AS$15<>"",'Data Import'!$AS$15,"") | M54: =IF('Data Import'!$AS$14="Да","+","") -> + | N54: =IF('Data Import'!$AS$16<>"",'Data Import'!$AS$16,"") -> Порядок предоставления услуг социального такси, утвержденный решением Барнаульской городской Думы от 27.11.2009 № 212, Постановление Администрации города Бийска от 30.05.2019 № 873 | O54: =IF('Data Import'!$AS$17<>"",'Data Import'!$AS$17,"") -> 69 | P54: =IF('Data Import'!$AS$18<>"",'Data Import'!$AS$18,"") -> 2 | Q54: =IF('Data Import'!$AS$19<>"",'Data Import'!$AS$19,"") -> 4 | R54: =IF('Data Import'!$AS$20<>"",'Data Import'!$AS$20,"") -> 4 | S54: =IF('Data Import'!$AS$21<>"",'Data Import'!$AS$21,"") -> 2114 | T54: =IF('Data Import'!$AS$22<>"",'Data Import'!$AS$22,"") -> 2665 | U54: =IF('Data Import'!$AS$23<>"",'Data Import'!$AS$23,"") -> 4 | V54: =IF('Data Import'!$AS$24<>"",'Data Import'!$AS$24,"") -> 4 | W54: =IF('Data Import'!$AS$25<>"",'Data Import'!$AS$25,"") -> 0 | X54: =IF('Data Import'!$AS$26<>"",'Data Import'!$AS$26,"") -> 0 | Y54: =IF('Data Import'!$AS$27<>"",'Data Import'!$AS$27,"") -> 0
A55: 43 | B55: Забайкальский край | C55: =IF('Data Import'!$AT$7="Нет","+","") | D55: =IF('Data Import'!$AT$7="Не требуется","+","") | E55: =IF('Data Import'!$AT$8="Нет","+","") | F55: =IF('Data Import'!$AT$9="Нет","+","") | G55: =IF('Data Import'!$AT$10<>"",'Data Import'!$AT$10,"") | H55: =IF('Data Import'!$AT$11<>"",'Data Import'!$AT$11,"") | I55: =IF('Data Import'!$AT$12<>"",'Data Import'!$AT$12,"") | J55: =IF('Data Import'!$AT$13<>"",'Data Import'!$AT$13,"") | K55: =IF('Data Import'!$AT$14="Нет","+","") | L55: =IF('Data Import'!$AT$15<>"",'Data Import'!$AT$15,"") | M55: =IF('Data Import'!$AT$14="Да","+","") | N55: =IF('Data Import'!$AT$16<>"",'Data Import'!$AT$16,"") | O55: =IF('Data Import'!$AT$17<>"",'Data Import'!$AT$17,"") | P55: =IF('Data Import'!$AT$18<>"",'Data Import'!$AT$18,"") | Q55: =IF('Data Import'!$AT$19<>"",'Data Import'!$AT$19,"") | R55: =IF('Data Import'!$AT$20<>"",'Data Import'!$AT$20,"") | S55: =IF('Data Import'!$AT$21<>"",'Data Import'!$AT$21,"") | T55: =IF('Data Import'!$AT$22<>"",'Data Import'!$AT$22,"") | U55: =IF('Data Import'!$AT$23<>"",'Data Import'!$AT$23,"") | V55: =IF('Data Import'!$AT$24<>"",'Data Import'!$AT$24,"") | W55: =IF('Data Import'!$AT$25<>"",'Data Import'!$AT$25,"") | X55: =IF('Data Import'!$AT$26<>"",'Data Import'!$AT$26,"") | Y55: =IF('Data Import'!$AT$27<>"",'Data Import'!$AT$27,"")
A56: 44 | B56: Иркутская область | C56: =IF('Data Import'!$AU$7="Нет","+","") | D56: =IF('Data Import'!$AU$7="Не требуется","+","") | E56: =IF('Data Import'!$AU$8="Нет","+","") -> + | F56: =IF('Data Import'!$AU$9="Нет","+","") | G56: =IF('Data Import'!$AU$10<>"",'Data Import'!$AU$10,"") | H56: =IF('Data Import'!$AU$11<>"",'Data Import'!$AU$11,"") | I56: =IF('Data Import'!$AU$12<>"",'Data Import'!$AU$12,"") | J56: =IF('Data Import'!$AU$13<>"",'Data Import'!$AU$13,"") | K56: =IF('Data Import'!$AU$14="Нет","+","") | L56: =IF('Data Import'!$AU$15<>"",'Data Import'!$AU$15,"") | M56: =IF('Data Import'!$AU$14="Да","+","") -> + | N56: =IF('Data Import'!$AU$16<>"",'Data Import'!$AU$16,"") -> Постановление администрации города Ангарска от 22.01.2026 № 35-па "О предоставлении бесплатного проезда инвалидам специализированным транспортом в Ангарском городском округе" | O56: =IF('Data Import'!$AU$17<>"",'Data Import'!$AU$17,"") -> 42 | P56: =IF('Data Import'!$AU$18<>"",'Data Import'!$AU$18,"") -> 1 | Q56: =IF('Data Import'!$AU$19<>"",'Data Import'!$AU$19,"") -> 1 | R56: =IF('Data Import'!$AU$20<>"",'Data Import'!$AU$20,"") -> 1 | S56: =IF('Data Import'!$AU$21<>"",'Data Import'!$AU$21,"") -> 1323 | T56: =IF('Data Import'!$AU$22<>"",'Data Import'!$AU$22,"") -> 2002 | U56: =IF('Data Import'!$AU$23<>"",'Data Import'!$AU$23,"") -> 2 | V56: =IF('Data Import'!$AU$24<>"",'Data Import'!$AU$24,"") -> 2 | W56: =IF('Data Import'!$AU$25<>"",'Data Import'!$AU$25,"") -> 2 | X56: =IF('Data Import'!$AU$26<>"",'Data Import'!$AU$26,"") -> 2 | Y56: =IF('Data Import'!$AU$27<>"",'Data Import'!$AU$27,"") -> 2
A57: 45 | B57: Кемеровская область | C57: =IF('Data Import'!$AV$7="Нет","+","") | D57: =IF('Data Import'!$AV$7="Не требуется","+","") | E57: =IF('Data Import'!$AV$8="Нет","+","") -> + | F57: =IF('Data Import'!$AV$9="Нет","+","") -> + | G57: =IF('Data Import'!$AV$10<>"",'Data Import'!$AV$10,"") | H57: =IF('Data Import'!$AV$11<>"",'Data Import'!$AV$11,"") | I57: =IF('Data Import'!$AV$12<>"",'Data Import'!$AV$12,"") | J57: =IF('Data Import'!$AV$13<>"",'Data Import'!$AV$13,"") | K57: =IF('Data Import'!$AV$14="Нет","+","") | L57: =IF('Data Import'!$AV$15<>"",'Data Import'!$AV$15,"") -> Кемеровская область -Кузбасс включает в себя 31 округ (12 городских и 19 муниципальных). В настоящий момент Краснобродский городской округ включен в состав Прокопьевского муниципального округа, Полысаевский городской округ, Ленинск-Кузнецкий городской округ и Ленинск-Кузнецкий муниципальный округ объединены в Ленинск-Кузнецкий муниципальный округ, Междуреченский городской округ переведен в Междуреченский муниципальный округ, Таштагольский муниципальный район в Таштагольский муниципальный округ. Во всех муниципалитетах работает служба "Социальное такси" (48 специализированных автомобилей с подъемным устройством), которая обслуживает инвалидов-колясочников и другие МГН. | M57: =IF('Data Import'!$AV$14="Да","+","") | N57: =IF('Data Import'!$AV$16<>"",'Data Import'!$AV$16,"") -> 1) Приказ "Об утверждении положения о порядке предоставления услуги "Социальное такси" МБУ "Анжеро-Судженского КЦСОН" №1 от 11.01.2024; 2) Положение о порядке предоставления услуг "Социальное такси" Муниципальным бюджетным учреждением "Центр социального обслуживания", утвержденное директором Муниципального бюджетного учреждения "Центр социального обслуживания" от 12.01.2021; 3) Постановление Администрации Березовского городского округа от 11.12.2012 № 789 "Об утверждении Порядка предоставления услуги социального такси Муниципальным бюджетным учреждением "Центр социального обслуживания" Березовского городского округа"; 4) Распоряжение Администрации Калтанского городского округа от 16.02.2018 №181-р "Об утверждении Положения о порядке предоставления дополнительной социальной услуги "Социальное такси" муниципальным казенным учреждением "Центр социального обслуживания" Калтанского городского округа"; 5) Положение "Об организации работы по предоставлению транспортной услуги "Социальное такси" в МБУ "КЦСОН Центрального района г.Кемерово" от 11.02.2021 №39 с изменениями от 04.10.2021 №168; 6) Положение "Об организации работы по предоставлению услуги "Социальное такси" в МАУ "КЦСОН Кировского района г. Кемерово" от 28.01.2025; 7) Положение "Об организации работы по предоставлению услуги "Социальное такси" в МБУ "КЦСОН Заводского района г. Кемерово" от 01.10.2021; 8) Положение "Об организации работы по порядку оказания платной социальной услуги по транспортному обслуживанию отдельных категорий населения услуги "Социальное такси" в МБУ "КЦСОН Ленинского района г.Кемерово" от 21.01.2025 №23; 9) Положение "Об организации работы по предоставлению услуги "Социальное такси" в МБУ "КЦСОН Рудничного района г. Кемерово" от 29.03.2021; 10) Положение о порядке предоставления муниципальным казенным учреждением "Центр социального обслуживания" транспортной услуги "Социальное такси" утверждено начальником управления социальной защиты населения Киселевского городского округа 02.11.2020; 11) Постановление администрации Ленинск-Кузнецкого городского округа от 17.12.2020 № 2139 "Об утверждении Положения об осуществлении перевозок отдельных категорий граждан специальным автотранспортным средством "Социальное такси"; 12) Решение Совета народных депутатов Мысковского городского округа №5-н от 26.02.2025 "Об утверждении перечня и тарифов на дополнительные социальные услуги, предоставляемые муниципальным казенным учреждением "Центр социального обслуживания населения"; 13) Приказ Комитета социальной защиты администрации города Новокузнецка от 11.11.2024 № 448 "Об утверждении положения о порядке предоставления услуги "Социальное такси" отдельным категориям граждан, проживающим на территории Новокузнецкого городского округа"; 14) Положение о предоставлении транспортных услуг "Социальное такси" муниципальным бюджетным учреждением "Центр социального обслуживания Граждан пожилого возраста и инвалидов Осинниковского городского округа от 2015 г.; 15) Положение о порядке предоставления муниципальным бюджетным учреждением "Центр социального обслуживания населения" дополнительной платной социальной услуги "Социальное такси" от 31.08.2015; 16) Положение № 230, от 07.14.2026г."О порядке предоставления дополнительной платной услуги "Социальное такси" Муниципальным бюджетным Учреждением "Комплексный центр социального обслуживания населения" Тайгинского городского округа; 17) Положение, утвержденное постановлением Администрации города Юрги от 17.03.2021 № 220 "О порядке предоставления дополнительной платной услуги "Социальное такси" муниципальным учреждением "Центр социального обслуживания граждан пожилого возраста и инвалидов города Юрги"; 18) Приказ МКУ "Комплексный центр социального обслуживания населения Беловского муниципального округа» № 40-ОД от 01.08.2024 "О порядке предоставления транспортной услуги «Социальное такси"; 19) Административный регламент по предоставлению муниципальной услуги "Социальное такси", утвержденный постановлением администрации Гурьевского муниципального округа от 05.09.2019 № 804; 20) Приказ МБУ "КЦСОН" Ижморского МО № 59 от 29.12.2020 об утверждении положения "О порядке предоставления услуги "Социальное такси"; 21) Постановление администрации Кемеровского муниципального округа №1616 -п от 08.07.2020 "Об утверждении Положения о порядке предоставления транспортной услуги "Социальное такси" муниципальным казённым учреждением "Комплексный центр социального обслуживания населения Кемеровского м муниципального округа"; 22) Решение Совета народных депутатов Крапивинского муниципального округа второго созыва от 11.09.2024 №08 "Об утверждении Положения о порядке предоставления платной услуги "Социальное такси"; 23) "Положение о социальном такси", утвержденное приказом МБУ "КЦСОН" Мариинского муниципального округа от 13.09.2016 № 97А; 24) Положение "О предоставлении дополнительной платной социальной услуги "Социальное такси" в Муниципальном бюджетном учреждении "Комплексный центр социального обслуживания населения", утверждено приказом от 05.12.2023 №763; 25) Решение Совета народных депутатов Новокузнецкого муниципального округа Кемеровской области - Кузбасса от 31.08.2023 № 191-МНПА "Об утверждении Положения о порядке предоставления платной услуги "Социальное такси"; 26) Приказ Управления СЗН администрации Прокопьевского муниципального округа от 26.11.2024 № 49 "Об утверждении Положения о порядке предоставления транспортной услуги "Социальное такси" муниципальным учреждением "Центр социального обслуживания" Прокопьевского муниципального округа"; 27) Приказ УСЗН №53 от 30.06.2017г. Об утверждении Положения о порядке предоставления дополнительной услуги "Социальное такси" МБУ "КЦСОН" ; 28) Постановление от 30.06.2017 № 482-п " об утверждении Положения о порядке предоставления дополнительной платной услуги "Социальное такси" центрами социального обслуживания населения Таштагольского муниципального района; 29) Приказ от 05.05.2023 № 38-од, утверждение Положения О порядке предоставления дополнительной транспортной услуги "Социальное такси" Муниципальным казенным учреждением "Центр социального обслуживания Тисульского муниципального округа"; 30) Положение о порядке и условиях предоставления услуги "Социальное такси" утвержденное приказом директора МБУ "Топкинский ЦСО" от 30.11.2021 № 231; 31) Приказ управления социальной защиты населения администрации Тяжинского муниципального округа от 11.07.2018 № 27-д "Об утверждении Положения о порядке и условиях предоставления дополнительных социальных услуг на дому, в полустационарной форме социального обслуживания и дополнительных срочных услуг муниципальным бюджетным учреждением Центр социального обслуживания населения"; 32) Положение о порядке и условиях предоставления платной услуги "Социальное такси" утвержденное приказом МКУ "КЦСОН" от 07.08.2024 № 47/1-0 Постановление Администрации Чебулинского муниципального округа от 20.09.2024 № 566-п "Об утверждении тарифов на платные услуги "Социальное такси", предоставляемые муниципальным казенным учреждением "Комплексный центр социального обслуживания населения"; 33) Постановление администрации Юргинского муниципального округа от 09.02.2021 № 10 - МНА "Об утверждении Положения о порядке предоставления платной услуги "Социальное такси" муниципальным казенным учреждением "Комплексный центр социального обслуживания населения Юргинского муниципального округа"; 34) Положение от 16.09.2024, Приказ № 179-п о порядке предоставления услуг "Социальное такси" 35) Решение Яшкинского районного Совета народных депутатов от 17.02.2012 г. № 428-р "Об утверждении положения и расценок на услугу "социальное такси", предоставляемую МКУ Яшкинского муниципального района "Центр социального обслуживания". В последней редакции - Решение Яшкинского районного Совета народных депутатов от 22.04.2016 № 219-р "Об утверждении положения и тарифов на услугу "социальное такси", предоставляемую МКУ Яшкинского муниципального района "Центр социального обслуживания". | O57: =IF('Data Import'!$AV$17<>"",'Data Import'!$AV$17,"") -> 31 | P57: =IF('Data Import'!$AV$18<>"",'Data Import'!$AV$18,"") -> 31 | Q57: =IF('Data Import'!$AV$19<>"",'Data Import'!$AV$19,"") -> 49 | R57: =IF('Data Import'!$AV$20<>"",'Data Import'!$AV$20,"") -> 50 | S57: =IF('Data Import'!$AV$21<>"",'Data Import'!$AV$21,"") -> 9753 | T57: =IF('Data Import'!$AV$22<>"",'Data Import'!$AV$22,"") -> 7783 | U57: =IF('Data Import'!$AV$23<>"",'Data Import'!$AV$23,"") -> 56 | V57: =IF('Data Import'!$AV$24<>"",'Data Import'!$AV$24,"") -> 57 | W57: =IF('Data Import'!$AV$25<>"",'Data Import'!$AV$25,"") -> 36 | X57: =IF('Data Import'!$AV$26<>"",'Data Import'!$AV$26,"") -> 39 | Y57: =IF('Data Import'!$AV$27<>"",'Data Import'!$AV$27,"") -> 44
A58: 46 | B58: Красноярский край | C58: =IF('Data Import'!$AW$7="Нет","+","") | D58: =IF('Data Import'!$AW$7="Не требуется","+","") | E58: =IF('Data Import'!$AW$8="Нет","+","") -> + | F58: =IF('Data Import'!$AW$9="Нет","+","") | G58: =IF('Data Import'!$AW$10<>"",'Data Import'!$AW$10,"") | H58: =IF('Data Import'!$AW$11<>"",'Data Import'!$AW$11,"") | I58: =IF('Data Import'!$AW$12<>"",'Data Import'!$AW$12,"") | J58: =IF('Data Import'!$AW$13<>"",'Data Import'!$AW$13,"") | K58: =IF('Data Import'!$AW$14="Нет","+","") | L58: =IF('Data Import'!$AW$15<>"",'Data Import'!$AW$15,"") | M58: =IF('Data Import'!$AW$14="Да","+","") | N58: =IF('Data Import'!$AW$16<>"",'Data Import'!$AW$16,"") -> Об утверждении Положения о порядке оказания услуги «социальное такси» гражданам, проживающим на территории муниципального образования Боготольский муниципальный район № 719-п от 24.11.2023; Постановление администрации города Красноярска от 18.03.2020 № 177 "О дополнительной мере социальной поддержки в виде оказания инвалидам, имеющим ограничения способности к передвижению второй или третьей степени и использующим для перемещения кресло-коляску либо нуждающимся в перевозке специализированным автотранспортом, услуги по доставке специализированным автотранспортом к социально значимым объектам, местам проведения досуга, отдыха и обратно" (далее - постановление № 177); приказ Управления образования администрации города Минусинска от 27.01.2023 № 45"Об утверждении Положения о порядке предоставления услуги по перевозке на специальном транспортном средстве "Социальное такси"; Положение о порядке и условиях предоставления услуги "социальное такси" Унитарным Муниципальным автотранспортным предприятием г. Зеленогорска от 19.02.2023 г.; "О создании службы "Социальное такси" на территории Богучанского района №171-п от 21.02.2024 | O58: =IF('Data Import'!$AW$17<>"",'Data Import'!$AW$17,"") -> 39 | P58: =IF('Data Import'!$AW$18<>"",'Data Import'!$AW$18,"") -> 6 | Q58: =IF('Data Import'!$AW$19<>"",'Data Import'!$AW$19,"") -> 21 | R58: =IF('Data Import'!$AW$20<>"",'Data Import'!$AW$20,"") -> 21 | S58: =IF('Data Import'!$AW$21<>"",'Data Import'!$AW$21,"") -> 10608 | T58: =IF('Data Import'!$AW$22<>"",'Data Import'!$AW$22,"") -> 12090 | U58: =IF('Data Import'!$AW$23<>"",'Data Import'!$AW$23,"") -> 11 | V58: =IF('Data Import'!$AW$24<>"",'Data Import'!$AW$24,"") -> 12 | W58: =IF('Data Import'!$AW$25<>"",'Data Import'!$AW$25,"") -> 11 | X58: =IF('Data Import'!$AW$26<>"",'Data Import'!$AW$26,"") -> 12 | Y58: =IF('Data Import'!$AW$27<>"",'Data Import'!$AW$27,"") -> 21
A59: 47 | B59: Новосибирская область | C59: =IF('Data Import'!$AX$7="Нет","+","") | D59: =IF('Data Import'!$AX$7="Не требуется","+","") | E59: =IF('Data Import'!$AX$8="Нет","+","") | F59: =IF('Data Import'!$AX$9="Нет","+","") -> + | G59: =IF('Data Import'!$AX$10<>"",'Data Import'!$AX$10,"") | H59: =IF('Data Import'!$AX$11<>"",'Data Import'!$AX$11,"") | I59: =IF('Data Import'!$AX$12<>"",'Data Import'!$AX$12,"") | J59: =IF('Data Import'!$AX$13<>"",'Data Import'!$AX$13,"") | K59: =IF('Data Import'!$AX$14="Нет","+","") | L59: =IF('Data Import'!$AX$15<>"",'Data Import'!$AX$15,"") | M59: =IF('Data Import'!$AX$14="Да","+","") -> + | N59: =IF('Data Import'!$AX$16<>"",'Data Import'!$AX$16,"") -> Постановление мэрии города Новосибирска от 11.02.2026 № 1322 «О дополнительной мере социальной поддержки «Социальная служба сопровождения», в соответствии с постановлением мэрии города Новосибирска от 22.11.2024 № 10129 «О муниципальной программе города Новосибирска «Социальная поддержка населения и укрепление общественного здоровья в городе Новосибирска»; Постановление от 22.12.2025 № 20-па «Об утверждении порядка предоставления транспортной услуги «Социальном такси» отдельным категориям граждан, проживающим на территории Убинского муниципального округа Новосибирской области»; Постановление администрации Мошковского района Новосибирской области «Об утверждении порядка предоставления транспортной услуги «Социальное такси» отдельным категориям граждан, постоянно проживающим на территории Мошковского района Новосибирской области»; постановление администрации Мошковского района Новосибирской области «Об утверждении муниципальной программы «Социальная поддержка населения Мошковского района Новосибирской области на 2026–2030 годы»;Приказ муниципального бюджетного учреждения Тогучинского района «Комплексный центр социального обслуживания населения» от 18.09.2025 № 239. | O59: =IF('Data Import'!$AX$17<>"",'Data Import'!$AX$17,"") -> 35 | P59: =IF('Data Import'!$AX$18<>"",'Data Import'!$AX$18,"") -> 4 | Q59: =IF('Data Import'!$AX$19<>"",'Data Import'!$AX$19,"") -> 7 | R59: =IF('Data Import'!$AX$20<>"",'Data Import'!$AX$20,"") -> 6 | S59: =IF('Data Import'!$AX$21<>"",'Data Import'!$AX$21,"") -> 63219 | T59: =IF('Data Import'!$AX$22<>"",'Data Import'!$AX$22,"") -> 55514 | U59: =IF('Data Import'!$AX$23<>"",'Data Import'!$AX$23,"") -> 6 | V59: =IF('Data Import'!$AX$24<>"",'Data Import'!$AX$24,"") -> 6 | W59: =IF('Data Import'!$AX$25<>"",'Data Import'!$AX$25,"") -> 4 | X59: =IF('Data Import'!$AX$26<>"",'Data Import'!$AX$26,"") -> 4 | Y59: =IF('Data Import'!$AX$27<>"",'Data Import'!$AX$27,"") -> 0
A60: 48 | B60: Омская область | C60: =IF('Data Import'!$AY$7="Нет","+","") | D60: =IF('Data Import'!$AY$7="Не требуется","+","") | E60: =IF('Data Import'!$AY$8="Нет","+","") | F60: =IF('Data Import'!$AY$9="Нет","+","") | G60: =IF('Data Import'!$AY$10<>"",'Data Import'!$AY$10,"") -> Количество оказанных транспортных услуг инвалидам | H60: =IF('Data Import'!$AY$11<>"",'Data Import'!$AY$11,"") -> ед. | I60: =IF('Data Import'!$AY$12<>"",'Data Import'!$AY$12,"") -> 7000 | J60: =IF('Data Import'!$AY$13<>"",'Data Import'!$AY$13,"") -> 6490 | K60: =IF('Data Import'!$AY$14="Нет","+","") | L60: =IF('Data Import'!$AY$15<>"",'Data Import'!$AY$15,"") | M60: =IF('Data Import'!$AY$14="Да","+","") -> + | N60: =IF('Data Import'!$AY$16<>"",'Data Import'!$AY$16,"") -> приказ Министерства труда и социального развития Омской области от 28 октября 2013 года № 147-п "О транспортном обслуживании инвалидов в Омской области" | O60: =IF('Data Import'!$AY$17<>"",'Data Import'!$AY$17,"") -> 33 | P60: =IF('Data Import'!$AY$18<>"",'Data Import'!$AY$18,"") -> 33 | Q60: =IF('Data Import'!$AY$19<>"",'Data Import'!$AY$19,"") -> 75 | R60: =IF('Data Import'!$AY$20<>"",'Data Import'!$AY$20,"") -> 101 | S60: =IF('Data Import'!$AY$21<>"",'Data Import'!$AY$21,"") -> 8010 | T60: =IF('Data Import'!$AY$22<>"",'Data Import'!$AY$22,"") -> 6490 | U60: =IF('Data Import'!$AY$23<>"",'Data Import'!$AY$23,"") -> 56 | V60: =IF('Data Import'!$AY$24<>"",'Data Import'!$AY$24,"") -> 68 | W60: =IF('Data Import'!$AY$25<>"",'Data Import'!$AY$25,"") -> 50 | X60: =IF('Data Import'!$AY$26<>"",'Data Import'!$AY$26,"") -> 63 | Y60: =IF('Data Import'!$AY$27<>"",'Data Import'!$AY$27,"") -> 62
A61: 49 | B61: Республика Алтай | C61: =IF('Data Import'!$AZ$7="Нет","+","") | D61: =IF('Data Import'!$AZ$7="Не требуется","+","") | E61: =IF('Data Import'!$AZ$8="Нет","+","") | F61: =IF('Data Import'!$AZ$9="Нет","+","") | G61: =IF('Data Import'!$AZ$10<>"",'Data Import'!$AZ$10,"") | H61: =IF('Data Import'!$AZ$11<>"",'Data Import'!$AZ$11,"") | I61: =IF('Data Import'!$AZ$12<>"",'Data Import'!$AZ$12,"") | J61: =IF('Data Import'!$AZ$13<>"",'Data Import'!$AZ$13,"") | K61: =IF('Data Import'!$AZ$14="Нет","+","") | L61: =IF('Data Import'!$AZ$15<>"",'Data Import'!$AZ$15,"") | M61: =IF('Data Import'!$AZ$14="Да","+","") | N61: =IF('Data Import'!$AZ$16<>"",'Data Import'!$AZ$16,"") | O61: =IF('Data Import'!$AZ$17<>"",'Data Import'!$AZ$17,"") | P61: =IF('Data Import'!$AZ$18<>"",'Data Import'!$AZ$18,"") | Q61: =IF('Data Import'!$AZ$19<>"",'Data Import'!$AZ$19,"") | R61: =IF('Data Import'!$AZ$20<>"",'Data Import'!$AZ$20,"") | S61: =IF('Data Import'!$AZ$21<>"",'Data Import'!$AZ$21,"") | T61: =IF('Data Import'!$AZ$22<>"",'Data Import'!$AZ$22,"") | U61: =IF('Data Import'!$AZ$23<>"",'Data Import'!$AZ$23,"") | V61: =IF('Data Import'!$AZ$24<>"",'Data Import'!$AZ$24,"") | W61: =IF('Data Import'!$AZ$25<>"",'Data Import'!$AZ$25,"") | X61: =IF('Data Import'!$AZ$26<>"",'Data Import'!$AZ$26,"") | Y61: =IF('Data Import'!$AZ$27<>"",'Data Import'!$AZ$27,"")
A62: 50 | B62: Республика Бурятия | C62: =IF('Data Import'!$BA$7="Нет","+","") -> + | D62: =IF('Data Import'!$BA$7="Не требуется","+","") | E62: =IF('Data Import'!$BA$8="Нет","+","") -> + | F62: =IF('Data Import'!$BA$9="Нет","+","") | G62: =IF('Data Import'!$BA$10<>"",'Data Import'!$BA$10,"") | H62: =IF('Data Import'!$BA$11<>"",'Data Import'!$BA$11,"") | I62: =IF('Data Import'!$BA$12<>"",'Data Import'!$BA$12,"") | J62: =IF('Data Import'!$BA$13<>"",'Data Import'!$BA$13,"") | K62: =IF('Data Import'!$BA$14="Нет","+","") | L62: =IF('Data Import'!$BA$15<>"",'Data Import'!$BA$15,"") | M62: =IF('Data Import'!$BA$14="Да","+","") | N62: =IF('Data Import'!$BA$16<>"",'Data Import'!$BA$16,"") | O62: =IF('Data Import'!$BA$17<>"",'Data Import'!$BA$17,"") | P62: =IF('Data Import'!$BA$18<>"",'Data Import'!$BA$18,"") | Q62: =IF('Data Import'!$BA$19<>"",'Data Import'!$BA$19,"") | R62: =IF('Data Import'!$BA$20<>"",'Data Import'!$BA$20,"") | S62: =IF('Data Import'!$BA$21<>"",'Data Import'!$BA$21,"") | T62: =IF('Data Import'!$BA$22<>"",'Data Import'!$BA$22,"") | U62: =IF('Data Import'!$BA$23<>"",'Data Import'!$BA$23,"") | V62: =IF('Data Import'!$BA$24<>"",'Data Import'!$BA$24,"") | W62: =IF('Data Import'!$BA$25<>"",'Data Import'!$BA$25,"") | X62: =IF('Data Import'!$BA$26<>"",'Data Import'!$BA$26,"") | Y62: =IF('Data Import'!$BA$27<>"",'Data Import'!$BA$27,"")
A63: 51 | B63: Республика Тыва | C63: =IF('Data Import'!$BB$7="Нет","+","") | D63: =IF('Data Import'!$BB$7="Не требуется","+","") | E63: =IF('Data Import'!$BB$8="Нет","+","") | F63: =IF('Data Import'!$BB$9="Нет","+","") | G63: =IF('Data Import'!$BB$10<>"",'Data Import'!$BB$10,"") | H63: =IF('Data Import'!$BB$11<>"",'Data Import'!$BB$11,"") | I63: =IF('Data Import'!$BB$12<>"",'Data Import'!$BB$12,"") | J63: =IF('Data Import'!$BB$13<>"",'Data Import'!$BB$13,"") | K63: =IF('Data Import'!$BB$14="Нет","+","") | L63: =IF('Data Import'!$BB$15<>"",'Data Import'!$BB$15,"") | M63: =IF('Data Import'!$BB$14="Да","+","") | N63: =IF('Data Import'!$BB$16<>"",'Data Import'!$BB$16,"") | O63: =IF('Data Import'!$BB$17<>"",'Data Import'!$BB$17,"") | P63: =IF('Data Import'!$BB$18<>"",'Data Import'!$BB$18,"") | Q63: =IF('Data Import'!$BB$19<>"",'Data Import'!$BB$19,"") | R63: =IF('Data Import'!$BB$20<>"",'Data Import'!$BB$20,"") | S63: =IF('Data Import'!$BB$21<>"",'Data Import'!$BB$21,"") | T63: =IF('Data Import'!$BB$22<>"",'Data Import'!$BB$22,"") | U63: =IF('Data Import'!$BB$23<>"",'Data Import'!$BB$23,"") | V63: =IF('Data Import'!$BB$24<>"",'Data Import'!$BB$24,"") | W63: =IF('Data Import'!$BB$25<>"",'Data Import'!$BB$25,"") | X63: =IF('Data Import'!$BB$26<>"",'Data Import'!$BB$26,"") | Y63: =IF('Data Import'!$BB$27<>"",'Data Import'!$BB$27,"")
A64: 52 | B64: Республика Хакасия | C64: =IF('Data Import'!$BC$7="Нет","+","") | D64: =IF('Data Import'!$BC$7="Не требуется","+","") | E64: =IF('Data Import'!$BC$8="Нет","+","") | F64: =IF('Data Import'!$BC$9="Нет","+","") | G64: =IF('Data Import'!$BC$10<>"",'Data Import'!$BC$10,"") -> Создание и развитие служб «социального такси» во всех муниципальных образованиях Республики Хакасия | H64: =IF('Data Import'!$BC$11<>"",'Data Import'!$BC$11,"") -> ед. | I64: =IF('Data Import'!$BC$12<>"",'Data Import'!$BC$12,"") -> 7 | J64: =IF('Data Import'!$BC$13<>"",'Data Import'!$BC$13,"") -> 7 | K64: =IF('Data Import'!$BC$14="Нет","+","") | L64: =IF('Data Import'!$BC$15<>"",'Data Import'!$BC$15,"") | M64: =IF('Data Import'!$BC$14="Да","+","") -> + | N64: =IF('Data Import'!$BC$16<>"",'Data Import'!$BC$16,"") -> "Постановление Правительства Республики Хакасия от 12.11.2024 N 671 ""Об утверждении Порядка предоставления грантов в форме субсидий из республиканского бюджета Республики Хакасия на финансовое обеспечение затрат по реализации целевых социальных программ, направленных на повышение качества жизнедеятельности инвалидов, и о признании утратившими силу отдельных постановлений Правительства Республики Хакасия""" | O64: =IF('Data Import'!$BC$17<>"",'Data Import'!$BC$17,"") -> 13 | P64: =IF('Data Import'!$BC$18<>"",'Data Import'!$BC$18,"") -> 7 | Q64: =IF('Data Import'!$BC$19<>"",'Data Import'!$BC$19,"") -> 18 | R64: =IF('Data Import'!$BC$20<>"",'Data Import'!$BC$20,"") -> 20 | S64: =IF('Data Import'!$BC$21<>"",'Data Import'!$BC$21,"") -> 11948 | T64: =IF('Data Import'!$BC$22<>"",'Data Import'!$BC$22,"") -> 15609 | U64: =IF('Data Import'!$BC$23<>"",'Data Import'!$BC$23,"") -> 18 | V64: =IF('Data Import'!$BC$24<>"",'Data Import'!$BC$24,"") -> 20 | W64: =IF('Data Import'!$BC$25<>"",'Data Import'!$BC$25,"") | X64: =IF('Data Import'!$BC$26<>"",'Data Import'!$BC$26,"") | Y64: =IF('Data Import'!$BC$27<>"",'Data Import'!$BC$27,"") -> 20
A65: 53 | B65: Томская область | C65: =IF('Data Import'!$BD$7="Нет","+","") | D65: =IF('Data Import'!$BD$7="Не требуется","+","") | E65: =IF('Data Import'!$BD$8="Нет","+","") | F65: =IF('Data Import'!$BD$9="Нет","+","") -> + | G65: =IF('Data Import'!$BD$10<>"",'Data Import'!$BD$10,"") | H65: =IF('Data Import'!$BD$11<>"",'Data Import'!$BD$11,"") | I65: =IF('Data Import'!$BD$12<>"",'Data Import'!$BD$12,"") | J65: =IF('Data Import'!$BD$13<>"",'Data Import'!$BD$13,"") | K65: =IF('Data Import'!$BD$14="Нет","+","") -> + | L65: =IF('Data Import'!$BD$15<>"",'Data Import'!$BD$15,"") | M65: =IF('Data Import'!$BD$14="Да","+","") | N65: =IF('Data Import'!$BD$16<>"",'Data Import'!$BD$16,"") -> закон Томской области от 10.09.2003 №109-ОЗ "О социальной поддержке инвалидов в Томской области" постановление Администрации Томской области от 02.11.2022 №483а "Об определении Порядка и условий обслуживания инвалидов легковым транспортом (социальное такси)". С 2023 года в связи с отсутствием перевозчиков осуществляется переход на выплату компенсации расходов за пользование легковым такси. | O65: =IF('Data Import'!$BD$17<>"",'Data Import'!$BD$17,"") -> 20 | P65: =IF('Data Import'!$BD$18<>"",'Data Import'!$BD$18,"") -> 4 | Q65: =IF('Data Import'!$BD$19<>"",'Data Import'!$BD$19,"") -> 12 | R65: =IF('Data Import'!$BD$20<>"",'Data Import'!$BD$20,"") -> 11 | S65: =IF('Data Import'!$BD$21<>"",'Data Import'!$BD$21,"") -> 4439 | T65: =IF('Data Import'!$BD$22<>"",'Data Import'!$BD$22,"") -> 3705 | U65: =IF('Data Import'!$BD$23<>"",'Data Import'!$BD$23,"") -> 20 | V65: =IF('Data Import'!$BD$24<>"",'Data Import'!$BD$24,"") -> 18 | W65: =IF('Data Import'!$BD$25<>"",'Data Import'!$BD$25,"") -> 0 | X65: =IF('Data Import'!$BD$26<>"",'Data Import'!$BD$26,"") -> 0 | Y65: =IF('Data Import'!$BD$27<>"",'Data Import'!$BD$27,"") -> 2
A66: 54 | B66: Курганская область | C66: =IF('Data Import'!$BE$7="Нет","+","") | D66: =IF('Data Import'!$BE$7="Не требуется","+","") | E66: =IF('Data Import'!$BE$8="Нет","+","") -> + | F66: =IF('Data Import'!$BE$9="Нет","+","") | G66: =IF('Data Import'!$BE$10<>"",'Data Import'!$BE$10,"") | H66: =IF('Data Import'!$BE$11<>"",'Data Import'!$BE$11,"") | I66: =IF('Data Import'!$BE$12<>"",'Data Import'!$BE$12,"") | J66: =IF('Data Import'!$BE$13<>"",'Data Import'!$BE$13,"") | K66: =IF('Data Import'!$BE$14="Нет","+","") | L66: =IF('Data Import'!$BE$15<>"",'Data Import'!$BE$15,"") | M66: =IF('Data Import'!$BE$14="Да","+","") | N66: =IF('Data Import'!$BE$16<>"",'Data Import'!$BE$16,"") | O66: =IF('Data Import'!$BE$17<>"",'Data Import'!$BE$17,"") -> 26 | P66: =IF('Data Import'!$BE$18<>"",'Data Import'!$BE$18,"") -> 18 | Q66: =IF('Data Import'!$BE$19<>"",'Data Import'!$BE$19,"") -> 28 | R66: =IF('Data Import'!$BE$20<>"",'Data Import'!$BE$20,"") -> 28 | S66: =IF('Data Import'!$BE$21<>"",'Data Import'!$BE$21,"") -> 6245 | T66: =IF('Data Import'!$BE$22<>"",'Data Import'!$BE$22,"") -> 4995 | U66: =IF('Data Import'!$BE$23<>"",'Data Import'!$BE$23,"") | V66: =IF('Data Import'!$BE$24<>"",'Data Import'!$BE$24,"") | W66: =IF('Data Import'!$BE$25<>"",'Data Import'!$BE$25,"") | X66: =IF('Data Import'!$BE$26<>"",'Data Import'!$BE$26,"") | Y66: =IF('Data Import'!$BE$27<>"",'Data Import'!$BE$27,"")
A67: 55 | B67: Свердловская область | C67: =IF('Data Import'!$BF$7="Нет","+","") | D67: =IF('Data Import'!$BF$7="Не требуется","+","") | E67: =IF('Data Import'!$BF$8="Нет","+","") -> + | F67: =IF('Data Import'!$BF$9="Нет","+","") | G67: =IF('Data Import'!$BF$10<>"",'Data Import'!$BF$10,"") | H67: =IF('Data Import'!$BF$11<>"",'Data Import'!$BF$11,"") | I67: =IF('Data Import'!$BF$12<>"",'Data Import'!$BF$12,"") | J67: =IF('Data Import'!$BF$13<>"",'Data Import'!$BF$13,"") | K67: =IF('Data Import'!$BF$14="Нет","+","") | L67: =IF('Data Import'!$BF$15<>"",'Data Import'!$BF$15,"") | M67: =IF('Data Import'!$BF$14="Да","+","") | N67: =IF('Data Import'!$BF$16<>"",'Data Import'!$BF$16,"") -> постановление Правительства Свердловской области от 18.12.2014 № 1149-ПП «Об утверждении Порядка предоставления социальных услуг поставщиками социальных услуг в Свердловской области и признании утратившими силу отдельных постановлений Правительства Свердловской области», приказ Министерства социальной политики Свердловской области от 11.08.2015 № 482 «Об утверждении стандартов социальных услуг» | O67: =IF('Data Import'!$BF$17<>"",'Data Import'!$BF$17,"") -> 94 | P67: =IF('Data Import'!$BF$18<>"",'Data Import'!$BF$18,"") -> 19 | Q67: =IF('Data Import'!$BF$19<>"",'Data Import'!$BF$19,"") -> 45 | R67: =IF('Data Import'!$BF$20<>"",'Data Import'!$BF$20,"") -> 49 | S67: =IF('Data Import'!$BF$21<>"",'Data Import'!$BF$21,"") -> 20599 | T67: =IF('Data Import'!$BF$22<>"",'Data Import'!$BF$22,"") -> 19203 | U67: =IF('Data Import'!$BF$23<>"",'Data Import'!$BF$23,"") -> 36 | V67: =IF('Data Import'!$BF$24<>"",'Data Import'!$BF$24,"") -> 41 | W67: =IF('Data Import'!$BF$25<>"",'Data Import'!$BF$25,"") -> 16 | X67: =IF('Data Import'!$BF$26<>"",'Data Import'!$BF$26,"") -> 25 | Y67: =IF('Data Import'!$BF$27<>"",'Data Import'!$BF$27,"") -> 39
A68: 56 | B68: Тюменская область | C68: =IF('Data Import'!$BG$7="Нет","+","") | D68: =IF('Data Import'!$BG$7="Не требуется","+","") | E68: =IF('Data Import'!$BG$8="Нет","+","") | F68: =IF('Data Import'!$BG$9="Нет","+","") -> + | G68: =IF('Data Import'!$BG$10<>"",'Data Import'!$BG$10,"") | H68: =IF('Data Import'!$BG$11<>"",'Data Import'!$BG$11,"") | I68: =IF('Data Import'!$BG$12<>"",'Data Import'!$BG$12,"") | J68: =IF('Data Import'!$BG$13<>"",'Data Import'!$BG$13,"") | K68: =IF('Data Import'!$BG$14="Нет","+","") | L68: =IF('Data Import'!$BG$15<>"",'Data Import'!$BG$15,"") | M68: =IF('Data Import'!$BG$14="Да","+","") -> + | N68: =IF('Data Import'!$BG$16<>"",'Data Import'!$BG$16,"") -> Порядок и условия предоставления транспортных услуг Службами определены постановлением Правительства Тюменской области от 27.09.2011 №319-п «Об утверждении положения об организации деятельности служб транспортного обслуживания отдельных категорий граждан в Тюменской области» | O68: =IF('Data Import'!$BG$17<>"",'Data Import'!$BG$17,"") -> 26 | P68: =IF('Data Import'!$BG$18<>"",'Data Import'!$BG$18,"") -> 26 | Q68: =IF('Data Import'!$BG$19<>"",'Data Import'!$BG$19,"") -> 61 | R68: =IF('Data Import'!$BG$20<>"",'Data Import'!$BG$20,"") -> 58 | S68: =IF('Data Import'!$BG$21<>"",'Data Import'!$BG$21,"") -> 24898 | T68: =IF('Data Import'!$BG$22<>"",'Data Import'!$BG$22,"") -> 23681 | U68: =IF('Data Import'!$BG$23<>"",'Data Import'!$BG$23,"") -> 57 | V68: =IF('Data Import'!$BG$24<>"",'Data Import'!$BG$24,"") -> 58 | W68: =IF('Data Import'!$BG$25<>"",'Data Import'!$BG$25,"") -> 57 | X68: =IF('Data Import'!$BG$26<>"",'Data Import'!$BG$26,"") -> 58 | Y68: =IF('Data Import'!$BG$27<>"",'Data Import'!$BG$27,"") -> 58
A69: 57 | B69: Ханты-Мансийский автономный округ - Югра | C69: =IF('Data Import'!$BH$7="Нет","+","") | D69: =IF('Data Import'!$BH$7="Не требуется","+","") | E69: =IF('Data Import'!$BH$8="Нет","+","") | F69: =IF('Data Import'!$BH$9="Нет","+","") | G69: =IF('Data Import'!$BH$10<>"",'Data Import'!$BH$10,"") | H69: =IF('Data Import'!$BH$11<>"",'Data Import'!$BH$11,"") | I69: =IF('Data Import'!$BH$12<>"",'Data Import'!$BH$12,"") | J69: =IF('Data Import'!$BH$13<>"",'Data Import'!$BH$13,"") | K69: =IF('Data Import'!$BH$14="Нет","+","") | L69: =IF('Data Import'!$BH$15<>"",'Data Import'!$BH$15,"") | M69: =IF('Data Import'!$BH$14="Да","+","") | N69: =IF('Data Import'!$BH$16<>"",'Data Import'!$BH$16,"") | O69: =IF('Data Import'!$BH$17<>"",'Data Import'!$BH$17,"") | P69: =IF('Data Import'!$BH$18<>"",'Data Import'!$BH$18,"") | Q69: =IF('Data Import'!$BH$19<>"",'Data Import'!$BH$19,"") | R69: =IF('Data Import'!$BH$20<>"",'Data Import'!$BH$20,"") | S69: =IF('Data Import'!$BH$21<>"",'Data Import'!$BH$21,"") | T69: =IF('Data Import'!$BH$22<>"",'Data Import'!$BH$22,"") | U69: =IF('Data Import'!$BH$23<>"",'Data Import'!$BH$23,"") | V69: =IF('Data Import'!$BH$24<>"",'Data Import'!$BH$24,"") | W69: =IF('Data Import'!$BH$25<>"",'Data Import'!$BH$25,"") | X69: =IF('Data Import'!$BH$26<>"",'Data Import'!$BH$26,"") | Y69: =IF('Data Import'!$BH$27<>"",'Data Import'!$BH$27,"")
A70: 58 | B70: Челябинская область | C70: =IF('Data Import'!$BI$7="Нет","+","") | D70: =IF('Data Import'!$BI$7="Не требуется","+","") | E70: =IF('Data Import'!$BI$8="Нет","+","") | F70: =IF('Data Import'!$BI$9="Нет","+","") | G70: =IF('Data Import'!$BI$10<>"",'Data Import'!$BI$10,"") -> Количество учреждений социального обслуживания населения, предоставляющих услуги «социальное такси» | H70: =IF('Data Import'!$BI$11<>"",'Data Import'!$BI$11,"") -> ед. | I70: =IF('Data Import'!$BI$12<>"",'Data Import'!$BI$12,"") | J70: =IF('Data Import'!$BI$13<>"",'Data Import'!$BI$13,"") | K70: =IF('Data Import'!$BI$14="Нет","+","") | L70: =IF('Data Import'!$BI$15<>"",'Data Import'!$BI$15,"") | M70: =IF('Data Import'!$BI$14="Да","+","") -> + | N70: =IF('Data Import'!$BI$16<>"",'Data Import'!$BI$16,"") -> Услуга «Социального такси» предоставляется на территории 14 муниципальных образований Челябинской области на основании положений о деятельности службы «Социальные такси», утвержденных муниципальными актами. | O70: =IF('Data Import'!$BI$17<>"",'Data Import'!$BI$17,"") -> 43 | P70: =IF('Data Import'!$BI$18<>"",'Data Import'!$BI$18,"") -> 14 | Q70: =IF('Data Import'!$BI$19<>"",'Data Import'!$BI$19,"") -> 42 | R70: =IF('Data Import'!$BI$20<>"",'Data Import'!$BI$20,"") -> 42 | S70: =IF('Data Import'!$BI$21<>"",'Data Import'!$BI$21,"") -> 24777 | T70: =IF('Data Import'!$BI$22<>"",'Data Import'!$BI$22,"") -> 25186 | U70: =IF('Data Import'!$BI$23<>"",'Data Import'!$BI$23,"") -> 33 | V70: =IF('Data Import'!$BI$24<>"",'Data Import'!$BI$24,"") -> 36 | W70: =IF('Data Import'!$BI$25<>"",'Data Import'!$BI$25,"") -> 15 | X70: =IF('Data Import'!$BI$26<>"",'Data Import'!$BI$26,"") -> 19 | Y70: =IF('Data Import'!$BI$27<>"",'Data Import'!$BI$27,"") -> 5
A71: 59 | B71: Ямало-Ненецкий автономный округ | C71: =IF('Data Import'!$BJ$7="Нет","+","") | D71: =IF('Data Import'!$BJ$7="Не требуется","+","") | E71: =IF('Data Import'!$BJ$8="Нет","+","") -> + | F71: =IF('Data Import'!$BJ$9="Нет","+","") -> + | G71: =IF('Data Import'!$BJ$10<>"",'Data Import'!$BJ$10,"") | H71: =IF('Data Import'!$BJ$11<>"",'Data Import'!$BJ$11,"") | I71: =IF('Data Import'!$BJ$12<>"",'Data Import'!$BJ$12,"") | J71: =IF('Data Import'!$BJ$13<>"",'Data Import'!$BJ$13,"") | K71: =IF('Data Import'!$BJ$14="Нет","+","") | L71: =IF('Data Import'!$BJ$15<>"",'Data Import'!$BJ$15,"") | M71: =IF('Data Import'!$BJ$14="Да","+","") -> + | N71: =IF('Data Import'!$BJ$16<>"",'Data Import'!$BJ$16,"") -> постановление Правительства Ямало-Ненецкого автономного округа от 25 декабря 2014 года N 1087-П | O71: =IF('Data Import'!$BJ$17<>"",'Data Import'!$BJ$17,"") -> 12 | P71: =IF('Data Import'!$BJ$18<>"",'Data Import'!$BJ$18,"") -> 11 | Q71: =IF('Data Import'!$BJ$19<>"",'Data Import'!$BJ$19,"") -> 36 | R71: =IF('Data Import'!$BJ$20<>"",'Data Import'!$BJ$20,"") -> 45 | S71: =IF('Data Import'!$BJ$21<>"",'Data Import'!$BJ$21,"") -> 46886 | T71: =IF('Data Import'!$BJ$22<>"",'Data Import'!$BJ$22,"") -> 77728 | U71: =IF('Data Import'!$BJ$23<>"",'Data Import'!$BJ$23,"") -> 54 | V71: =IF('Data Import'!$BJ$24<>"",'Data Import'!$BJ$24,"") -> 39 | W71: =IF('Data Import'!$BJ$25<>"",'Data Import'!$BJ$25,"") -> 54 | X71: =IF('Data Import'!$BJ$26<>"",'Data Import'!$BJ$26,"") -> 39 | Y71: =IF('Data Import'!$BJ$27<>"",'Data Import'!$BJ$27,"") -> 0
A72: 60 | B72: Белгородская область | C72: =IF('Data Import'!$BK$7="Нет","+","") | D72: =IF('Data Import'!$BK$7="Не требуется","+","") | E72: =IF('Data Import'!$BK$8="Нет","+","") | F72: =IF('Data Import'!$BK$9="Нет","+","") -> + | G72: =IF('Data Import'!$BK$10<>"",'Data Import'!$BK$10,"") | H72: =IF('Data Import'!$BK$11<>"",'Data Import'!$BK$11,"") | I72: =IF('Data Import'!$BK$12<>"",'Data Import'!$BK$12,"") | J72: =IF('Data Import'!$BK$13<>"",'Data Import'!$BK$13,"") | K72: =IF('Data Import'!$BK$14="Нет","+","") | L72: =IF('Data Import'!$BK$15<>"",'Data Import'!$BK$15,"") | M72: =IF('Data Import'!$BK$14="Да","+","") -> + | N72: =IF('Data Import'!$BK$16<>"",'Data Import'!$BK$16,"") -> Приказ министерства социальной защиты населения и труда Белгородской области от 23 декабря 2024 года №432 "Об утверждении методических рекомендаций по предоставлению дополнительной социальной услуги "Социальное такси" организациями социального обслуживания системы социальной защиты населения Белгородской области" | O72: =IF('Data Import'!$BK$17<>"",'Data Import'!$BK$17,"") -> 22 | P72: =IF('Data Import'!$BK$18<>"",'Data Import'!$BK$18,"") -> 22 | Q72: =IF('Data Import'!$BK$19<>"",'Data Import'!$BK$19,"") -> 43 | R72: =IF('Data Import'!$BK$20<>"",'Data Import'!$BK$20,"") -> 39 | S72: =IF('Data Import'!$BK$21<>"",'Data Import'!$BK$21,"") -> 4469 | T72: =IF('Data Import'!$BK$22<>"",'Data Import'!$BK$22,"") -> 4803 | U72: =IF('Data Import'!$BK$23<>"",'Data Import'!$BK$23,"") -> 42 | V72: =IF('Data Import'!$BK$24<>"",'Data Import'!$BK$24,"") -> 39 | W72: =IF('Data Import'!$BK$25<>"",'Data Import'!$BK$25,"") -> 36 | X72: =IF('Data Import'!$BK$26<>"",'Data Import'!$BK$26,"") -> 34 | Y72: =IF('Data Import'!$BK$27<>"",'Data Import'!$BK$27,"") -> 37
A73: 61 | B73: Брянская область | C73: =IF('Data Import'!$BL$7="Нет","+","") | D73: =IF('Data Import'!$BL$7="Не требуется","+","") | E73: =IF('Data Import'!$BL$8="Нет","+","") -> + | F73: =IF('Data Import'!$BL$9="Нет","+","") | G73: =IF('Data Import'!$BL$10<>"",'Data Import'!$BL$10,"") | H73: =IF('Data Import'!$BL$11<>"",'Data Import'!$BL$11,"") | I73: =IF('Data Import'!$BL$12<>"",'Data Import'!$BL$12,"") | J73: =IF('Data Import'!$BL$13<>"",'Data Import'!$BL$13,"") | K73: =IF('Data Import'!$BL$14="Нет","+","") | L73: =IF('Data Import'!$BL$15<>"",'Data Import'!$BL$15,"") | M73: =IF('Data Import'!$BL$14="Да","+","") | N73: =IF('Data Import'!$BL$16<>"",'Data Import'!$BL$16,"") -> Постановление Брянской городской администрации №3184-п от 12.12.2013 "О специальном транспортном обслуживании отдельных категорий граждан в городе Брянске" | O73: =IF('Data Import'!$BL$17<>"",'Data Import'!$BL$17,"") -> 31 | P73: =IF('Data Import'!$BL$18<>"",'Data Import'!$BL$18,"") -> 1 | Q73: =IF('Data Import'!$BL$19<>"",'Data Import'!$BL$19,"") -> 4 | R73: =IF('Data Import'!$BL$20<>"",'Data Import'!$BL$20,"") -> 5 | S73: =IF('Data Import'!$BL$21<>"",'Data Import'!$BL$21,"") -> 2948 | T73: =IF('Data Import'!$BL$22<>"",'Data Import'!$BL$22,"") -> 3331 | U73: =IF('Data Import'!$BL$23<>"",'Data Import'!$BL$23,"") -> 6 | V73: =IF('Data Import'!$BL$24<>"",'Data Import'!$BL$24,"") -> 7 | W73: =IF('Data Import'!$BL$25<>"",'Data Import'!$BL$25,"") -> 1 | X73: =IF('Data Import'!$BL$26<>"",'Data Import'!$BL$26,"") -> 1 | Y73: =IF('Data Import'!$BL$27<>"",'Data Import'!$BL$27,"") -> 3
A74: 62 | B74: Владимирская область | C74: =IF('Data Import'!$BM$7="Нет","+","") | D74: =IF('Data Import'!$BM$7="Не требуется","+","") | E74: =IF('Data Import'!$BM$8="Нет","+","") | F74: =IF('Data Import'!$BM$9="Нет","+","") | G74: =IF('Data Import'!$BM$10<>"",'Data Import'!$BM$10,"") -> Правительством ВО и ОМСУ установлены правила предоставления лицам с инвалидностью услуг «социального такси», а также приняты меры по их реализации. | H74: =IF('Data Import'!$BM$11<>"",'Data Import'!$BM$11,"") -> ед. | I74: =IF('Data Import'!$BM$12<>"",'Data Import'!$BM$12,"") | J74: =IF('Data Import'!$BM$13<>"",'Data Import'!$BM$13,"") -> 549 | K74: =IF('Data Import'!$BM$14="Нет","+","") | L74: =IF('Data Import'!$BM$15<>"",'Data Import'!$BM$15,"") | M74: =IF('Data Import'!$BM$14="Да","+","") -> + | N74: =IF('Data Import'!$BM$16<>"",'Data Import'!$BM$16,"") -> Постановление Правительства Владимирской области от 21.11.2023 № 833 «Об утверждении порядка использования автотранспорта для доставки лиц в возрасте 65 лет и старше и инвалидов, проживающих в сельской местности, в медицинские организации и в организации социального обслуживания» Правительством ВО установлены правила предоставления лицам с инвалидностью услуг «социального такси», а также приняты меры по их реализации. | O74: =IF('Data Import'!$BM$17<>"",'Data Import'!$BM$17,"") -> 21 | P74: =IF('Data Import'!$BM$18<>"",'Data Import'!$BM$18,"") -> 6 | Q74: =IF('Data Import'!$BM$19<>"",'Data Import'!$BM$19,"") | R74: =IF('Data Import'!$BM$20<>"",'Data Import'!$BM$20,"") -> 2 | S74: =IF('Data Import'!$BM$21<>"",'Data Import'!$BM$21,"") | T74: =IF('Data Import'!$BM$22<>"",'Data Import'!$BM$22,"") -> 1 | U74: =IF('Data Import'!$BM$23<>"",'Data Import'!$BM$23,"") | V74: =IF('Data Import'!$BM$24<>"",'Data Import'!$BM$24,"") | W74: =IF('Data Import'!$BM$25<>"",'Data Import'!$BM$25,"") | X74: =IF('Data Import'!$BM$26<>"",'Data Import'!$BM$26,"") | Y74: =IF('Data Import'!$BM$27<>"",'Data Import'!$BM$27,"")
A75: 63 | B75: Воронежская область | C75: =IF('Data Import'!$BN$7="Нет","+","") | D75: =IF('Data Import'!$BN$7="Не требуется","+","") | E75: =IF('Data Import'!$BN$8="Нет","+","") -> + | F75: =IF('Data Import'!$BN$9="Нет","+","") | G75: =IF('Data Import'!$BN$10<>"",'Data Import'!$BN$10,"") | H75: =IF('Data Import'!$BN$11<>"",'Data Import'!$BN$11,"") | I75: =IF('Data Import'!$BN$12<>"",'Data Import'!$BN$12,"") | J75: =IF('Data Import'!$BN$13<>"",'Data Import'!$BN$13,"") | K75: =IF('Data Import'!$BN$14="Нет","+","") | L75: =IF('Data Import'!$BN$15<>"",'Data Import'!$BN$15,"") | M75: =IF('Data Import'!$BN$14="Да","+","") | N75: =IF('Data Import'!$BN$16<>"",'Data Import'!$BN$16,"") -> Положение о службе «Социальное такси», утвержденное директором КУВО «Управление социальной защиты населения», в котором создана данная служба Приказ КУ ВО «ВЦРИ» от 11.02.2022 №15\ОД, Положение о социальном такси КУ ВО «ВЦРИ» от 11.02.2022 г. | O75: =IF('Data Import'!$BN$17<>"",'Data Import'!$BN$17,"") -> 34 | P75: =IF('Data Import'!$BN$18<>"",'Data Import'!$BN$18,"") -> 1 | Q75: =IF('Data Import'!$BN$19<>"",'Data Import'!$BN$19,"") -> 4 | R75: =IF('Data Import'!$BN$20<>"",'Data Import'!$BN$20,"") -> 4 | S75: =IF('Data Import'!$BN$21<>"",'Data Import'!$BN$21,"") -> 154 | T75: =IF('Data Import'!$BN$22<>"",'Data Import'!$BN$22,"") -> 168 | U75: =IF('Data Import'!$BN$23<>"",'Data Import'!$BN$23,"") -> 4 | V75: =IF('Data Import'!$BN$24<>"",'Data Import'!$BN$24,"") -> 4 | W75: =IF('Data Import'!$BN$25<>"",'Data Import'!$BN$25,"") -> 4 | X75: =IF('Data Import'!$BN$26<>"",'Data Import'!$BN$26,"") -> 4 | Y75: =IF('Data Import'!$BN$27<>"",'Data Import'!$BN$27,"") -> 0
A76: 64 | B76: г. Москва | C76: =IF('Data Import'!$BO$7="Нет","+","") | D76: =IF('Data Import'!$BO$7="Не требуется","+","") | E76: =IF('Data Import'!$BO$8="Нет","+","") -> + | F76: =IF('Data Import'!$BO$9="Нет","+","") | G76: =IF('Data Import'!$BO$10<>"",'Data Import'!$BO$10,"") | H76: =IF('Data Import'!$BO$11<>"",'Data Import'!$BO$11,"") | I76: =IF('Data Import'!$BO$12<>"",'Data Import'!$BO$12,"") | J76: =IF('Data Import'!$BO$13<>"",'Data Import'!$BO$13,"") | K76: =IF('Data Import'!$BO$14="Нет","+","") | L76: =IF('Data Import'!$BO$15<>"",'Data Import'!$BO$15,"") | M76: =IF('Data Import'!$BO$14="Да","+","") | N76: =IF('Data Import'!$BO$16<>"",'Data Import'!$BO$16,"") -> Приказ ГУП "Мосгортранс" № 1264 от 28.11.2024 "Об утверждении Регламента оказания услуги "социальное такси" по перевозке маломобильной категории граждан (инвалидов) и многодетных семей, проживающих в малоэтажном жилищном фонде города Москвы, по индивидуальным и коллективным заявкам | O76: =IF('Data Import'!$BO$17<>"",'Data Import'!$BO$17,"") -> 1 | P76: =IF('Data Import'!$BO$18<>"",'Data Import'!$BO$18,"") -> 1 | Q76: =IF('Data Import'!$BO$19<>"",'Data Import'!$BO$19,"") -> 175 | R76: =IF('Data Import'!$BO$20<>"",'Data Import'!$BO$20,"") -> 175 | S76: =IF('Data Import'!$BO$21<>"",'Data Import'!$BO$21,"") -> 222775 | T76: =IF('Data Import'!$BO$22<>"",'Data Import'!$BO$22,"") -> 209066 | U76: =IF('Data Import'!$BO$23<>"",'Data Import'!$BO$23,"") -> 151 | V76: =IF('Data Import'!$BO$24<>"",'Data Import'!$BO$24,"") -> 155 | W76: =IF('Data Import'!$BO$25<>"",'Data Import'!$BO$25,"") -> 151 | X76: =IF('Data Import'!$BO$26<>"",'Data Import'!$BO$26,"") -> 155 | Y76: =IF('Data Import'!$BO$27<>"",'Data Import'!$BO$27,"") -> 0
A77: 65 | B77: Ивановская область | C77: =IF('Data Import'!$BP$7="Нет","+","") -> + | D77: =IF('Data Import'!$BP$7="Не требуется","+","") | E77: =IF('Data Import'!$BP$8="Нет","+","") | F77: =IF('Data Import'!$BP$9="Нет","+","") | G77: =IF('Data Import'!$BP$10<>"",'Data Import'!$BP$10,"") | H77: =IF('Data Import'!$BP$11<>"",'Data Import'!$BP$11,"") | I77: =IF('Data Import'!$BP$12<>"",'Data Import'!$BP$12,"") | J77: =IF('Data Import'!$BP$13<>"",'Data Import'!$BP$13,"") | K77: =IF('Data Import'!$BP$14="Нет","+","") | L77: =IF('Data Import'!$BP$15<>"",'Data Import'!$BP$15,"") | M77: =IF('Data Import'!$BP$14="Да","+","") | N77: =IF('Data Import'!$BP$16<>"",'Data Import'!$BP$16,"") | O77: =IF('Data Import'!$BP$17<>"",'Data Import'!$BP$17,"") | P77: =IF('Data Import'!$BP$18<>"",'Data Import'!$BP$18,"") | Q77: =IF('Data Import'!$BP$19<>"",'Data Import'!$BP$19,"") | R77: =IF('Data Import'!$BP$20<>"",'Data Import'!$BP$20,"") | S77: =IF('Data Import'!$BP$21<>"",'Data Import'!$BP$21,"") | T77: =IF('Data Import'!$BP$22<>"",'Data Import'!$BP$22,"") | U77: =IF('Data Import'!$BP$23<>"",'Data Import'!$BP$23,"") | V77: =IF('Data Import'!$BP$24<>"",'Data Import'!$BP$24,"") | W77: =IF('Data Import'!$BP$25<>"",'Data Import'!$BP$25,"") | X77: =IF('Data Import'!$BP$26<>"",'Data Import'!$BP$26,"") | Y77: =IF('Data Import'!$BP$27<>"",'Data Import'!$BP$27,"")
A78: 66 | B78: Калужская область | C78: =IF('Data Import'!$BQ$7="Нет","+","") | D78: =IF('Data Import'!$BQ$7="Не требуется","+","") | E78: =IF('Data Import'!$BQ$8="Нет","+","") | F78: =IF('Data Import'!$BQ$9="Нет","+","") | G78: =IF('Data Import'!$BQ$10<>"",'Data Import'!$BQ$10,"") -> Доля инвалидов и МГН, воспользовавшихся услугой службы «социальное такси» в общей численности людей этой категории, обратившихся за получением данной услуги в Калужской области | H78: =IF('Data Import'!$BQ$11<>"",'Data Import'!$BQ$11,"") -> % | I78: =IF('Data Import'!$BQ$12<>"",'Data Import'!$BQ$12,"") -> 100 | J78: =IF('Data Import'!$BQ$13<>"",'Data Import'!$BQ$13,"") -> 100 | K78: =IF('Data Import'!$BQ$14="Нет","+","") | L78: =IF('Data Import'!$BQ$15<>"",'Data Import'!$BQ$15,"") | M78: =IF('Data Import'!$BQ$14="Да","+","") -> + | N78: =IF('Data Import'!$BQ$16<>"",'Data Import'!$BQ$16,"") -> Условия и порядок предоставления транспортных услуг утверждены Положением о службе (отделении) «Социальное такси» организации социального обслуживания | O78: =IF('Data Import'!$BQ$17<>"",'Data Import'!$BQ$17,"") -> 26 | P78: =IF('Data Import'!$BQ$18<>"",'Data Import'!$BQ$18,"") -> 9 | Q78: =IF('Data Import'!$BQ$19<>"",'Data Import'!$BQ$19,"") -> 21 | R78: =IF('Data Import'!$BQ$20<>"",'Data Import'!$BQ$20,"") -> 21 | S78: =IF('Data Import'!$BQ$21<>"",'Data Import'!$BQ$21,"") -> 1810 | T78: =IF('Data Import'!$BQ$22<>"",'Data Import'!$BQ$22,"") -> 1709 | U78: =IF('Data Import'!$BQ$23<>"",'Data Import'!$BQ$23,"") -> 17 | V78: =IF('Data Import'!$BQ$24<>"",'Data Import'!$BQ$24,"") -> 15 | W78: =IF('Data Import'!$BQ$25<>"",'Data Import'!$BQ$25,"") -> 17 | X78: =IF('Data Import'!$BQ$26<>"",'Data Import'!$BQ$26,"") -> 12 | Y78: =IF('Data Import'!$BQ$27<>"",'Data Import'!$BQ$27,"") -> 3
A79: 67 | B79: Костромская область | C79: =IF('Data Import'!$BR$7="Нет","+","") | D79: =IF('Data Import'!$BR$7="Не требуется","+","") | E79: =IF('Data Import'!$BR$8="Нет","+","") -> + | F79: =IF('Data Import'!$BR$9="Нет","+","") -> + | G79: =IF('Data Import'!$BR$10<>"",'Data Import'!$BR$10,"") | H79: =IF('Data Import'!$BR$11<>"",'Data Import'!$BR$11,"") | I79: =IF('Data Import'!$BR$12<>"",'Data Import'!$BR$12,"") | J79: =IF('Data Import'!$BR$13<>"",'Data Import'!$BR$13,"") | K79: =IF('Data Import'!$BR$14="Нет","+","") | L79: =IF('Data Import'!$BR$15<>"",'Data Import'!$BR$15,"") | M79: =IF('Data Import'!$BR$14="Да","+","") -> + | N79: =IF('Data Import'!$BR$16<>"",'Data Import'!$BR$16,"") -> Приказ департамента по труду и социальной защиты населения Костромской области от 28.09.2025 № 2045 | O79: =IF('Data Import'!$BR$17<>"",'Data Import'!$BR$17,"") -> 29 | P79: =IF('Data Import'!$BR$18<>"",'Data Import'!$BR$18,"") -> 1 | Q79: =IF('Data Import'!$BR$19<>"",'Data Import'!$BR$19,"") -> 1 | R79: =IF('Data Import'!$BR$20<>"",'Data Import'!$BR$20,"") -> 1 | S79: =IF('Data Import'!$BR$21<>"",'Data Import'!$BR$21,"") -> 424 | T79: =IF('Data Import'!$BR$22<>"",'Data Import'!$BR$22,"") -> 541 | U79: =IF('Data Import'!$BR$23<>"",'Data Import'!$BR$23,"") -> 1 | V79: =IF('Data Import'!$BR$24<>"",'Data Import'!$BR$24,"") -> 1 | W79: =IF('Data Import'!$BR$25<>"",'Data Import'!$BR$25,"") -> 1 | X79: =IF('Data Import'!$BR$26<>"",'Data Import'!$BR$26,"") -> 1 | Y79: =IF('Data Import'!$BR$27<>"",'Data Import'!$BR$27,"") -> 0
A80: 68 | B80: Курская область | C80: =IF('Data Import'!$BS$7="Нет","+","") | D80: =IF('Data Import'!$BS$7="Не требуется","+","") | E80: =IF('Data Import'!$BS$8="Нет","+","") | F80: =IF('Data Import'!$BS$9="Нет","+","") -> + | G80: =IF('Data Import'!$BS$10<>"",'Data Import'!$BS$10,"") | H80: =IF('Data Import'!$BS$11<>"",'Data Import'!$BS$11,"") | I80: =IF('Data Import'!$BS$12<>"",'Data Import'!$BS$12,"") | J80: =IF('Data Import'!$BS$13<>"",'Data Import'!$BS$13,"") | K80: =IF('Data Import'!$BS$14="Нет","+","") | L80: =IF('Data Import'!$BS$15<>"",'Data Import'!$BS$15,"") | M80: =IF('Data Import'!$BS$14="Да","+","") -> + | N80: =IF('Data Import'!$BS$16<>"",'Data Import'!$BS$16,"") -> Данная услуга регламентирована локальными нормативными актами центров социального обслуживания населения Курской области. | O80: =IF('Data Import'!$BS$17<>"",'Data Import'!$BS$17,"") -> 33 | P80: =IF('Data Import'!$BS$18<>"",'Data Import'!$BS$18,"") -> 16 | Q80: =IF('Data Import'!$BS$19<>"",'Data Import'!$BS$19,"") -> 30 | R80: =IF('Data Import'!$BS$20<>"",'Data Import'!$BS$20,"") -> 29 | S80: =IF('Data Import'!$BS$21<>"",'Data Import'!$BS$21,"") -> 1194 | T80: =IF('Data Import'!$BS$22<>"",'Data Import'!$BS$22,"") -> 1149 | U80: =IF('Data Import'!$BS$23<>"",'Data Import'!$BS$23,"") -> 30 | V80: =IF('Data Import'!$BS$24<>"",'Data Import'!$BS$24,"") -> 28 | W80: =IF('Data Import'!$BS$25<>"",'Data Import'!$BS$25,"") -> 8 | X80: =IF('Data Import'!$BS$26<>"",'Data Import'!$BS$26,"") -> 8 | Y80: =IF('Data Import'!$BS$27<>"",'Data Import'!$BS$27,"") -> 14
A81: 69 | B81: Липецкая область | C81: =IF('Data Import'!$BT$7="Нет","+","") | D81: =IF('Data Import'!$BT$7="Не требуется","+","") | E81: =IF('Data Import'!$BT$8="Нет","+","") | F81: =IF('Data Import'!$BT$9="Нет","+","") | G81: =IF('Data Import'!$BT$10<>"",'Data Import'!$BT$10,"") -> Количество маломобильных инвалидов, получивших транспортные услуги, в том числе на транспортных средствах с подъемными устройствами в рамках оказания дополнительных социальных услуг | H81: =IF('Data Import'!$BT$11<>"",'Data Import'!$BT$11,"") -> чел. | I81: =IF('Data Import'!$BT$12<>"",'Data Import'!$BT$12,"") -> 280 | J81: =IF('Data Import'!$BT$13<>"",'Data Import'!$BT$13,"") -> 285 | K81: =IF('Data Import'!$BT$14="Нет","+","") | L81: =IF('Data Import'!$BT$15<>"",'Data Import'!$BT$15,"") | M81: =IF('Data Import'!$BT$14="Да","+","") -> + | N81: =IF('Data Import'!$BT$16<>"",'Data Import'!$BT$16,"") -> Приказ Управления социальной политики Липецкой области "Об утверждении примерного перечня дополнительных социальных услуг, оказываемых ОБУ "ЦСЗН" от 26.03.2021 г. № 348-П, Приказ ОБУ «ЦСЗН Липецкой области» №230-од 28.01.2025г.»Об утверждении тарифов на дополнительные социальные услуги на 2025 год», Приказ ОБУ «ЦСЗН Липецкой области» №1887-од от 15.07.2025 «О внесении изменений в приказ от 28.01.2025 №230-од «Об утверждении тарифов на дополнительные социальные услуги на 2025 год | O81: =IF('Data Import'!$BT$17<>"",'Data Import'!$BT$17,"") -> 20 | P81: =IF('Data Import'!$BT$18<>"",'Data Import'!$BT$18,"") -> 20 | Q81: =IF('Data Import'!$BT$19<>"",'Data Import'!$BT$19,"") -> 95 | R81: =IF('Data Import'!$BT$20<>"",'Data Import'!$BT$20,"") -> 59 | S81: =IF('Data Import'!$BT$21<>"",'Data Import'!$BT$21,"") -> 9021 | T81: =IF('Data Import'!$BT$22<>"",'Data Import'!$BT$22,"") -> 9211 | U81: =IF('Data Import'!$BT$23<>"",'Data Import'!$BT$23,"") -> 83 | V81: =IF('Data Import'!$BT$24<>"",'Data Import'!$BT$24,"") -> 59 | W81: =IF('Data Import'!$BT$25<>"",'Data Import'!$BT$25,"") -> 24 | X81: =IF('Data Import'!$BT$26<>"",'Data Import'!$BT$26,"") -> 14 | Y81: =IF('Data Import'!$BT$27<>"",'Data Import'!$BT$27,"") -> 23
A82: 70 | B82: Московская область | C82: =IF('Data Import'!$BU$7="Нет","+","") | D82: =IF('Data Import'!$BU$7="Не требуется","+","") | E82: =IF('Data Import'!$BU$8="Нет","+","") | F82: =IF('Data Import'!$BU$9="Нет","+","") -> + | G82: =IF('Data Import'!$BU$10<>"",'Data Import'!$BU$10,"") | H82: =IF('Data Import'!$BU$11<>"",'Data Import'!$BU$11,"") | I82: =IF('Data Import'!$BU$12<>"",'Data Import'!$BU$12,"") | J82: =IF('Data Import'!$BU$13<>"",'Data Import'!$BU$13,"") | K82: =IF('Data Import'!$BU$14="Нет","+","") | L82: =IF('Data Import'!$BU$15<>"",'Data Import'!$BU$15,"") | M82: =IF('Data Import'!$BU$14="Да","+","") -> + | N82: =IF('Data Import'!$BU$16<>"",'Data Import'!$BU$16,"") -> Закон Московской области от 04.12.2014 № 162/2014-ОЗ «О некоторых вопросах организации социального обслуживания в Московской области» | O82: =IF('Data Import'!$BU$17<>"",'Data Import'!$BU$17,"") -> 56 | P82: =IF('Data Import'!$BU$18<>"",'Data Import'!$BU$18,"") -> 49 | Q82: =IF('Data Import'!$BU$19<>"",'Data Import'!$BU$19,"") -> 72 | R82: =IF('Data Import'!$BU$20<>"",'Data Import'!$BU$20,"") -> 68 | S82: =IF('Data Import'!$BU$21<>"",'Data Import'!$BU$21,"") -> 2115 | T82: =IF('Data Import'!$BU$22<>"",'Data Import'!$BU$22,"") -> 2061 | U82: =IF('Data Import'!$BU$23<>"",'Data Import'!$BU$23,"") -> 72 | V82: =IF('Data Import'!$BU$24<>"",'Data Import'!$BU$24,"") -> 68 | W82: =IF('Data Import'!$BU$25<>"",'Data Import'!$BU$25,"") -> 0 | X82: =IF('Data Import'!$BU$26<>"",'Data Import'!$BU$26,"") -> 0 | Y82: =IF('Data Import'!$BU$27<>"",'Data Import'!$BU$27,"") -> 68
A83: 71 | B83: Орловская область | C83: =IF('Data Import'!$BV$7="Нет","+","") -> + | D83: =IF('Data Import'!$BV$7="Не требуется","+","") | E83: =IF('Data Import'!$BV$8="Нет","+","") | F83: =IF('Data Import'!$BV$9="Нет","+","") | G83: =IF('Data Import'!$BV$10<>"",'Data Import'!$BV$10,"") | H83: =IF('Data Import'!$BV$11<>"",'Data Import'!$BV$11,"") | I83: =IF('Data Import'!$BV$12<>"",'Data Import'!$BV$12,"") | J83: =IF('Data Import'!$BV$13<>"",'Data Import'!$BV$13,"") | K83: =IF('Data Import'!$BV$14="Нет","+","") | L83: =IF('Data Import'!$BV$15<>"",'Data Import'!$BV$15,"") | M83: =IF('Data Import'!$BV$14="Да","+","") | N83: =IF('Data Import'!$BV$16<>"",'Data Import'!$BV$16,"") | O83: =IF('Data Import'!$BV$17<>"",'Data Import'!$BV$17,"") | P83: =IF('Data Import'!$BV$18<>"",'Data Import'!$BV$18,"") | Q83: =IF('Data Import'!$BV$19<>"",'Data Import'!$BV$19,"") | R83: =IF('Data Import'!$BV$20<>"",'Data Import'!$BV$20,"") | S83: =IF('Data Import'!$BV$21<>"",'Data Import'!$BV$21,"") | T83: =IF('Data Import'!$BV$22<>"",'Data Import'!$BV$22,"") | U83: =IF('Data Import'!$BV$23<>"",'Data Import'!$BV$23,"") | V83: =IF('Data Import'!$BV$24<>"",'Data Import'!$BV$24,"") | W83: =IF('Data Import'!$BV$25<>"",'Data Import'!$BV$25,"") | X83: =IF('Data Import'!$BV$26<>"",'Data Import'!$BV$26,"") | Y83: =IF('Data Import'!$BV$27<>"",'Data Import'!$BV$27,"")
A84: 72 | B84: Рязанская область | C84: =IF('Data Import'!$BW$7="Нет","+","") | D84: =IF('Data Import'!$BW$7="Не требуется","+","") | E84: =IF('Data Import'!$BW$8="Нет","+","") -> + | F84: =IF('Data Import'!$BW$9="Нет","+","") | G84: =IF('Data Import'!$BW$10<>"",'Data Import'!$BW$10,"") | H84: =IF('Data Import'!$BW$11<>"",'Data Import'!$BW$11,"") | I84: =IF('Data Import'!$BW$12<>"",'Data Import'!$BW$12,"") | J84: =IF('Data Import'!$BW$13<>"",'Data Import'!$BW$13,"") | K84: =IF('Data Import'!$BW$14="Нет","+","") | L84: =IF('Data Import'!$BW$15<>"",'Data Import'!$BW$15,"") | M84: =IF('Data Import'!$BW$14="Да","+","") | N84: =IF('Data Import'!$BW$16<>"",'Data Import'!$BW$16,"") -> Приказ министерства труда и социальной защиты населения Рязанской области от 30.08.2023 № 553 "О службе "Социальное такси". | O84: =IF('Data Import'!$BW$17<>"",'Data Import'!$BW$17,"") -> 28 | P84: =IF('Data Import'!$BW$18<>"",'Data Import'!$BW$18,"") -> 4 | Q84: =IF('Data Import'!$BW$19<>"",'Data Import'!$BW$19,"") -> 7 | R84: =IF('Data Import'!$BW$20<>"",'Data Import'!$BW$20,"") -> 7 | S84: =IF('Data Import'!$BW$21<>"",'Data Import'!$BW$21,"") -> 40 | T84: =IF('Data Import'!$BW$22<>"",'Data Import'!$BW$22,"") -> 181 | U84: =IF('Data Import'!$BW$23<>"",'Data Import'!$BW$23,"") -> 8 | V84: =IF('Data Import'!$BW$24<>"",'Data Import'!$BW$24,"") -> 7 | W84: =IF('Data Import'!$BW$25<>"",'Data Import'!$BW$25,"") -> 6 | X84: =IF('Data Import'!$BW$26<>"",'Data Import'!$BW$26,"") -> 7 | Y84: =IF('Data Import'!$BW$27<>"",'Data Import'!$BW$27,"") -> 0
A85: 73 | B85: Смоленская область | C85: =IF('Data Import'!$BX$7="Нет","+","") | D85: =IF('Data Import'!$BX$7="Не требуется","+","") | E85: =IF('Data Import'!$BX$8="Нет","+","") | F85: =IF('Data Import'!$BX$9="Нет","+","") | G85: =IF('Data Import'!$BX$10<>"",'Data Import'!$BX$10,"") | H85: =IF('Data Import'!$BX$11<>"",'Data Import'!$BX$11,"") | I85: =IF('Data Import'!$BX$12<>"",'Data Import'!$BX$12,"") | J85: =IF('Data Import'!$BX$13<>"",'Data Import'!$BX$13,"") | K85: =IF('Data Import'!$BX$14="Нет","+","") | L85: =IF('Data Import'!$BX$15<>"",'Data Import'!$BX$15,"") | M85: =IF('Data Import'!$BX$14="Да","+","") | N85: =IF('Data Import'!$BX$16<>"",'Data Import'!$BX$16,"") | O85: =IF('Data Import'!$BX$17<>"",'Data Import'!$BX$17,"") | P85: =IF('Data Import'!$BX$18<>"",'Data Import'!$BX$18,"") | Q85: =IF('Data Import'!$BX$19<>"",'Data Import'!$BX$19,"") | R85: =IF('Data Import'!$BX$20<>"",'Data Import'!$BX$20,"") | S85: =IF('Data Import'!$BX$21<>"",'Data Import'!$BX$21,"") | T85: =IF('Data Import'!$BX$22<>"",'Data Import'!$BX$22,"") | U85: =IF('Data Import'!$BX$23<>"",'Data Import'!$BX$23,"") | V85: =IF('Data Import'!$BX$24<>"",'Data Import'!$BX$24,"") | W85: =IF('Data Import'!$BX$25<>"",'Data Import'!$BX$25,"") | X85: =IF('Data Import'!$BX$26<>"",'Data Import'!$BX$26,"") | Y85: =IF('Data Import'!$BX$27<>"",'Data Import'!$BX$27,"")
A86: 74 | B86: Тамбовская область | C86: =IF('Data Import'!$BY$7="Нет","+","") | D86: =IF('Data Import'!$BY$7="Не требуется","+","") | E86: =IF('Data Import'!$BY$8="Нет","+","") | F86: =IF('Data Import'!$BY$9="Нет","+","") -> + | G86: =IF('Data Import'!$BY$10<>"",'Data Import'!$BY$10,"") | H86: =IF('Data Import'!$BY$11<>"",'Data Import'!$BY$11,"") | I86: =IF('Data Import'!$BY$12<>"",'Data Import'!$BY$12,"") | J86: =IF('Data Import'!$BY$13<>"",'Data Import'!$BY$13,"") | K86: =IF('Data Import'!$BY$14="Нет","+","") | L86: =IF('Data Import'!$BY$15<>"",'Data Import'!$BY$15,"") | M86: =IF('Data Import'!$BY$14="Да","+","") -> + | N86: =IF('Data Import'!$BY$16<>"",'Data Import'!$BY$16,"") -> Приказ министерства социальной защиты и семейной политики Тамбовской области от 02.07.2025 № 1132-ф «Об утверждении порядка предоставления услуги «Социальное такси» | O86: =IF('Data Import'!$BY$17<>"",'Data Import'!$BY$17,"") -> 30 | P86: =IF('Data Import'!$BY$18<>"",'Data Import'!$BY$18,"") -> 29 | Q86: =IF('Data Import'!$BY$19<>"",'Data Import'!$BY$19,"") -> 6 | R86: =IF('Data Import'!$BY$20<>"",'Data Import'!$BY$20,"") -> 9 | S86: =IF('Data Import'!$BY$21<>"",'Data Import'!$BY$21,"") -> 1257 | T86: =IF('Data Import'!$BY$22<>"",'Data Import'!$BY$22,"") -> 1006 | U86: =IF('Data Import'!$BY$23<>"",'Data Import'!$BY$23,"") -> 6 | V86: =IF('Data Import'!$BY$24<>"",'Data Import'!$BY$24,"") -> 9 | W86: =IF('Data Import'!$BY$25<>"",'Data Import'!$BY$25,"") -> 6 | X86: =IF('Data Import'!$BY$26<>"",'Data Import'!$BY$26,"") -> 9 | Y86: =IF('Data Import'!$BY$27<>"",'Data Import'!$BY$27,"") -> 0
A87: 75 | B87: Тверская область | C87: =IF('Data Import'!$BZ$7="Нет","+","") | D87: =IF('Data Import'!$BZ$7="Не требуется","+","") | E87: =IF('Data Import'!$BZ$8="Нет","+","") | F87: =IF('Data Import'!$BZ$9="Нет","+","") | G87: =IF('Data Import'!$BZ$10<>"",'Data Import'!$BZ$10,"") | H87: =IF('Data Import'!$BZ$11<>"",'Data Import'!$BZ$11,"") | I87: =IF('Data Import'!$BZ$12<>"",'Data Import'!$BZ$12,"") | J87: =IF('Data Import'!$BZ$13<>"",'Data Import'!$BZ$13,"") | K87: =IF('Data Import'!$BZ$14="Нет","+","") | L87: =IF('Data Import'!$BZ$15<>"",'Data Import'!$BZ$15,"") | M87: =IF('Data Import'!$BZ$14="Да","+","") | N87: =IF('Data Import'!$BZ$16<>"",'Data Import'!$BZ$16,"") | O87: =IF('Data Import'!$BZ$17<>"",'Data Import'!$BZ$17,"") | P87: =IF('Data Import'!$BZ$18<>"",'Data Import'!$BZ$18,"") | Q87: =IF('Data Import'!$BZ$19<>"",'Data Import'!$BZ$19,"") | R87: =IF('Data Import'!$BZ$20<>"",'Data Import'!$BZ$20,"") | S87: =IF('Data Import'!$BZ$21<>"",'Data Import'!$BZ$21,"") | T87: =IF('Data Import'!$BZ$22<>"",'Data Import'!$BZ$22,"") | U87: =IF('Data Import'!$BZ$23<>"",'Data Import'!$BZ$23,"") | V87: =IF('Data Import'!$BZ$24<>"",'Data Import'!$BZ$24,"") | W87: =IF('Data Import'!$BZ$25<>"",'Data Import'!$BZ$25,"") | X87: =IF('Data Import'!$BZ$26<>"",'Data Import'!$BZ$26,"") | Y87: =IF('Data Import'!$BZ$27<>"",'Data Import'!$BZ$27,"")
A88: 76 | B88: Тульская область | C88: =IF('Data Import'!$CA$7="Нет","+","") | D88: =IF('Data Import'!$CA$7="Не требуется","+","") | E88: =IF('Data Import'!$CA$8="Нет","+","") | F88: =IF('Data Import'!$CA$9="Нет","+","") -> + | G88: =IF('Data Import'!$CA$10<>"",'Data Import'!$CA$10,"") | H88: =IF('Data Import'!$CA$11<>"",'Data Import'!$CA$11,"") | I88: =IF('Data Import'!$CA$12<>"",'Data Import'!$CA$12,"") | J88: =IF('Data Import'!$CA$13<>"",'Data Import'!$CA$13,"") | K88: =IF('Data Import'!$CA$14="Нет","+","") | L88: =IF('Data Import'!$CA$15<>"",'Data Import'!$CA$15,"") | M88: =IF('Data Import'!$CA$14="Да","+","") -> + | N88: =IF('Data Import'!$CA$16<>"",'Data Import'!$CA$16,"") -> Приказ министерства здравоохранения Тульской области, министерства труда и социальной защиты Тульской области от 24.11.2025 № 1156-осн/679-осн "Об утверждении Порядка предоставления дополнительной меры социальной поддержки отдельным категориям граждан специального транспортного обслуживания (предоставление услуг социального такси) Приказ Министерства здравоохранения Тульской области и Министерства труда и социальной защиты Тульской области от 24 ноября 2025 года №1156-осн/679-осн «Об утверждении Порядка предоставления дополнительной меры социальной поддержки отдельным категориям граждан специального транспортного обслуживания. ПОСТАНОВЛЕНИЕ ПРАВИТЕЛЬСТВА ТУЛЬСКОЙ ОБЛАСТИ от 18.06.2025 № 355 «Об установлении дополнительной меры социальной поддержки отдельных категорий граждан в виде специального транспортного обслуживания (предоставление услуг социального такси)» | O88: =IF('Data Import'!$CA$17<>"",'Data Import'!$CA$17,"") -> 26 | P88: =IF('Data Import'!$CA$18<>"",'Data Import'!$CA$18,"") -> 26 | Q88: =IF('Data Import'!$CA$19<>"",'Data Import'!$CA$19,"") -> 66 | R88: =IF('Data Import'!$CA$20<>"",'Data Import'!$CA$20,"") -> 56 | S88: =IF('Data Import'!$CA$21<>"",'Data Import'!$CA$21,"") -> 15939 | T88: =IF('Data Import'!$CA$22<>"",'Data Import'!$CA$22,"") -> 9958 | U88: =IF('Data Import'!$CA$23<>"",'Data Import'!$CA$23,"") -> 52 | V88: =IF('Data Import'!$CA$24<>"",'Data Import'!$CA$24,"") -> 56 | W88: =IF('Data Import'!$CA$25<>"",'Data Import'!$CA$25,"") -> 7 | X88: =IF('Data Import'!$CA$26<>"",'Data Import'!$CA$26,"") -> 0 | Y88: =IF('Data Import'!$CA$27<>"",'Data Import'!$CA$27,"") -> 0
A89: 77 | B89: Ярославская область | C89: =IF('Data Import'!$CB$7="Нет","+","") | D89: =IF('Data Import'!$CB$7="Не требуется","+","") | E89: =IF('Data Import'!$CB$8="Нет","+","") | F89: =IF('Data Import'!$CB$9="Нет","+","") | G89: =IF('Data Import'!$CB$10<>"",'Data Import'!$CB$10,"") -> Количество получателей социальных услуг | H89: =IF('Data Import'!$CB$11<>"",'Data Import'!$CB$11,"") -> чел. | I89: =IF('Data Import'!$CB$12<>"",'Data Import'!$CB$12,"") | J89: =IF('Data Import'!$CB$13<>"",'Data Import'!$CB$13,"") | K89: =IF('Data Import'!$CB$14="Нет","+","") | L89: =IF('Data Import'!$CB$15<>"",'Data Import'!$CB$15,"") | M89: =IF('Data Import'!$CB$14="Да","+","") -> + | N89: =IF('Data Import'!$CB$16<>"",'Data Import'!$CB$16,"") -> "Приказ департамента труда и социальной поддержки населения Ярославской области от 17.02.2014 № 8-14 «Об утверждении базовых требований к качеству предоставления иных срочных социальных услуг в рамках государственной услуги «Предоставление социального обслуживания в полустационарной форме» " | O89: =IF('Data Import'!$CB$17<>"",'Data Import'!$CB$17,"") -> 20 | P89: =IF('Data Import'!$CB$18<>"",'Data Import'!$CB$18,"") -> 1 | Q89: =IF('Data Import'!$CB$19<>"",'Data Import'!$CB$19,"") -> 24 | R89: =IF('Data Import'!$CB$20<>"",'Data Import'!$CB$20,"") -> 29 | S89: =IF('Data Import'!$CB$21<>"",'Data Import'!$CB$21,"") -> 24608 | T89: =IF('Data Import'!$CB$22<>"",'Data Import'!$CB$22,"") -> 24700 | U89: =IF('Data Import'!$CB$23<>"",'Data Import'!$CB$23,"") -> 24 | V89: =IF('Data Import'!$CB$24<>"",'Data Import'!$CB$24,"") -> 29 | W89: =IF('Data Import'!$CB$25<>"",'Data Import'!$CB$25,"") -> 24 | X89: =IF('Data Import'!$CB$26<>"",'Data Import'!$CB$26,"") -> 29 | Y89: =IF('Data Import'!$CB$27<>"",'Data Import'!$CB$27,"") -> 29
A90: 78 | B90: Астраханская область | C90: =IF('Data Import'!$CC$7="Нет","+","") | D90: =IF('Data Import'!$CC$7="Не требуется","+","") | E90: =IF('Data Import'!$CC$8="Нет","+","") | F90: =IF('Data Import'!$CC$9="Нет","+","") | G90: =IF('Data Import'!$CC$10<>"",'Data Import'!$CC$10,"") -> Создание и развитие служб «социального такси» во всех субъектах Российской Федерации | H90: =IF('Data Import'!$CC$11<>"",'Data Import'!$CC$11,"") -> % | I90: =IF('Data Import'!$CC$12<>"",'Data Import'!$CC$12,"") -> 25 | J90: =IF('Data Import'!$CC$13<>"",'Data Import'!$CC$13,"") -> 27 | K90: =IF('Data Import'!$CC$14="Нет","+","") | L90: =IF('Data Import'!$CC$15<>"",'Data Import'!$CC$15,"") | M90: =IF('Data Import'!$CC$14="Да","+","") -> + | N90: =IF('Data Import'!$CC$16<>"",'Data Import'!$CC$16,"") -> постановление Правительства Астраханской области от 10.05.2007 № 170-П «О дополнительном перечне реабилитационных мероприятий, технических средств реабилитации и услуг, предоставляемых инвалидам бесплатно за счет средств бюджета Астраханской области»; постановление министерства социального развития и труда Астраханской области от 09.07.2012 № 41 «Об утверждении Порядка предоставления инвалидам услуги «Социальное такси» | O90: =IF('Data Import'!$CC$17<>"",'Data Import'!$CC$17,"") -> 13 | P90: =IF('Data Import'!$CC$18<>"",'Data Import'!$CC$18,"") -> 1 | Q90: =IF('Data Import'!$CC$19<>"",'Data Import'!$CC$19,"") -> 2 | R90: =IF('Data Import'!$CC$20<>"",'Data Import'!$CC$20,"") -> 2 | S90: =IF('Data Import'!$CC$21<>"",'Data Import'!$CC$21,"") -> 640 | T90: =IF('Data Import'!$CC$22<>"",'Data Import'!$CC$22,"") -> 569 | U90: =IF('Data Import'!$CC$23<>"",'Data Import'!$CC$23,"") -> 2 | V90: =IF('Data Import'!$CC$24<>"",'Data Import'!$CC$24,"") -> 2 | W90: =IF('Data Import'!$CC$25<>"",'Data Import'!$CC$25,"") -> 2 | X90: =IF('Data Import'!$CC$26<>"",'Data Import'!$CC$26,"") -> 2 | Y90: =IF('Data Import'!$CC$27<>"",'Data Import'!$CC$27,"") -> 0
